Workbook
Name a: #REF!
Name b: #REF!
Name otra: #REF!
Name SprkR57C81: 'IMS4'!#REF!

Sheet Caratula
A8: INFORMACION MONETARIA SEMANAL

Sheet Presentación

Sheet Índice
C2: REPORTE MONETARIO SEMANAL No. 954
C3: 16 de mayo de 2025
C5: 1 | D5: Principales Indicadores Monetarios
C6: 1.1 | D6: Oferta Monetaria (M1) y Liquidez Total (M2)
C7: 2 | D7: Reservas Internacionales
C8: 3 | D8: Panorama del Banco Central del Ecuador
C9: 4 | D9: Balance Sectorial Banco Central del Ecuador
C10: 5 | D10: Sistema de balances
C11: 6 | D11: Panorama Otras Sociedades de Depósito (OSD)
C12: 7 | D12: Balance Sectorial Otras Sociedades de Depósito (OSD)
C13: 8 | D13: Panorama Monetario (PM)
C14: 9 | D14: Panorama Otras Sociedades Financieras (OSF)
C15: 10 | D15: Panorama Financiero (PF)
C16: 11 | D16: Memo Ítem: Panorama Bancos Privados
C17: 12 | D17: Balance Sectorial Bancos Privados
C18: 13 | D18: Captaciones del Sistema Financiero - por entidad financiera -
C19: 14 | D19: Crédito al Sector Privado - por entidad financiera -
D21: Links de interés:
D22: BOLETÍN DE TASAS DE INTERÉS
D23: Consultas y sugerencias: pub.econ@bce.ec
C26: Nota: La Junta de Política de Regulación Monetaria y Financiera, debido a la emergencia sanitaria que vive el país, comunicó a la Superintendencia de Bancos mediante oficio Nro.JPRMF-2020-0106-O de 23 de marzo de 2020, y a la Superintendencia de Economía Popular y Solidaria mediante Oficio Nro.JPRMF-2020-0105-O de 22 de marzo de 2020, el cambio en la normativa de gestión de riesgo que afecta a las estructuras de información de los depósitos, y cartera, entre otras variables, que el BCE recibe de las entidades financieras de manera sectorizada. En este contexto, cada entidad supervisora prorrogó la entrega de requerimientos de información, por lo cual, el Banco Central del Ecuador publicará información del sistema financiero tan pronto cuente con las estructuras de banca privada, economía popular y solidaria, y banca pública. Debido a revisiones metodológicas, se realizaron reprocesos en las cifras del Banco Central del Ecuador (BCE), a partir del 09 de agosto de 2016, dado que existieron valores registrados en la cuenta de Obligaciones con el Fondo Monetario Internacional (FMI) que deben registrarse en la cuenta de Endeudamiento Externo. El 13 de mayo de 2015, se crea BanEcuador mediante Decreto Ejecutivo 667-2015. El 11 de marzo de 2016, se emite el Decreto Ejecutivo 952-2016, donde se establece la forma y plazo de transferencia de los activos, pasivos y patrimonio de BNF a BanEcuador. A partir del 9 de mayo de 2016 BanEcuador inicia sus actividades. . Mediante Resoluciones 043-2015-F de 5 de marzo de 2015 y 059-2015-F de 16 de abril de 2015, la Junta de Política y Regulación Monetaria y Financiera expidió las normas que regulan la segmentación de la cartera de crédito de las entidades del Sistema Financiero Nacional. El envío de información al Banco Central del Ecuador por parte de las entidades financieras, se encuentra en un período de adaptación. Bajo esta consideración, se dispone de información consolidada de OSD y OSF a partir de agosto de 2015; la misma que es provisional y sujeta a revisión. A partir de octubre de 2014, se registran operaciones de dinero electrónico. El cuadro Resumen del Sistema de Balances del Banco Central del Ecuador fue publicado hasta el Boletín 399 de 26 de septiembre de 2014, en cumplimiento a lo dispuesto en el Código Orgánico Monetario y Financiero (Registro Oficial 332 de 12 de septiembre de 2014). De conformidad al Artículo 137 del Código Orgánico Monetario y Financiero, la Reserva Internacional de Libre Disponibilidad (RILD), pasa a denominarse Reservas Internacionales (RI). La Junta de Política y Regulación Monetaria y Financiera (JPRMF) mediante la Codificación de Resoluciones Monetarias, Financieras, de Valores y Seguros que incluye la Resolución No.603-2020-F, de 22 de septiembre de 2020 que expidió las Normas que regulan la segmentación de la cartera de crédito de las entidades del Sistema Financiero Nacional (SFN), la misma que entrara en vigencia a partir del 1 de mayo de 2021. Las cifras presentadas son provisionales, su reproceso se realizará conforme a la recepción de la información enviada por las entidades del sistema financiero.

Sheet IMS1
A2: 1. PRINCIPALES INDICADORES MONETARIOS
A3: En millones de dólares al final del período
A5: Menú Principal
A7: Período | D7: BANCO CENTRAL | I7: PANORAMA FINANCIERO (5) (11) (12) | S7: TASAS DE INTERÉS REFERENCIALES porcentajes | W7: INFLACIÓN porcentajes
D8: Reservas internacionales RI(11) | E8: Pasivos Monetarios PM (1) | F8: Emisión monetaria EM(2) | G8: Dinero Electrónico DE(3) | H8: Reservas bancarias (Rb) | I8: Depósitos a la vista (4) | J8: Cuasidinero | P8: Crédito al sector privado(6)
J9: Total | K9: Ahorro | L9: Plazo | M9: Restringido | N9: Operaciones de Reporto | O9: Otros depósitos | P9: Total | Q9: Cartera | R9: Otros | S9: Básica (7) | T9: Pasiva (8) | U9: Activa (9) | V9: Activa de Corto Plazo para el segmento Productivo Corporativo (10) | W9: Mensual | X9: Anual | Y9: Acumulada
D14: a | E14: b=c+d+e | F14: c | G14: d | H14: e | I14: f | J14: g=h+i+j+k+l | K14: h | L14: i | M14: j | N14: k | O14: l | P14: m=n+o | Q14: n | R14: o
A16: 2006 | B16: Enero | C16: 31 | D16: 1939.92 | E16: 409.58 | F16: 62 | G16: 0 | H16: 347.58 | I16: 3143.66 | J16: 5141.94 | K16: 2534.95 | L16: 2436.24 | M16: 1 | N16: 47.01 | O16: 122.74 | P16: 7740.15 | Q16: 7132.9 | R16: 607.25 | S16: 3 | T16: 4.44 | U16: 7.94 | W16: 0.47811487 | X16: 3.3743337 | Y16: 0.47811487
B17: Febrero | C17: 28 | D17: 1913.4878 | E17: 493.13698 | F17: 60.435125 | G17: 0 | H17: 432.70186 | I17: 3124.3153 | J17: 5272.98 | K17: 2577.08 | L17: 2481.29 | M17: 0 | N17: 83.78 | O17: 130.83 | P17: 7864.559 | Q17: 7234.98 | R17: 629.57903 | S17: 3 | T17: 4.29 | U17: 8.29 | W17: 0.70780765 | X17: 3.8234338 | Y17: 1.1893067
B18: Marzo | C18: 31 | D18: 2350.74 | E18: 485.14 | F18: 61.91 | G18: 0 | H18: 423.23 | I18: 3264.66 | J18: 5353.84 | K18: 2628.6 | L18: 2551.93 | M18: 0 | N18: 61.87 | O18: 111.44 | P18: 8029.51 | Q18: 7355.09 | R18: 674.42 | S18: 2.95 | T18: 4.45 | U18: 8.52 | W18: 0.65160567 | X18: 4.2254541 | Y18: 1.8486619
B19: Abril | C19: 30 | D19: 2701.34 | E19: 514.64 | F19: 61.18 | G19: 0 | H19: 453.46 | I19: 3318.16 | J19: 5407.5 | K19: 2765.26 | L19: 2493.07 | M19: 0 | N19: 48.8 | O19: 100.37 | P19: 7874.14 | Q19: 7419.66 | R19: 454.48 | S19: 2.95 | T19: 4.21 | U19: 8.11 | W19: 0.06847522 | X19: 3.4307043 | Y19: 1.918403
B20: Mayo | C20: 31 | D20: 2229.7315 | E20: 432.75398 | F20: 62.501905 | G20: 0 | H20: 370.25208 | I20: 3460.4835 | J20: 5535.16 | K20: 2768.32 | L20: 2568.18 | M20: 1.79 | N20: 76.73 | O20: 120.14 | P20: 7894.8263 | Q20: 7552.19 | R20: 342.63635 | S20: 2.94 | T20: 4.32 | U20: 7.42 | W20: -0.14 | X20: 3.11 | Y20: 1.78
B21: Junio | C21: 30 | D21: 2264.1 | E21: 553.89 | F21: 62.4 | G21: 0 | H21: 491.49 | I21: 3454.17 | J21: 5551.1 | K21: 2787.89 | L21: 2576.32 | M21: 1.68 | N21: 69.25 | O21: 115.96 | P21: 8085.8 | Q21: 7690.96 | R21: 394.84 | S21: 2.94 | T21: 4.31 | U21: 8.36 | W21: -0.23 | X21: 2.8 | Y21: 1.54
B22: Julio | C22: 31 | D22: 2398.8 | E22: 447.93 | F22: 63.04 | G22: 0 | H22: 384.89 | I22: 3460.06 | J22: 5563.94 | K22: 2794.98 | L22: 2597.17 | M22: 1.35 | N22: 56.23 | O22: 114.21 | P22: 8175.92 | Q22: 7780.39 | R22: 395.53 | S22: 2.93 | T22: 4.59 | U22: 8.5 | W22: 0.03 | X22: 2.99 | Y22: 1.57
B23: Agosto | C23: 31 | D23: 2660.17 | E23: 516.28 | F23: 64.07 | G23: 0 | H23: 452.21 | I23: 3535.79 | J23: 5612.11 | K23: 2810.9 | L23: 2648.86 | M23: 1.06 | N23: 44.64 | O23: 106.65 | P23: 8354.68 | Q23: 7971.17 | R23: 383.51 | S23: 2.96 | T23: 4.46 | U23: 8.58 | W23: 0.21 | X23: 3.36 | Y23: 1.79
B24: Septiembre | C24: 30 | D24: 2853.8014 | E24: 499.84475 | F24: 63.421189 | G24: 0 | H24: 436.42357 | I24: 3547.2625 | J24: 5685.84 | K24: 2823.67 | L24: 2677.81 | M24: 3.04 | N24: 69.16 | O24: 112.16 | P24: 8655.6784 | Q24: 8252.38 | R24: 403.29836 | S24: 2.98 | T24: 4.87 | U24: 7.56 | W24: 0.57 | X24: 3.21 | Y24: 2.38
B25: Octubre | C25: 31 | D25: 2991.67 | E25: 466.92 | F25: 63.66 | G25: 0 | H25: 403.26 | I25: 3501.81 | J25: 5856.12 | K25: 2813.77 | L25: 2648.71 | M25: 45.79 | N25: 67.98 | O25: 279.87 | P25: 8785.63 | Q25: 8379.49 | R25: 406.14 | S25: 2.94 | T25: 4.73 | U25: 10.29 | W25: 0.35 | X25: 3.21 | Y25: 2.73
B26: Noviembre | C26: 30 | D26: 2412.97 | E26: 500.88 | F26: 64.57 | G26: 0 | H26: 436.31 | I26: 3650.11 | J26: 5791.99 | K26: 2829.91 | L26: 2660.77 | M26: 112.26 | N26: 48.8 | O26: 140.25 | P26: 8997.93 | Q26: 8556.15 | R26: 441.78 | S26: 2.92 | T26: 5.14 | U26: 8.75 | W26: 0.17 | X26: 3.21 | Y26: 2.9
B27: Diciembre | C27: 31 | D27: 2023.35 | E27: 585.1 | F27: 65.95 | G27: 0 | H27: 519.15 | I27: 3691.94 | J27: 5826.03 | K27: 2938.45 | L27: 2562.22 | M27: 165.16 | N27: 23.05 | O27: 137.15 | P27: 9197.76 | Q27: 8795.08 | R27: 402.68 | S27: 2.92 | T27: 4.87 | U27: 9.86 | W27: -0.03 | X27: 2.87 | Y27: 2.87
A28: 2007 | B28: Enero | C28: 31 | D28: 2124.04 | E28: 501.75 | F28: 66.06 | G28: 0 | H28: 435.69 | I28: 3627.56 | J28: 5825.8 | K28: 2918 | L28: 2591.03 | M28: 161.12 | N28: 33.77 | O28: 121.88 | P28: 9346.42 | Q28: 8918.52 | R28: 427.9 | S28: 2.93 | T28: 4.79 | U28: 8.9 | W28: 0.3 | X28: 2.68 | Y28: 0.3
B29: Febrero | C29: 28 | D29: 2468.69 | E29: 486.19 | F29: 66.18 | G29: 0 | H29: 420.01 | I29: 3682.41 | J29: 5890.33 | K29: 2946.77 | L29: 2613.23 | M29: 178.06 | N29: 46.99 | O29: 105.28 | P29: 9397.34 | Q29: 8966.32 | R29: 431.02 | S29: 4.93 | T29: 4.93 | U29: 9.51 | W29: 0.07 | X29: 2.03 | Y29: 0.36
B30: Marzo | C30: 31 | D30: 2182.37 | E30: 559.26 | F30: 65.48 | G30: 0 | H30: 493.78 | I30: 3483.05 | J30: 5894.88 | K30: 2938.48 | L30: 2629.26 | M30: 175.23 | N30: 39.7 | O30: 112.21 | P30: 9541.1 | Q30: 9121.67 | R30: 419.43 | S30: 5.33 | T30: 5.33 | U30: 9.38 | W30: 0.1 | X30: 1.47 | Y30: 0.46
B31: Abril | C31: 30 | D31: 2801.24 | E31: 483.66 | F31: 65.91 | G31: 0 | H31: 417.75 | I31: 3568.78 | J31: 6075.91 | K31: 3083.55 | L31: 2646.06 | M31: 201.29 | N31: 37.49 | O31: 107.52 | P31: 9571.08 | Q31: 9150.1 | R31: 420.98 | S31: 5.44 | T31: 5.44 | U31: 9.98 | W31: -0.01 | X31: 1.39 | Y31: 0.45
B32: Mayo | C32: 31 | D32: 3076.33 | E32: 512.94 | F32: 65.78 | G32: 0 | H32: 447.16 | I32: 3759.61 | J32: 6164.33 | K32: 3096.88 | L32: 2706.24 | M32: 205.89 | N32: 52.07 | O32: 103.25 | P32: 9694.47 | Q32: 9272.77 | R32: 421.7 | S32: 5.64 | T32: 5.64 | U32: 9.35 | W32: 0.03 | X32: 1.56 | Y32: 0.48
B33: Junio | C33: 30 | D33: 3204.37 | E33: 547.66 | F33: 65.6 | G33: 0 | H33: 482.06 | I33: 3763.66 | J33: 6185.64 | K33: 3070.37 | L33: 2748.76 | M33: 202.53 | N33: 44.94 | O33: 119.04 | P33: 9823.23 | Q33: 9405.09 | R33: 418.14 | S33: 5.2 | T33: 5.2 | U33: 9.79 | W33: 0.39 | X33: 2.19 | Y33: 0.87
B34: Julio | C34: 31 | D34: 3440.77 | E34: 526.61 | F34: 66.39 | G34: 0 | H34: 460.22 | I34: 3842.28 | J34: 6287.57 | K34: 3128.7 | L34: 2737.21 | M34: 258.81 | N34: 41.44 | O34: 121.41 | P34: 9981.39 | Q34: 9554.27 | R34: 427.12 | S34: 5.53 | T34: 5.53 | U34: 10.92 | W34: 0.42 | X34: 2.58 | Y34: 1.29
B35: Agosto | C35: 31 | D35: 3510.08 | E35: 596.9 | F35: 67.26 | G35: 0 | H35: 529.64 | I35: 3963.98 | J35: 6468.43 | K35: 3252.26 | L35: 2792.63 | M35: 261.21 | N35: 50.25 | O35: 112.08 | P35: 10095.65 | Q35: 9671.41 | R35: 424.24 | S35: 5.53 | T35: 5.53 | U35: 10.92 | W35: 0.07 | X35: 2.44 | Y35: 1.37
B36: Septiembre | C36: 30 | D36: 3611.13 | E36: 603.71 | F36: 67.9 | G36: 0 | H36: 535.81 | I36: 3970.69 | J36: 6502.36 | K36: 3246.75 | L36: 2821.78 | M36: 251.49 | N36: 74.19 | O36: 108.15 | P36: 10198.79 | Q36: 9759.98 | R36: 438.81 | S36: 5.61 | T36: 5.61 | U36: 11.82 | W36: 0.71 | X36: 2.58 | Y36: 2.09
B37: Octubre | C37: 31 | D37: 3690.85 | E37: 544.57 | F37: 69.79 | G37: 0 | H37: 474.78 | I37: 4133.09 | J37: 6617.3 | K37: 3259.9 | L37: 2906.32 | M37: 251.28 | N37: 70.75 | O37: 129.05 | P37: 10294.89 | Q37: 9834.6 | R37: 460.29 | S37: 5.63 | T37: 5.63 | U37: 10.7 | W37: 0.13 | X37: 2.36 | Y37: 2.22
B38: Noviembre | C38: 30 | D38: 3617.78 | E38: 597.88 | F38: 70.31 | G38: 0 | H38: 527.57 | I38: 4268.76 | J38: 6789.82 | K38: 3423.79 | L38: 2927.18 | M38: 243.84 | N38: 80.53 | O38: 114.48 | P38: 10474.83 | Q38: 9940.48 | R38: 534.35 | S38: 5.79 | T38: 5.79 | U38: 10.55 | W38: 0.49747634 | X38: 2.6997647 | Y38: 2.7324503
B39: Diciembre | C39: 31 | D39: 3520.83 | E39: 763.66 | F39: 71.42 | G39: 0 | H39: 692.24 | I39: 4453.61 | J39: 7007.24 | K39: 3638.55 | L39: 2926.02 | M39: 255.34 | N39: 69.59 | O39: 117.74 | P39: 10639.31 | Q39: 10140.79 | R39: 498.52 | S39: 5.64 | T39: 5.64 | U39: 10.72 | W39: 0.57163644 | X39: 3.3197064 | Y39: 3.3197064
A40: 2008 | B40: Enero | C40: 31 | D40: 3511.0513 | E40: 835.50021 | F40: 72.173156 | G40: 0 | H40: 763.32705 | I40: 4627.045 | J40: 7063.82 | K40: 3567.17 | L40: 3035.75 | M40: 264.04 | N40: 85.87 | O40: 110.99 | P40: 10754.106 | Q40: 10266.08 | R40: 488.02585 | S40: 5.91 | T40: 5.91 | U40: 10.74 | W40: 1.1421267 | X40: 4.1904224 | Y40: 1.1421267
B41: Febrero | C41: 29 | D41: 3989.4212 | E41: 782.40967 | F41: 72.09099 | G41: 0 | H41: 710.31868 | I41: 4814.101 | J41: 7267.39 | K41: 3586.43 | L41: 3213.54 | M41: 252.85 | N41: 101.78 | O41: 112.79 | P41: 10844.928 | Q41: 10354.95 | R41: 489.97838 | S41: 2.27 | T41: 5.97 | U41: 10.5 | W41: 0.9435654 | X41: 5.102512 | Y41: 2.0964688
B42: Marzo | C42: 31 | D42: 4143.5528 | E42: 744.67841 | F42: 73.528708 | G42: 0 | H42: 671.1497 | I42: 4910.8292 | J42: 7338.74 | K42: 3646.56 | L42: 3210.97 | M42: 257.14 | N42: 107.4 | O42: 116.67 | P42: 11047.292 | Q42: 10561.28 | R42: 486.0118 | S42: 1.96 | T42: 5.96 | U42: 10.43 | W42: 1.4796048 | X42: 6.5554855 | Y42: 3.607093
B43: Abril | C43: 30 | D43: 5599.1134 | E43: 775.4371 | F43: 74.4329 | G43: 0 | H43: 701.0042 | I43: 4964.8837 | J43: 7766.58 | K43: 3943.64 | L43: 3362.34 | M43: 250.8 | N43: 77.2 | O43: 132.6 | P43: 11297.083 | Q43: 10738.41 | R43: 558.67254 | S43: 1.3 | T43: 5.96 | U43: 10.17 | W43: 1.5183164 | X43: 8.1835931 | Y43: 5.1801764
B44: Mayo | C44: 31 | D44: 5874.7229 | E44: 829.24505 | F44: 74.267401 | G44: 0 | H44: 754.97764 | I44: 5227.7408 | J44: 7816.12 | K44: 3924.73 | L44: 3427.03 | M44: 248.8 | N44: 80.99 | O44: 134.57 | P44: 11536.649 | Q44: 10962.08 | R44: 574.56916 | S44: 1.22 | T44: 5.86 | U44: 10.14 | W44: 1.048818 | X44: 9.2853147 | Y44: 6.283325
B45: Junio | C45: 30 | D45: 6103.1229 | E45: 798.76236 | F45: 74.362309 | G45: 0 | H45: 724.40005 | I45: 5253.3519 | J45: 7844.33 | K45: 3886.63 | L45: 3471.41 | M45: 261.43 | N45: 82.76 | O45: 142.1 | P45: 11790.824 | Q45: 11220.86 | R45: 569.96443 | S45: 1.1 | T45: 5.45 | U45: 9.59 | W45: 0.7567842 | X45: 9.6873225 | Y45: 7.0876604
B46: Julio | C46: 31 | D46: 6161.4124 | E46: 829.69794 | F46: 75.268478 | G46: 0 | H46: 754.42946 | I46: 5527.1183 | J46: 8063.61 | K46: 4001.08 | L46: 3554.48 | M46: 264.55 | N46: 77.22 | O46: 166.28 | P46: 11974.143 | Q46: 11496.23 | R46: 477.91288 | S46: 1.1 | T46: 5.36 | U46: 9.52 | W46: 0.58619143 | X46: 9.8709981 | Y46: 7.7177524
B47: Agosto | C47: 31 | D47: 6372.3133 | E47: 819.4303 | F47: 75.036155 | G47: 0 | H47: 744.39414 | I47: 5601.7171 | J47: 8190.45 | K47: 4069.44 | L47: 3601.46 | M47: 262.38 | N47: 85.77 | O47: 171.4 | P47: 12389.5 | Q47: 11908.38 | R47: 481.12014 | S47: 1.1 | T47: 5.3 | U47: 9.31 | W47: 0.20987268 | X47: 10.021329 | Y47: 7.9438225
B48: Septiembre | C48: 30 | D48: 6511.4456 | E48: 709.49504 | F48: 75.191046 | G48: 0 | H48: 634.30399 | I48: 5468.1822 | J48: 8158.8 | K48: 4038.44 | L48: 3630.08 | M48: 280.28 | N48: 62.36 | O48: 147.64 | P48: 12744.176 | Q48: 12230.64 | R48: 513.53638 | S48: 1.1 | T48: 5.29 | U48: 9.31 | W48: 0.65937352 | X48: 9.9658594 | Y48: 8.6555755
B49: Octubre | C49: 31 | D49: 6273.5617 | E49: 891.11427 | F49: 75.969425 | G49: 0 | H49: 815.14484 | I49: 5466.7485 | J49: 8294.21 | K49: 4149.54 | L49: 3684.89 | M49: 296.55 | N49: 43.62 | O49: 119.61 | P49: 13052.41 | Q49: 12488.81 | R49: 563.59981 | S49: 0.94 | T49: 5.08 | U49: 9.24 | W49: 0.031610937 | X49: 9.8526313 | Y49: 8.6899226
B50: Noviembre | C50: 30 | D50: 6011.4973 | E50: 1067.2488 | F50: 75.751953 | G50: 0 | H50: 991.49687 | I50: 5803.934 | J50: 8326.9 | K50: 4181.44 | L50: 3699.85 | M50: 303.49 | N50: 24.29 | O50: 117.83 | P50: 13403.992 | Q50: 12817.37 | R50: 586.62224 | S50: 0.5 | T50: 5.14 | U50: 9.18 | W50: -0.16068041 | X50: 9.1332078 | Y50: 8.5152792
B51: Diciembre | C51: 31 | D51: 4473.069 | E51: 1316.3437 | F51: 77.321219 | G51: 0 | H51: 1239.0225 | I51: 5792.0751 | J51: 8310.19 | K51: 4276.86 | L51: 3596.3 | M51: 290.42 | N51: 2.79 | O51: 143.82 | P51: 13576.252 | Q51: 12974.57 | R51: 601.68232 | S51: 5.1 | T51: 5.09 | U51: 9.14 | W51: 0.2927144 | X51: 8.8305414 | Y51: 8.832919
A52: 2009 | B52: Enero | C52: 31 | D52: 4271.6178 | E52: 835.76942 | F52: 76.041248 | G52: 0 | H52: 759.72817 | I52: 5376.9097 | J52: 8166.53 | K52: 4113.15 | L52: 3594.17 | M52: 278.85 | N52: 10.26 | O52: 170.1 | P52: 13523.5 | Q52: 12893 | R52: 630.50031 | S52: 0.2 | T52: 5.1 | U52: 9.16 | W52: 0.70741789 | X52: 8.3627878 | Y52: 0.70741789
B53: Febrero | C53: 28 | D53: 3996.5062 | E53: 926.78343 | F53: 74.907802 | G53: 0 | H53: 851.87563 | I53: 5259.1123 | J53: 8178.63 | K53: 4092.93 | L53: 3622.54 | M53: 273.21 | N53: 6.58 | O53: 183.37 | P53: 13478.319 | Q53: 12839.54 | R53: 638.77885 | S53: 0.2 | T53: 5.19 | U53: 9.21 | W53: 0.46615495 | X53: 7.8502883 | Y53: 1.1768705
B54: Marzo | C54: 31 | D54: 3244.0726 | E54: 626.86876 | F54: 74.157026 | G54: 0 | H54: 552.71174 | I54: 5096.0258 | J54: 8088.73 | K54: 3992.55 | L54: 3616.76 | M54: 254.38 | N54: 11.69 | O54: 213.35 | P54: 13198.386 | Q54: 12599.43 | R54: 598.95604 | S54: 0.2 | T54: 5.31 | U54: 9.24 | W54: 1.091183 | X54: 7.4374822 | Y54: 2.2808953
B55: Abril | C55: 30 | D55: 3142.2647 | E55: 716.13461 | F55: 75.303191 | G55: 0 | H55: 640.83142 | I55: 4895.9498 | J55: 8369.58 | K55: 4242.38 | L55: 3644.2 | M55: 246.61 | N55: 10.1 | O55: 226.29 | P55: 12989.224 | Q55: 12377.74 | R55: 611.48355 | S55: 0.2 | T55: 5.35 | U55: 9.24 | W55: 0.65496994 | X55: 6.5237972 | Y55: 2.9508045
B56: Mayo | C56: 31 | D56: 2594.3993 | E56: 650.49845 | F56: 74.12518 | G56: 0 | H56: 576.37327 | I56: 4963.5774 | J56: 8215.13 | K56: 4142.79 | L56: 3602.59 | M56: 252.04 | N56: 11.14 | O56: 206.57 | P56: 12909.268 | Q56: 12309.93 | R56: 599.33757 | S56: 0.2 | T56: 5.42 | U56: 9.26 | W56: -0.01 | X56: 5.41 | Y56: 2.94
B57: Junio | C57: 30 | D57: 2675.0155 | E57: 820.1203 | F57: 73.8316 | G57: 0 | H57: 746.2887 | I57: 5069.4077 | J57: 8265.99 | K57: 4118.12 | L57: 3725.24 | M57: 239.68 | N57: 10.1 | O57: 172.85 | P57: 12915.734 | Q57: 12262.04 | R57: 653.69391 | S57: 0.2 | T57: 5.63 | U57: 9.24 | W57: -0.075592262 | X57: 4.5381481 | Y57: 2.8640083
B58: Julio | C58: 31 | D58: 3151.7757 | E58: 935.61168 | F58: 74.526575 | G58: 0 | H58: 861.08511 | I58: 5085.6154 | J58: 8450.53 | K58: 4224.56 | L58: 3792.61 | M58: 242.9 | N58: 6.92 | O58: 183.54 | P58: 12999.396 | Q58: 12361.32 | R58: 638.07605 | S58: 0.2 | T58: 5.59 | U58: 9.22 | W58: -0.073478806 | X58: 3.8525599 | Y58: 2.788425
B59: Agosto | C59: 31 | D59: 3921.5956 | E59: 1013.4834 | F59: 75.242284 | G59: 0 | H59: 938.24114 | I59: 5127.9032 | J59: 8558.64 | K59: 4225.75 | L59: 3911.94 | M59: 245.35 | N59: 6.35 | O59: 169.25 | P59: 13031.682 | Q59: 12417.19 | R59: 614.49186 | S59: 0.2 | T59: 5.56 | U59: 9.15 | W59: -0.29770816 | X59: 3.3265282 | Y59: 2.4824155
B60: Septiembre | C60: 30 | D60: 4624.7093 | E60: 883.16234 | F60: 76.712004 | G60: 0 | H60: 806.45034 | I60: 5095.4863 | J60: 8604.16 | K60: 4216.01 | L60: 3994.22 | M60: 248.55 | N60: 4.19 | O60: 141.19 | P60: 13184.651 | Q60: 12565.46 | R60: 619.19119 | S60: 0.2 | T60: 5.57 | U60: 9.15 | W60: 0.63 | X60: 3.29 | Y60: 3.12
B61: Octubre | C61: 31 | D61: 4604.7855 | E61: 990.58398 | F61: 75.497604 | G61: 0 | H61: 915.08638 | I61: 5172.2024 | J61: 8908.76 | K61: 4413.26 | L61: 4103.61 | M61: 252.86 | N61: 9.18 | O61: 129.85 | P61: 13382.731 | Q61: 12715.29 | R61: 667.44125 | S61: 0.2 | T61: 5.44 | U61: 9.19 | W61: 0.23702064 | X61: 3.5038334 | Y61: 3.3678389
B62: Noviembre | C62: 30 | D62: 5236.6674 | E62: 1122.6405 | F62: 76.095148 | G62: 0 | H62: 1046.5453 | I62: 5680.6448 | J62: 8841.8 | K62: 4343.87 | L62: 4073.28 | M62: 268.41 | N62: 2.02 | O62: 154.22 | P62: 13626.675 | Q62: 12938.04 | R62: 688.6346 | S62: 0.2 | T62: 5.44 | U62: 9.19 | W62: 0.34 | X62: 4.02 | Y62: 3.71
B63: Diciembre | C63: 31 | D63: 3792.0509 | E63: 1779.9315 | F63: 77.364671 | G63: 0 | H63: 1702.5668 | I63: 5876.7971 | J63: 9395.8 | K63: 4821.52 | L63: 4114.56 | M63: 303.32 | N63: 3.49 | O63: 152.91 | P63: 13869.483 | Q63: 13198.16 | R63: 671.32279 | S63: 0.2 | T63: 5.24 | U63: 9.19 | W63: 0.5754563 | X63: 4.3117436 | Y63: 4.3117436
A64: 2010 | B64: Enero | C64: 31 | D64: 3918.2044 | E64: 1774.7588 | F64: 77.224971 | G64: 0 | H64: 1697.5338 | I64: 5902.7414 | J64: 9442.47 | K64: 4705.51 | L64: 4265.88 | M64: 306.33 | N64: 7.84 | O64: 156.91 | P64: 13763.278 | Q64: 13092.64 | R64: 670.6381 | S64: 0.2 | T64: 5.24 | U64: 9.13 | W64: 0.83067396 | X64: 4.4394111 | Y64: 0.83067396
B65: Febrero | C65: 28 | D65: 3602.9902 | E65: 1521.9137 | F65: 77.439156 | G65: 0 | H65: 1444.4746 | I65: 6186.0643 | J65: 9474.14 | K65: 4655.5 | L65: 4369.85 | M65: 310.07 | N65: 2.47 | O65: 136.25 | P65: 13791.586 | Q65: 13155.08 | R65: 636.50574 | S65: 0.2 | T65: 5.16 | U65: 9.1 | W65: 0.3408064 | X65: 4.3091052 | Y65: 1.1743114
B66: Marzo | C66: 31 | D66: 4007.0646 | E66: 1710.1857 | F66: 77.90467 | G66: 0 | H66: 1632.2811 | I66: 6378.4105 | J66: 9589.6 | K66: 4762.45 | L66: 4401.07 | M66: 296.46 | N66: 3.07 | O66: 126.55 | P66: 14110.392 | Q66: 13366.61 | R66: 743.78212 | S66: 0.2 | T66: 4.87 | U66: 9.21 | W66: 0.16292531 | X66: 3.3512993 | Y66: 1.3391499
B67: Abril | C67: 30 | D67: 4321.986 | E67: 1798.44 | F67: 78.303752 | G67: 0 | H67: 1720.1363 | I67: 6325.2169 | J67: 9934.61 | K67: 5095.04 | L67: 4407.07 | M67: 301.95 | N67: 1.88 | O67: 128.67 | P67: 14507.188 | Q67: 13746.34 | R67: 760.84801 | S67: 0.2 | T67: 4.86 | U67: 9.12 | W67: 0.51731891 | X67: 3.2099609 | Y67: 1.8633965
B68: Mayo | C68: 31 | D68: 4575.3279 | E68: 1928.388 | F68: 78.34093 | G68: 0 | H68: 1850.0471 | I68: 6413.2912 | J68: 10015.56 | K68: 5053.14 | L68: 4530.47 | M68: 297.96 | N68: 1.43 | O68: 132.56 | P68: 14780.992 | Q68: 14049.92 | R68: 731.07189 | S68: 0.2 | T68: 4.57 | U68: 9.11 | W68: 0.016758103 | X68: 3.236262 | Y68: 1.8804669
B69: Junio | C69: 30 | D69: 4103.5395 | E69: 1625.0803 | F69: 78.665864 | G69: 0 | H69: 1546.4145 | I69: 6485.8037 | J69: 10255.86 | K69: 5141.99 | L69: 4612.63 | M69: 310.69 | N69: 2.5 | O69: 188.05 | P69: 15087.987 | Q69: 14372.59 | R69: 715.3966 | S69: 0.2 | T69: 4.4 | U69: 9.02 | W69: -0.0092052365 | X69: 3.3048493 | Y69: 1.8710885
B70: Julio | C70: 31 | D70: 3857.6043 | E70: 1664.5101 | F70: 79.794747 | G70: 0 | H70: 1584.7153 | I70: 6516.8767 | J70: 10484.89 | K70: 5181.63 | L70: 4728.83 | M70: 347.68 | N70: 1.6 | O70: 225.15 | P70: 15457.593 | Q70: 14710.02 | R70: 747.57321 | S70: 0.2 | T70: 4.39 | U70: 8.99 | W70: 0.019563504 | X70: 3.4010372 | Y70: 1.8910181
B71: Agosto | C71: 31 | D71: 3490.4041 | E71: 1554.7236 | F71: 79.969243 | G71: 0 | H71: 1474.7544 | I71: 6889.1436 | J71: 10571.75 | K71: 5235.03 | L71: 4772.66 | M71: 356.3 | N71: 1.71 | O71: 206.05 | P71: 15805.65 | Q71: 15021.5 | R71: 784.15045 | S71: 0.2 | T71: 4.25 | U71: 9.04 | W71: 0.10652887 | X71: 3.8202706 | Y71: 1.9995614
B72: Septiembre | C72: 30 | D72: 4353.3704 | E72: 1575.6571 | F72: 81.264515 | G72: 0 | H72: 1494.3926 | I72: 6773.3436 | J72: 10596.61 | K72: 5192.91 | L72: 4796.14 | M72: 383.16 | N72: 4.54 | O72: 219.86 | P72: 16218.52 | Q72: 15384.89 | R72: 833.63028 | S72: 0.2 | T72: 4.25 | U72: 9.04 | W72: 0.25695116 | X72: 3.4400486 | Y72: 2.2616505
B73: Octubre | C73: 31 | D73: 3668.88 | E73: 1876.4897 | F73: 81.299613 | G73: 0 | H73: 1795.1901 | I73: 6787.5509 | J73: 10730.75 | K73: 5281.36 | L73: 4844.98 | M73: 385.53 | N73: 1.82 | O73: 217.06 | P73: 16477.85 | Q73: 15683.04 | R73: 794.81024 | S73: 0.2 | T73: 4.3 | U73: 8.94 | W73: 0.2543211 | X73: 3.4579019 | Y73: 2.5217235
B74: Noviembre | C74: 30 | D74: 3451.1235 | E74: 1706.8904 | F74: 81.761841 | G74: 0 | H74: 1625.1286 | I74: 7189.8078 | J74: 10893.22 | K74: 5420.46 | L74: 4896.34 | M74: 394.78 | N74: 8.8 | O74: 172.84 | P74: 16842.284 | Q74: 15974.63 | R74: 867.65351 | S74: 0.2 | T74: 4.3 | U74: 8.94 | W74: 0.27071901 | X74: 3.3908341 | Y74: 2.7992692
B75: Diciembre | C75: 31 | D75: 2622.0537 | E75: 1689.161 | F75: 82.432862 | G75: 0 | H75: 1606.7282 | I75: 7125.9126 | J75: 11468.85 | K75: 5796.82 | L75: 5101.81 | M75: 403.58 | N75: 2.51 | O75: 164.13 | P75: 17272.747 | Q75: 16348.54 | R75: 924.20707 | S75: 0.2 | T75: 4.28 | U75: 8.68 | W75: 0.5143673 | X75: 3.3280351 | Y75: 3.3280351
A76: 2011 | B76: Enero | C76: 31 | D76: 2869.4521 | E76: 1407.8461 | F76: 82.292037 | G76: 0 | H76: 1325.554 | I76: 7214.658 | J76: 11292.6 | K76: 5586.78 | L76: 5084.81 | M76: 411.31 | N76: 37.88 | O76: 171.82 | P76: 17428.763 | Q76: 16485.14 | R76: 943.62258 | S76: 0.2 | T76: 4.55 | U76: 8.59 | W76: 0.67918769 | X76: 3.1727968 | Y76: 0.67918769
B77: Febrero | C77: 28 | D77: 3906.9429 | E77: 1572.1125 | F77: 81.765212 | G77: 0 | H77: 1490.3473 | I77: 7469.5848 | J77: 11494.66 | K77: 5658.44 | L77: 5183.07 | M77: 424.39 | N77: 40.38 | O77: 188.38 | P77: 17577.041 | Q77: 16652.27 | R77: 924.77108 | S77: 0.2 | T77: 4.51 | U77: 8.25 | W77: 0.55 | X77: 3.39 | Y77: 1.24
B78: Marzo | C78: 31 | D78: 3947.486 | E78: 1861.658 | F78: 81.680068 | G78: 0 | H78: 1779.9779 | I78: 7682.4392 | J78: 11922.11 | K78: 5827.23 | L78: 5382.16 | M78: 407.75 | N78: 30.06 | O78: 274.91 | P78: 17852.783 | Q78: 16917.53 | R78: 935.25283 | S78: 0.2 | T78: 4.59 | U78: 8.65 | W78: 0.3368263 | X78: 3.5725045 | Y78: 1.5789138
B79: Abril | C79: 30 | D79: 4164.8411 | E79: 1988.7366 | F79: 81.716566 | G79: 0 | H79: 1907.02 | I79: 7468.3931 | J79: 12450.08 | K79: 6355.3 | L79: 5470.53 | M79: 422.47 | N79: 5.57 | O79: 196.21 | P79: 18221.87 | Q79: 17336.27 | R79: 885.59974 | S79: 0.2 | T79: 4.6 | U79: 8.34 | W79: 0.82008033 | X79: 3.8844683 | Y79: 2.4119424
B80: Mayo | C80: 31 | D80: 3884.3417 | E80: 1776.6108 | F80: 82.09353 | G80: 0 | H80: 1694.5173 | I80: 7690.5765 | J80: 12508.79 | K80: 6224.95 | L80: 5653.43 | M80: 422.87 | N80: 26.08 | O80: 181.46 | P80: 18513.987 | Q80: 17586.35 | R80: 927.63684 | S80: 0.2 | T80: 4.6 | U80: 8.34 | W80: 0.35 | X80: 4.23 | Y80: 2.77
B81: Junio | C81: 30 | D81: 3841.485 | E81: 1829.7245 | F81: 82.114227 | G81: 0 | H81: 1747.6103 | I81: 7737.9052 | J81: 12712.3 | K81: 6309.32 | L81: 5809.23 | M81: 427.28 | N81: 27.78 | O81: 138.69 | P81: 18865.055 | Q81: 17642.63 | R81: 1222.4253 | S81: 0.2 | T81: 4.58 | U81: 8.37 | W81: 0.039772022 | X81: 4.2773387 | Y81: 2.8070067
B82: Julio | C82: 31 | D82: 3980.6705 | E82: 1925.0879 | F82: 82.462857 | G82: 0 | H82: 1842.625 | I82: 7857.3718 | J82: 13005.14 | K82: 6437.44 | L82: 5869.05 | M82: 434.45 | N82: 44.4 | O82: 219.8 | P82: 19174.389 | Q82: 17968.57 | R82: 1205.8194 | S82: 0.2 | T82: 4.58 | U82: 8.37 | W82: 0.18 | X82: 4.44 | Y82: 2.99
B83: Agosto | C83: 31 | D83: 4124.6201 | E83: 1919.7759 | F83: 82.762439 | G83: 0 | H83: 1837.0135 | I83: 7971.2353 | J83: 13249 | K83: 6463.11 | L83: 6083.83 | M83: 449.99 | N83: 45.62 | O83: 206.45 | P83: 19564.943 | Q83: 18341.66 | R83: 1223.2831 | S83: 0.2 | T83: 4.58 | U83: 8.37 | W83: 0.48597531 | X83: 4.836122 | Y83: 3.4882591
B84: Septiembre | C84: 30 | D84: 3635.4182 | E84: 1916.4211 | F84: 82.841513 | G84: 0 | H84: 1833.5796 | I84: 7797.1038 | J84: 13683.4 | K84: 6478.37 | L84: 6382.48 | M84: 485.8 | N84: 28.6 | O84: 308.15 | P84: 20129.94 | Q84: 18870.71 | R84: 1259.2302 | S84: 0.2 | T84: 4.58 | U84: 8.37 | W84: 0.79 | X84: 5.39 | Y84: 4.31
B85: Octubre | C85: 31 | D85: 4548.5911 | E85: 1837.5253 | F85: 83.414454 | G85: 0 | H85: 1754.1108 | I85: 7761.1413 | J85: 13849.26 | K85: 6446.8 | L85: 6483.31 | M85: 510.19 | N85: 49.28 | O85: 359.68 | P85: 20461.557 | Q85: 19201.88 | R85: 1259.6766 | S85: 0.2 | T85: 4.53 | U85: 8.17 | W85: 0.35215916 | X85: 5.4972726 | Y85: 4.6740335
B86: Noviembre | C86: 30 | D86: 4093.684 | E86: 1604.6219 | F86: 82.813536 | G86: 0 | H86: 1521.8084 | I86: 7746.342 | J86: 13790.41 | K86: 6476.85 | L86: 6403.41 | M86: 544.36 | N86: 21.75 | O86: 344.04 | P86: 20835.11 | Q86: 19575.79 | R86: 1259.3202 | S86: 0.2 | T86: 4.53 | U86: 8.17 | W86: 0.3 | X86: 5.53 | Y86: 4.99
B87: Diciembre | C87: 31 | D87: 2957.6203 | E87: 1677.9764 | F87: 83.197874 | G87: 0 | H87: 1594.7785 | I87: 7854.6334 | J87: 14556 | K87: 6956.64 | L87: 6689.12 | M87: 528.32 | N87: 25.8 | O87: 356.12 | P87: 21152.62 | Q87: 19876.43 | R87: 1276.1902 | S87: 0.2 | T87: 4.53 | U87: 8.17 | W87: 0.4 | X87: 5.41 | Y87: 5.41
A88: 2012 | B88: Enero | C88: 31 | D88: 3371.3788 | E88: 1782.6746 | F88: 83.402306 | G88: 0 | H88: 1699.2723 | I88: 8197.0054 | J88: 14501.41 | K88: 6801.14 | L88: 6777.06 | M88: 513.46 | N88: 12.93 | O88: 396.82 | P88: 21133.147 | Q88: 19815.12 | R88: 1318.0275 | S88: 0.2 | T88: 4.53 | U88: 8.17 | W88: 0.56715221 | X88: 5.2920831 | Y88: 0.56715221
B89: Febrero | C89: 29 | D89: 3375.5372 | E89: 1789.5342 | F89: 83.006349 | G89: 0 | H89: 1706.5279 | I89: 8407.6909 | J89: 14925.4 | K89: 6878.32 | L89: 7067.03 | M89: 512.28 | N89: 36.26 | O89: 431.51 | P89: 21389.29 | Q89: 19980.15 | R89: 1409.14 | S89: 0.2 | T89: 4.53 | U89: 8.17 | W89: 0.77748701 | X89: 5.5250923 | Y89: 1.3490488
B90: Marzo | C90: 31 | D90: 3368.0891 | E90: 1993.3619 | F90: 82.884368 | G90: 0 | H90: 1910.4775 | I90: 8779.7628 | J90: 15188.8 | K90: 6978.7 | L90: 7261.56 | M90: 522.63 | N90: 32.94 | O90: 392.97 | P90: 21849.94 | Q90: 20421.47 | R90: 1428.4699 | S90: 0.2 | T90: 4.53 | U90: 8.17 | W90: 0.9 | X90: 6.12 | Y90: 2.26
B91: Abril | C91: 30 | D91: 3787.3851 | E91: 1722.3271 | F91: 82.539484 | G91: 0 | H91: 1639.7876 | I91: 8469.932 | J91: 15459.8 | K91: 7336.6 | L91: 7236.71 | M91: 523.3 | N91: 13.23 | O91: 349.96 | P91: 22327.149 | Q91: 20817.85 | R91: 1509.2991 | S91: 0.2 | T91: 4.53 | U91: 8.17 | W91: 0.157996 | X91: 5.4214742 | Y91: 2.4236905
B92: Mayo | C92: 31 | D92: 3918.0824 | E92: 1737.6218 | F92: 83.258436 | G92: 0 | H92: 1654.3634 | I92: 8642.9993 | J92: 15712.91 | K92: 7318 | L92: 7480.11 | M92: 542.64 | N92: 18.26 | O92: 353.9 | P92: 22635.154 | Q92: 21077.46 | R92: 1557.694 | S92: 0.2 | T92: 4.53 | U92: 8.17 | W92: -0.19405621 | X92: 4.8542584 | Y92: 2.224931
B93: Junio | C93: 30 | D93: 3930.9168 | E93: 1913.8088 | F93: 83.414597 | G93: 0 | H93: 1830.3942 | I93: 8548.2933 | J93: 15887.6 | K93: 7292.97 | L93: 7547.53 | M93: 574.28 | N93: 23.56 | O93: 449.26 | P93: 22994.027 | Q93: 21394.18 | R93: 1599.8469 | S93: 0.2 | T93: 4.53 | U93: 8.17 | W93: 0.18 | X93: 5 | Y93: 2.4039215
B94: Julio | C94: 31 | D94: 4040.3208 | E94: 1803.0033 | F94: 82.833945 | G94: 0 | H94: 1720.1694 | I94: 8439.7962 | J94: 15787.2 | K94: 7235.66 | L94: 7537.52 | M94: 592.37 | N94: 13.45 | O94: 408.2 | P94: 23139.936 | Q94: 21605.52 | R94: 1534.4164 | S94: 0.2 | T94: 4.53 | U94: 8.17 | W94: 0.26 | X94: 5.09 | Y94: 2.67
B95: Agosto | C95: 31 | D95: 4218.814 | E95: 2499.9426 | F95: 83.26651 | G95: 0 | H95: 2416.6761 | I95: 8383.9758 | J95: 16033.95 | K95: 7288.15 | L95: 7714.28 | M95: 592.62 | N95: 32.48 | O95: 406.42 | P95: 23438.392 | Q95: 21882.95 | R95: 1555.4418 | S95: 0.2 | T95: 4.53 | U95: 8.17 | W95: 0.28866722 | X95: 4.8792689 | Y95: 2.9678072
B96: Septiembre | C96: 30 | D96: 4883.4317 | E96: 2390.6141 | F96: 83.158872 | G96: 0 | H96: 2307.4553 | I96: 8623.0403 | J96: 15965.1 | K96: 7236.29 | L96: 7697.44 | M96: 621.32 | N96: 13.15 | O96: 396.9 | P96: 23900.572 | Q96: 22304.71 | R96: 1595.8622 | S96: 0.2 | T96: 4.53 | U96: 8.17 | W96: 1.12 | X96: 5.22 | Y96: 4.12
B97: Octubre | C97: 31 | D97: 4033.1888 | E97: 2294.7921 | F97: 83.289644 | G97: 0 | H97: 2211.5024 | I97: 8682.374 | J97: 16154.54 | K97: 7239.19 | L97: 7848.9 | M97: 647.31 | N97: 18.35 | O97: 400.79 | P97: 24054.273 | Q97: 22442.86 | R97: 1611.4133 | S97: 0.2 | T97: 4.53 | U97: 8.17 | W97: 0.09 | X97: 4.94 | Y97: 4.21
B98: Noviembre | C98: 30 | D98: 3442.9641 | E98: 2210.6624 | F98: 83.082588 | G98: 0 | H98: 2127.5798 | I98: 9045.5714 | J98: 16020.97 | K98: 7265.27 | L98: 7874.54 | M98: 649.51 | N98: 22.05 | O98: 209.6 | P98: 24053.634 | Q98: 22553.95 | R98: 1499.6842 | S98: 0.2 | T98: 4.53 | U98: 8.17 | W98: 0.14 | X98: 4.77 | Y98: 4.36
B99: Diciembre | C99: 31 | D99: 2482.5281 | E99: 2444.7562 | F99: 84.516947 | G99: 0 | H99: 2360.2393 | I99: 9533.2039 | J99: 16464.51 | K99: 7820.96 | L99: 7806.21 | M99: 638.45 | N99: 1.14 | O99: 197.75 | P99: 24258.573 | Q99: 22672.91 | R99: 1585.6627 | S99: 0.2 | T99: 4.53 | U99: 8.17 | W99: -0.18578186 | X99: 4.1639096 | Y99: 4.1639096
A100: 2013 | B100: Enero | C100: 31 | D100: 2827.1006 | E100: 2239.6249 | F100: 83.714124 | G100: 0 | H100: 2155.9108 | I100: 9369.2649 | J100: 16496.01 | K100: 7587.33 | L100: 8102.36 | M100: 616.74 | N100: 2.93 | O100: 186.65 | P100: 24228.665 | Q100: 22642.12 | R100: 1586.5446 | S100: 0.2 | T100: 4.53 | U100: 8.17 | W100: 0.50282293 | X100: 4.0972796 | Y100: 0.50282293
B101: Febrero | C101: 28 | D101: 4212.8119 | E101: 2546.0085 | F101: 83.873203 | G101: 0 | H101: 2462.1353 | I101: 9561.1333 | J101: 16696.86 | K101: 7608.26 | L101: 8239.98 | M101: 626.29 | N101: 11.48 | O101: 210.85 | P101: 24221.29 | Q101: 22574.69 | R101: 1646.6003 | S101: 0.2 | T101: 4.53 | U101: 8.17 | W101: 0.18469427 | X101: 3.4849592 | Y101: 0.68844589
B102: Marzo | C102: 31 | D102: 4373.0264 | E102: 2831.2374 | F102: 83.79172 | G102: 0 | H102: 2747.4456 | I102: 9453.2675 | J102: 16633.99 | K102: 7697.29 | L102: 8082.7 | M102: 636.06 | N102: 10.18 | O102: 207.76 | P102: 24483.561 | Q102: 22827.4 | R102: 1656.1606 | S102: 0.2 | T102: 4.53 | U102: 8.17 | W102: 0.43838447 | X102: 3.0105805 | Y102: 1.1298484
B103: Abril | C103: 30 | D103: 4660.8657 | E103: 2638.015 | F103: 83.506967 | G103: 0 | H103: 2554.5081 | I103: 9252.8917 | J103: 16867.16 | K103: 8037.04 | L103: 7967.69 | M103: 628.31 | N103: 3.11 | O103: 231.01 | P103: 24828.602 | Q103: 23109.51 | R103: 1719.0925 | S103: 0.2 | T103: 4.53 | U103: 8.17 | W103: 0.17900643 | X103: 3.0321893 | Y103: 1.3108773
B104: Mayo | C104: 31 | D104: 4191.0997 | E104: 2536.6569 | F104: 84.632108 | G104: 0 | H104: 2452.0248 | I104: 9626.6913 | J104: 17021.99 | K104: 8014.69 | L104: 8175.31 | M104: 646.96 | N104: 0.5 | O104: 184.53 | P104: 24968.688 | Q104: 23287.39 | R104: 1681.2976 | S104: 0.2 | T104: 4.53 | U104: 8.17 | W104: -0.21789831 | X104: 3.0075765 | Y104: 1.0901226
B105: Junio | C105: 30 | D105: 3760.5449 | E105: 2672.2467 | F105: 84.233698 | G105: 0 | H105: 2588.013 | I105: 9316.6132 | J105: 17144.28 | K105: 8069.44 | L105: 8243.09 | M105: 639.32 | N105: 3.2 | O105: 189.23 | P105: 25258.099 | Q105: 23592.75 | R105: 1665.3492 | S105: 0.2 | T105: 4.53 | U105: 8.17 | W105: -0.14478986 | X105: 2.68 | Y105: 0.94375439
B106: Julio | C106: 31 | D106: 3670.008 | E106: 2472.5429 | F106: 84.546609 | G106: 0 | H106: 2387.9963 | I106: 9370.513 | J106: 17204.89 | K106: 8070.19 | L106: 8287.8 | M106: 661.67 | N106: 5.87 | O106: 179.36 | P106: 25541.308 | Q106: 23868.05 | R106: 1673.258 | S106: 0.2 | T106: 4.53 | U106: 8.17 | W106: -0.018660334 | X106: 2.392011 | Y106: 0.92491795
B107: Agosto | C107: 31 | D107: 4508.1204 | E107: 2720.7354 | F107: 84.613598 | G107: 0 | H107: 2636.1218 | I107: 9376.6922 | J107: 17710.51 | K107: 8243.37 | L107: 8566.97 | M107: 691.19 | N107: 1.09 | O107: 207.89 | P107: 25894.28 | Q107: 24185.38 | R107: 1708.9 | S107: 0.2 | T107: 4.53 | U107: 8.17 | W107: 0.17359094 | X107: 2.2745212 | Y107: 1.1001145
B108: Septiembre | C108: 30 | D108: 4233.5 | E108: 2764.772 | F108: 84.325152 | G108: 0 | H108: 2680.4469 | I108: 9560.2783 | J108: 17671.54 | K108: 8086.17 | L108: 8674.17 | M108: 697.04 | N108: 19.92 | O108: 194.24 | P108: 26039.241 | Q108: 24380.34 | R108: 1658.9012 | S108: 0.2 | T108: 4.53 | U108: 8.17 | W108: 0.5678807 | X108: 1.7141731 | Y108: 1.6742425
...

Sheet IMS1.1
A2: 1.1. OFERTA MONETARIA (M1) Y LIQUIDEZ TOTAL (M2)
A3: En millones de dólares al final del período
A5: Menú Principal
A7: Período | C7: Especies Monetarias en Circulación (1) | D7: Moneda Fraccionaria | E7: Dinero Electrónico (2) | F7: Depósitos a la vista (3) | G7: OFERTA MONETARIA M1 (4) | H7: Cuasidinero (5) | I7: LIQUIDEZ TOTAL M2 (6) | J7: Reservas Bancarias (7) | K7: Caja BCE | L7: Caja OSD | M7: BASE MONETARIA BM (8) | N7: Multiplicador M1/BM (9) | O7: Multiplicador M2/BM (9)
C8: a | D8: b | E8: c | F8: d | G8: e=a+b+c+d | H8: f | I8: g=e+f | J8: h | K8: i | L8: j | M8: k=a+b+c+h+i+j | N8: l=e/k | O8: m=g/k
A10: 2010 | B10: Enero | C10: 3984.1615 | D10: 77.224971 | F10: 4872.22 | G10: 8933.6064 | H10: 9424.72 | I10: 18358.326 | J10: 1697.5338 | K10: 538.52018 | L10: 543.19 | M10: 6840.6304 | N10: 1.3059624 | O10: 2.6837185
B11: Febrero | C11: 3954.472 | D11: 77.439156 | F11: 5008.04 | G11: 9039.9512 | H11: 9455.01 | I11: 18494.961 | J11: 1444.4747 | K11: 531.61765 | L11: 543.67 | M11: 6551.6735 | N11: 1.3797927 | O11: 2.8229369
B12: Marzo | C12: 3927.2175 | D12: 77.90467 | F12: 5250.95 | G12: 9256.0722 | H12: 9574.54 | I12: 18830.612 | J12: 1632.2811 | K12: 482.47213 | L12: 575.77 | M12: 6695.6454 | N12: 1.3824018 | O12: 2.812367
B13: Abril | C13: 4029.1083 | D13: 78.303752 | F13: 5120.94 | G13: 9228.352 | H13: 9891.83 | I13: 19120.182 | J13: 1720.1363 | K13: 504.47139 | L13: 499.62 | M13: 6831.6397 | N13: 1.3508253 | O13: 2.7987691
B14: Mayo | C14: 4078.7518 | D14: 78.34093 | F14: 5215.31 | G14: 9372.4027 | H14: 9971.79 | I14: 19344.193 | J14: 1850.0471 | K14: 462.31585 | L14: 595.34 | M14: 7064.7957 | N14: 1.3266346 | O14: 2.7381107
B15: Junio | C15: 4065.1885 | D15: 78.665864 | F15: 5206.74 | G15: 9350.5943 | H15: 10213.64 | I15: 19564.234 | J15: 1546.4145 | K15: 417.50919 | L15: 628.91 | M15: 6736.688 | N15: 1.3880106 | O15: 2.9041325
B16: Julio | C16: 4159.2881 | D16: 79.794747 | F16: 5278.79 | G16: 9517.8729 | H16: 10438.94 | I16: 19956.813 | J16: 1584.7153 | K16: 434.40352 | L16: 587.86 | M16: 6846.0617 | N16: 1.3902698 | O16: 2.9150793
B17: Agosto | C17: 4218.8214 | D17: 79.969243 | F17: 5478.39 | G17: 9777.1807 | H17: 10524.03 | I17: 20301.211 | J17: 1474.7544 | K17: 383.96023 | L17: 648.85 | M17: 6806.3553 | N17: 1.4364782 | O17: 2.9826845
B18: Septiembre | C18: 4191.9239 | D18: 81.264515 | F18: 5522.67 | G18: 9795.8584 | H18: 10548.8 | I18: 20344.658 | J18: 1494.3926 | K18: 684.82579 | L18: 626.29 | M18: 7078.6967 | N18: 1.3838506 | O18: 2.8740684
B19: Octubre | C19: 4325.1885 | D19: 81.299613 | F19: 5570.34 | G19: 9976.8281 | H19: 10689.42 | I19: 20666.248 | J19: 1795.1901 | K19: 516.76512 | L19: 648.88 | M19: 7367.3233 | N19: 1.3541999 | O19: 2.805123
B20: Noviembre | C20: 4222.6095 | D20: 81.761841 | F20: 5852.3 | G20: 10156.671 | H20: 10843.49 | I20: 21000.161 | J20: 1625.1286 | K20: 725.01414 | L20: 629.93 | M20: 7284.4441 | N20: 1.394296 | O20: 2.8828777
B21: Diciembre | C21: 4545.384 | D21: 82.432862 | F21: 6148.33 | G21: 10776.147 | H21: 11413.22 | I21: 22189.367 | J21: 1606.7282 | K21: 519.19565 | L21: 677.2 | M21: 7430.9407 | N21: 1.4501726 | O21: 2.9860778
A22: 2011 | B22: Enero | C22: 4338.0574 | D22: 82.292037 | F22: 6022.11 | G22: 10442.459 | H22: 11236.35 | I22: 21678.809 | J22: 1325.554 | K22: 363.93821 | L22: 638.38 | M22: 6748.2217 | N22: 1.5474387 | O22: 3.2125218
B23: Febrero | C23: 4327.3877 | D23: 81.765212 | F23: 6130.64 | G23: 10539.793 | H23: 11441.14 | I23: 21980.933 | J23: 1490.3473 | K23: 275.56992 | L23: 662.95 | M23: 6838.0201 | N23: 1.5413515 | O23: 3.2145171
B24: Marzo | C24: 4346.75 | D24: 81.680068 | F24: 6449.47 | G24: 10877.9 | H24: 11848.84 | I24: 22726.74 | J24: 1779.9779 | K24: 429.7636 | L24: 686.19 | M24: 7324.3616 | N24: 1.485167 | O24: 3.1028971
B25: Abril | C25: 4477.1809 | D25: 81.716566 | F25: 6209.46 | G25: 10768.358 | H25: 12376.5 | I25: 23144.858 | J25: 1907.02 | K25: 575.6447 | L25: 678.99 | M25: 7720.5522 | N25: 1.3947652 | O25: 2.9978241
B26: Mayo | C26: 4438.88 | D26: 82.09353 | F26: 6371.44 | G26: 10892.414 | H26: 12438.89 | I26: 23331.304 | J26: 1694.5173 | K26: 712.00764 | L26: 747.8 | M26: 7675.2984 | N26: 1.4191518 | O26: 3.0397911
B27: Junio | C27: 4561.0026 | D27: 82.114227 | F27: 6431.69 | G27: 11074.807 | H27: 12631.44 | I27: 23706.247 | J27: 1747.6103 | K27: 506.38408 | L27: 726.15 | M27: 7623.2612 | N27: 1.452765 | O27: 3.1097251
B28: Julio | C28: 4662.685 | D28: 82.462857 | F28: 6535.23 | G28: 11280.378 | H28: 12927.14 | I28: 24207.518 | J28: 1842.625 | K28: 423.47165 | L28: 710.48 | M28: 7721.7245 | N28: 1.4608625 | O28: 3.1349885
B29: Agosto | C29: 4665.1856 | D29: 82.762439 | F29: 6583.85 | G29: 11331.798 | H29: 13176.23 | I29: 24508.028 | J29: 1837.0135 | K29: 527.87104 | L29: 749.08 | M29: 7861.9125 | N29: 1.4413539 | O29: 3.1173112
B30: Septiembre | C30: 4742.9395 | D30: 82.841513 | F30: 6408.5 | G30: 11234.281 | H30: 13614.42 | I30: 24848.701 | J30: 1833.5796 | K30: 522.08512 | L30: 703.9 | M30: 7885.3458 | N30: 1.4247037 | O30: 3.1512507
B31: Octubre | C31: 4792.1152 | D31: 83.414454 | F31: 6417.28 | G31: 11292.81 | H31: 13780.94 | I31: 25073.75 | J31: 1754.1108 | K31: 605.93648 | L31: 799.21 | M31: 8034.7869 | N31: 1.4054896 | O31: 3.120649
B32: Noviembre | C32: 4777.2189 | D32: 82.813536 | F32: 6383.74 | G32: 11243.772 | H32: 13714.86 | I32: 24958.632 | J32: 1521.8084 | K32: 816.22078 | L32: 773.84 | M32: 7971.9016 | N32: 1.4104254 | O32: 3.1308255
B33: Diciembre | C33: 5290.9794 | D33: 83.197874 | F33: 6718.79 | G33: 12092.967 | H33: 14464.01 | I33: 26556.977 | J33: 1594.7785 | K33: 649.25623 | L33: 773.52 | M33: 8391.7321 | N33: 1.4410574 | O33: 3.1646598
A34: 2012 | B34: Enero | C34: 4958.1532 | D34: 83.402306 | F34: 6874.13 | G34: 11915.686 | H34: 14412.78 | I34: 26328.466 | J34: 1699.2723 | K34: 863.62242 | L34: 731.84 | M34: 8336.2903 | N34: 1.4293751 | O34: 3.1582952
B35: Febrero | C35: 4922.1882 | D35: 83.006349 | F35: 6890.55 | G35: 11895.745 | H35: 14836.3 | I35: 26732.045 | J35: 1706.5279 | K35: 697.02341 | L35: 808.32 | M35: 8217.0659 | N35: 1.4476876 | O35: 3.2532348
B36: Marzo | C36: 5060.4835 | D36: 82.884368 | F36: 7300.46 | G36: 12443.828 | H36: 15103.01 | I36: 27546.838 | J36: 1910.4775 | K36: 755.39812 | L36: 733.65 | M36: 8542.8935 | N36: 1.4566292 | O36: 3.2245325
B37: Abril | C37: 5211.7885 | D37: 82.539484 | F37: 7003.69 | G37: 12298.018 | H37: 15374.52 | I37: 27672.538 | J37: 1639.7876 | K37: 579.69318 | L37: 803.57 | M37: 8317.3787 | N37: 1.478593 | O37: 3.3270744
B38: Mayo | C38: 5206.3147 | D38: 83.258436 | F38: 7247.7 | G38: 12537.273 | H38: 15622.01 | I38: 28159.283 | J38: 1654.3634 | K38: 644.08696 | L38: 820.05 | M38: 8408.0735 | N38: 1.4910994 | O38: 3.3490767
B39: Junio | C39: 5255.8124 | D39: 83.414597 | F39: 7084.47 | G39: 12423.697 | H39: 15796.53 | I39: 28220.227 | J39: 1830.3942 | K39: 654.47929 | L39: 760.16 | M39: 8584.2604 | N39: 1.4472647 | O39: 3.2874383
B40: Julio | C40: 5373.0146 | D40: 82.833945 | F40: 6949.83 | G40: 12405.679 | H40: 15698.63 | I40: 28104.309 | J40: 1720.1694 | K40: 459.76706 | L40: 829.12 | M40: 8464.905 | N40: 1.4655426 | O40: 3.3200973
B41: Agosto | C41: 5517.3858 | D41: 83.26651 | F41: 6911.38 | G41: 12512.032 | H41: 15944.45 | I41: 28456.482 | J41: 2416.6761 | K41: 447.6638 | L41: 807.1 | M41: 9272.0922 | N41: 1.3494292 | O41: 3.0690465
B42: Septiembre | C42: 5508.0796 | D42: 83.158872 | F42: 6950.85 | G42: 12542.088 | H42: 15900.74 | I42: 28442.828 | J42: 2307.4553 | K42: 604.18602 | L42: 808.86 | M42: 9311.7398 | N42: 1.3469114 | O42: 3.0545128
B43: Octubre | C43: 5615.2751 | D43: 83.289644 | F43: 7154.53 | G43: 12853.095 | H43: 16089.98 | I43: 28943.075 | J43: 2211.5024 | K43: 581.66459 | L43: 869.04 | M43: 9360.7717 | N43: 1.3730807 | O43: 3.0919539
B44: Noviembre | C44: 5761.628 | D44: 83.082588 | F44: 7491.93 | G44: 13336.641 | H44: 15961.34 | I44: 29297.981 | J44: 2127.5798 | K44: 968.58165 | L44: 825.77 | M44: 9766.6421 | N44: 1.3655298 | O44: 2.9998008
B45: Diciembre | C45: 6326.7378 | D45: 84.516947 | F45: 8100.37 | G45: 14511.625 | H45: 16393.88 | I45: 30905.505 | J45: 2360.2393 | K45: 244.18684 | L45: 987.82 | M45: 10003.501 | N45: 1.4506546 | O45: 3.0894689
A46: 2013 | B46: Enero | C46: 6043.0509 | D46: 83.714124 | F46: 7876.77 | G46: 14003.535 | H46: 16422.92 | I46: 30426.455 | J46: 2155.9108 | K46: 407.22175 | L46: 884.67 | M46: 9574.5675 | N46: 1.4625762 | O46: 3.1778412
B47: Febrero | C47: 6078.5199 | D47: 83.873203 | F47: 7829.95 | G47: 13992.343 | H47: 16620.63 | I47: 30612.973 | J47: 2462.1353 | K47: 365.31878 | L47: 928.48 | M47: 9918.3272 | N47: 1.4107564 | O47: 3.0865057
B48: Marzo | C48: 6291.9044 | D48: 83.79172 | F48: 7735.47 | G48: 14111.166 | H48: 16560.09 | I48: 30671.256 | J48: 2747.4456 | K48: 429.14427 | L48: 882.02 | M48: 10434.306 | N48: 1.3523819 | O48: 2.939463
B49: Abril | C49: 6459.9784 | D49: 83.506967 | F49: 7528.96 | G49: 14072.445 | H49: 16785.85 | I49: 30858.295 | J49: 2554.5081 | K49: 512.89327 | L49: 870.16 | M49: 10481.047 | N49: 1.3426565 | O49: 2.9441998
B50: Mayo | C50: 6561.088 | D50: 84.632108 | F50: 7854.72 | G50: 14500.44 | H50: 16927.65 | I50: 31428.09 | J50: 2452.0248 | K50: 469.52765 | L50: 862.39 | M50: 10429.663 | N50: 1.3903077 | O50: 3.0133372
B51: Junio | C51: 6591.9602 | D51: 84.233698 | F51: 7508.26 | G51: 14184.454 | H51: 17053.68 | I51: 31238.134 | J51: 2588.013 | K51: 423.08549 | L51: 835.11 | M51: 10522.402 | N51: 1.3480243 | O51: 2.9687264
B52: Julio | C52: 6664.5415 | D52: 84.546609 | F52: 7532.84 | G52: 14281.928 | H52: 17094.93 | I52: 31376.858 | J52: 2387.9963 | K52: 527.6441 | L52: 867.05 | M52: 10531.779 | N52: 1.3560794 | O52: 2.9792554
B53: Agosto | C53: 6866.6676 | D53: 84.613598 | F53: 7508.84 | G53: 14460.121 | H53: 17595.32 | I53: 32055.441 | J53: 2636.1218 | K53: 964.32806 | L53: 801.5 | M53: 11353.231 | N53: 1.2736569 | O53: 2.8234642
B54: Septiembre | C54: 6921.8355 | D54: 84.325152 | F54: 7592.33 | G54: 14598.491 | H54: 17566.41 | I54: 32164.901 | J54: 2680.4469 | K54: 1095.4702 | L54: 817.85 | M54: 11599.928 | N54: 1.2584984 | O54: 2.7728535
B55: Octubre | C55: 6994.279 | D55: 85.246661 | F55: 7685.32 | G55: 14764.846 | H55: 17839.11 | I55: 32603.956 | J55: 2739.475 | K55: 986.66665 | L55: 844.21 | M55: 11649.877 | N55: 1.2673821 | O55: 2.7986523
B56: Noviembre | C56: 6891.9266 | D56: 85.701091 | F56: 8024.18 | G56: 15001.808 | H56: 18133.11 | I56: 33134.918 | J56: 3271.8038 | K56: 1076.2045 | L56: 817.81 | M56: 12143.446 | N56: 1.2353831 | O56: 2.7286256
B57: Diciembre | C57: 7367.0562 | D57: 87.330005 | F57: 8818.04 | G57: 16272.426 | H57: 18778.71 | I57: 35051.136 | J57: 3898.1353 | K57: 360.43945 | L57: 1025.66 | M57: 12738.621 | N57: 1.2774088 | O57: 2.7515644
A58: 2014 | B58: Enero | C58: 7128.6445 | D58: 86.154588 | E58: 0 | F58: 8334.61 | G58: 15549.409 | H58: 18821.17 | I58: 34370.579 | J58: 3406.8733 | K58: 689.87116 | L58: 865.28 | M58: 12176.824 | N58: 1.2769676 | O58: 2.8226227
B59: Febrero | C59: 7313.658 | D59: 86.647344 | E59: 0 | F59: 8224.53 | G59: 15624.835 | H59: 19042.56 | I59: 34667.395 | J59: 3238.8824 | K59: 581.36766 | L59: 892.25 | M59: 12112.805 | N59: 1.2899436 | O59: 2.8620451
B60: Marzo | C60: 7407.4633 | D60: 86.92014 | E60: 0 | F60: 8345.01 | G60: 15839.393 | H60: 19039.41 | I60: 34878.803 | J60: 3386.2174 | K60: 496.22237 | L60: 857.27 | M60: 12234.093 | N60: 1.2946929 | O60: 2.8509513
B61: Abril | C61: 7648.1078 | D61: 86.504072 | E61: 0 | F61: 8035.21 | G61: 15769.822 | H61: 19367.1 | I61: 35136.922 | J61: 2819.8969 | K61: 442.77382 | L61: 929.93 | M61: 11927.213 | N61: 1.3221716 | O61: 2.9459458
B62: Mayo | C62: 7726.946 | D62: 87.032545 | E62: 0 | F62: 8095.79 | G62: 15909.769 | H62: 19553.8 | I62: 35463.569 | J62: 3053.4413 | K62: 398.30765 | L62: 927.91 | M62: 12193.638 | N62: 1.3047598 | O62: 2.9083666
B63: Junio | C63: 7829.1869 | D63: 87.097392 | E63: 0 | F63: 8359.8 | G63: 16276.084 | H63: 19675.8 | I63: 35951.884 | J63: 3289.3688 | K63: 386.07273 | L63: 949.2 | M63: 12540.926 | N63: 1.2978375 | O63: 2.8667648
B64: Julio | C64: 8014.8255 | D64: 87.111238 | E64: 0 | F64: 8366.52 | G64: 16468.457 | H64: 19859.21 | I64: 36327.667 | J64: 3076.3495 | K64: 469.64218 | L64: 931.43 | M64: 12579.358 | N64: 1.3091651 | O64: 2.8878791
B65: Agosto | C65: 8327.273 | D65: 86.76512 | E65: 0 | F65: 8567.96 | G65: 16981.998 | H65: 20127.06 | I65: 37109.058 | J65: 3417.2733 | K65: 469.24464 | L65: 923.43 | M65: 13223.986 | N65: 1.2841815 | O65: 2.8061931
B66: Septiembre | C66: 8398.1116 | D66: 87.560705 | E66: 0 | F66: 8761.35 | G66: 17247.022 | H66: 20071.64 | I66: 37318.662 | J66: 3101.3821 | K66: 380.37764 | L66: 1009.84 | M66: 12977.272 | N66: 1.3290176 | O66: 2.8756939
B67: Octubre | C67: 8662.8477 | D67: 87.602667 | E67: 0.01 | F67: 8560.7 | G67: 17311.16 | H67: 20578.09 | I67: 37889.25 | J67: 3286.6041 | K67: 483.13193 | L67: 937.1 | M67: 13457.296 | N67: 1.2863773 | O67: 2.8155173
B68: Noviembre | C68: 8796.4334 | D68: 88.084971 | E68: 0.075326 | F68: 8852.29 | G68: 17736.884 | H68: 20625.29 | I68: 38362.174 | J68: 3510.6101 | K68: 847.39022 | L68: 960.28 | M68: 14202.874 | N68: 1.2488236 | O68: 2.7010149
B69: Diciembre | C69: 9539.8967 | D69: 86.581904 | E69: 0.07839 | F69: 9068.76 | G69: 18695.317 | H69: 21409.05 | I69: 40104.367 | J69: 3506.0468 | K69: 360.96491 | L69: 1237.52 | M69: 14731.089 | N69: 1.2691063 | O69: 2.7224306
A70: 2015 | B70: Enero | C70: 9267.4606 | D70: 87.412042 | E70: 0.075324 | F70: 8697.38 | G70: 18052.328 | H70: 21061.67 | I70: 39113.998 | J70: 2771.822 | K70: 695.371 | L70: 1105.55 | M70: 13927.691 | N70: 1.2961465 | O70: 2.808362
B71: Febrero | C71: 9334.1931 | D71: 87.075282 | E71: 0.266955 | F71: 8426.37 | G71: 17847.905 | H71: 21210.15 | I71: 39058.055 | J71: 2620.975 | K71: 529.00852 | L71: 1093.98 | M71: 13665.499 | N71: 1.3060559 | O71: 2.8581507
B72: Marzo | C72: 9476.1044 | D72: 86.118815 | E72: 0.436181 | F72: 8720.31 | G72: 18282.969 | H72: 21277.91 | I72: 39560.879 | J72: 2915.1399 | K72: 429.67722 | L72: 1135.96 | M72: 14043.437 | N72: 1.3018871 | O72: 2.8170369
B73: Abril | C73: 10149.165 | D73: 86.17894 | E73: 0.521665 | F73: 7936.76 | G73: 18172.626 | H73: 21376.46 | I73: 39549.086 | J73: 2317.9476 | K73: 440.9242 | L73: 1154.24 | M73: 14148.978 | N73: 1.2843773 | O73: 2.7951903
B74: Mayo | C74: 10064.449 | D74: 86.890769 | E74: 0.577299 | F74: 8006.02 | G74: 18157.937 | H74: 21408.74 | I74: 39566.677 | J74: 2910.5016 | K74: 564.00497 | L74: 1196.46 | M74: 14822.883 | N74: 1.2249936 | O74: 2.6692969
B75: Junio | C75: 10202.301 | D75: 86.785893 | E75: 0.610639 | F75: 7990.02 | G75: 18279.718 | H75: 21036.02 | I75: 39315.738 | J75: 2939.9067 | K75: 570.52244 | L75: 1252.09 | M75: 15052.217 | N75: 1.2144203 | O75: 2.6119566
B76: Julio | C76: 10577.856 | D76: 86.526715 | E76: 0.65264 | F76: 7936.84 | G76: 18601.875 | H76: 21119.98 | I76: 39721.855 | J76: 2845.476 | K76: 574.66362 | L76: 1169.77 | M76: 15254.945 | N76: 1.2193997 | O76: 2.6038675
B77: Agosto | C77: 10837.207 | D77: 86.155542 | E77: 0.752214 | F77: 7848.07 | G77: 18772.185 | H77: 20768.43 | I77: 39540.615 | J77: 2665.3452 | K77: 582.06882 | L77: 1193.03 | M77: 15364.559 | N77: 1.2217848 | O77: 2.573495
B78: Septiembre | C78: 10840.87 | D78: 87.190649 | E78: 0.757164 | F78: 7500.49 | G78: 18429.308 | H78: 20575.06 | I78: 39004.368 | J78: 2493.1739 | K78: 644.43585 | L78: 1234.6 | M78: 15301.027 | N78: 1.204449 | O78: 2.5491339
B79: Octubre | C79: 11106.374 | D79: 86.848094 | E79: 0.762391 | F79: 7242.06 | G79: 18436.045 | H79: 20617.21 | I79: 39053.255 | J79: 2760.9818 | K79: 775.65155 | L79: 1211.2 | M79: 15941.818 | N79: 1.1564581 | O79: 2.4497366
B80: Noviembre | C80: 11104.985 | D80: 86.495713 | E80: 0.776882 | F80: 7290.07 | G80: 18482.327 | H80: 20359.85 | I80: 38842.177 | J80: 2829.9323 | K80: 1108.4611 | L80: 1231.76 | M80: 16362.411 | N80: 1.1295602 | O80: 2.3738664
B81: Diciembre | C81: 11753.669 | D81: 86.256284 | E81: 0.777388 | F81: 7200.95 | G81: 19041.653 | H81: 20608.95 | I81: 39650.603 | J81: 3053.443 | K81: 434.5602 | L81: 1284.56 | M81: 16613.266 | N81: 1.1461715 | O81: 2.3866832
A82: 2016 | B82: Enero | C82: 11494.347 | D82: 84.886662 | E82: 0.79337 | F82: 7261.45 | G82: 18841.477 | H82: 20932.51 | I82: 39773.987 | J82: 3759.2975 | K82: 702.03281 | L82: 1181.13 | M82: 17222.487 | N82: 1.0940044 | O82: 2.3094218
B83: Febrero | C83: 11504.227 | D83: 83.982169 | E83: 0.802315 | F83: 7661.47 | G83: 19250.481 | H83: 20690.55 | I83: 39941.031 | J83: 3907.9702 | K83: 568.159 | L83: 1216.98 | M83: 17282.12 | N83: 1.1138958 | O83: 2.3111187
B84: Marzo | C84: 11563.484 | D84: 83.351993 | E84: 0.799597 | F84: 7886.44 | G84: 19534.075 | H84: 20860.77 | I84: 40394.845 | J84: 3930.8527 | K84: 484.84196 | L84: 1277.52 | M84: 17340.85 | N84: 1.1264774 | O84: 2.3294617
B85: Abril | C85: 12036.926 | D85: 83.903732 | E85: 0.793618 | F85: 7429.42 | G85: 19551.043 | H85: 20995.61 | I85: 40546.653 | J85: 3710.2874 | K85: 241.67562 | L85: 1215.52 | M85: 17289.106 | N85: 1.1308302 | O85: 2.3452139
B86: Mayo | C86: 12019.26 | D86: 83.798087 | E86: 0.917902 | F86: 7763.43 | G86: 19867.406 | H86: 20779.32 | I86: 40646.726 | J86: 3696.0563 | K86: 373.49146 | L86: 1351.37 | M86: 17524.894 | N86: 1.1336677 | O86: 2.3193707
B87: Junio | C87: 12033.689 | D87: 83.429237 | E87: 1.060064 | F87: 8098.41 | G87: 20216.588 | H87: 21115 | I87: 41331.588 | J87: 4401.4766 | K87: 341.3286 | L87: 1311.6 | M87: 18172.584 | N87: 1.1124774 | O87: 2.2743925
B88: Julio | C88: 12161.622 | D88: 84.074711 | E88: 1.543664 | F88: 8006.08 | G88: 20253.321 | H88: 21371.14 | I88: 41624.461 | J88: 4709.337 | K88: 329.63522 | L88: 1254.16 | M88: 18540.373 | N88: 1.0923901 | O88: 2.2450714
B89: Agosto | C89: 12291.671 | D89: 84.970832 | E89: 1.587384 | F89: 8253.22 | G89: 20631.45 | H89: 22072.88 | I89: 42704.33 | J89: 4771.8297 | K89: 320.7362 | L89: 1283.01 | M89: 18753.806 | N89: 1.1001207 | O89: 2.2771021
B90: Septiembre | C90: 12367.708 | D90: 85.222753 | E90: 2.898244 | F90: 8338.71 | G90: 20794.539 | H90: 22462.91 | I90: 43257.449 | J90: 4878.6648 | K90: 440.8093 | L90: 1266.64 | M90: 19041.943 | N90: 1.0920387 | O90: 2.271693
B91: Octubre | C91: 12379.556 | D91: 86.07706 | E91: 3.047543 | F91: 8336.4 | G91: 20805.081 | H91: 22812.65 | I91: 43617.731 | J91: 5152.5447 | K91: 528.02732 | L91: 1400.43 | M91: 19549.683 | N91: 1.0642158 | O91: 2.2311222
B92: Noviembre | C92: 12414.64 | D92: 86.027586 | E92: 3.774137 | F92: 8635.59 | G92: 21140.032 | H92: 22861.36 | I92: 44001.392 | J92: 5068.8145 | K92: 730.30837 | L92: 1405.48 | M92: 19709.045 | N92: 1.0726056 | O92: 2.2325482
B93: Diciembre | C93: 13261.119 | D93: 88.194713 | E93: 4.126715 | F93: 9281.36 | G93: 22634.801 | H93: 23553.47 | I93: 46188.271 | J93: 6044.0528 | K93: 357.68917 | L93: 1527.52 | M93: 21282.703 | N93: 1.0635304 | O93: 2.1702258
A94: 2017 | B94: Enero | C94: 12979.481 | D94: 89.16398 | E94: 4.971321 | F94: 8838.57 | G94: 21912.186 | H94: 23345.29 | I94: 45257.476 | J94: 5336.2845 | K94: 525.81592 | L94: 1528.2 | M94: 20463.916 | N94: 1.0707719 | O94: 2.2115745
B95: Febrero | C95: 13147.254 | D95: 89.385707 | E95: 6.143148 | F95: 8950.74 | G95: 22193.523 | H95: 23786.56 | I95: 45980.083 | J95: 5418.7928 | K95: 580.77046 | L95: 1527.28 | M95: 20769.626 | N95: 1.0685567 | O95: 2.2138137
B96: Marzo | C96: 13301.038 | D96: 87.755964 | E96: 7.468235 | F96: 9636.68 | G96: 23032.942 | H96: 24042.99 | I96: 47075.932 | J96: 5626.9883 | K96: 503.67704 | L96: 1477.85 | M96: 21004.777 | N96: 1.0965573 | O96: 2.2412012
B97: Abril | C97: 13582.728 | D97: 87.377241 | E97: 8.632575 | F97: 9163.56 | G97: 22842.298 | H97: 24468.49 | I97: 47310.788 | J97: 5254.079 | K97: 470.67432 | L97: 1533.37 | M97: 20936.861 | N97: 1.0910087 | O97: 2.2596886
B98: Mayo | C98: 13642.395 | D98: 88.017851 | E98: 9.819016 | F98: 8963.52 | G98: 22703.751 | H98: 24425.66 | I98: 47129.411 | J98: 4480.7734 | K98: 584.49809 | L98: 1577.56 | M98: 20383.063 | N98: 1.1138538 | O98: 2.312185
B99: Junio | C99: 13730.199 | D99: 86.42027 | E99: 10.029009 | F99: 8998.26 | G99: 22824.908 | H99: 24761.78 | I99: 47586.688 | J99: 4921.8031 | K99: 485.93959 | L99: 1509.37 | M99: 20743.761 | N99: 1.1003264 | O99: 2.2940241
B100: Julio | C100: 13776.092 | D100: 86.277049 | E100: 10.324241 | F100: 8939.61 | G100: 22812.304 | H100: 24687.62 | I100: 47499.924 | J100: 4696.1995 | K100: 584.94443 | L100: 1486.36 | M100: 20640.197 | N100: 1.1052367 | O100: 2.3013309
B101: Agosto | C101: 13943.506 | D101: 85.826087 | E101: 10.786659 | F101: 8952.81 | G101: 22992.929 | H101: 24782.18 | I101: 47775.109 | J101: 4415.3891 | K101: 465.76088 | L101: 1579.89 | M101: 20501.158 | N101: 1.1215429 | O101: 2.3303614
B102: Septiembre | C102: 13965.809 | D102: 85.803219 | E102: 8.552673 | F102: 8719.17 | G102: 22779.335 | H102: 24879.21 | I102: 47658.545 | J102: 4251.9861 | K102: 568.60775 | L102: 1592.5 | M102: 20473.259 | N102: 1.1126384 | O102: 2.3278436
B103: Octubre | C103: 14047.737 | D103: 85.582612 | E103: 8.858624 | F103: 9007.79 | G103: 23149.969 | H103: 25016.58 | I103: 48166.549 | J103: 4508.455 | K103: 536.37123 | L103: 1613.4 | M103: 20800.405 | N103: 1.1129576 | O103: 2.3156544
B104: Noviembre | C104: 14170.538 | D104: 84.890476 | E104: 10.205476 | F104: 9391.37 | G104: 23657.004 | H104: 25178.51 | I104: 48835.514 | J104: 4655.7351 | K104: 775.06446 | L104: 1579.29 | M104: 21275.724 | N104: 1.1119248 | O104: 2.2953632
...

Sheet IMS2
A2: 2. RESERVAS INTERNACIONALES (1)
A3: En millones de dólares al final del período
A5: Menú Principal
B7: 2006 | N7: 2007 | Z7: 2008 | AL7: 2009 | AX7: 2010 | BJ7: 2011 | BV7: 2012 | CH7: 2013 | CT7: 2014 | DF7: 2015 | DR7: 2016 | ED7: 2017 | EP7: 2018 | FB7: 2019 | FN7: 2020 | FZ7: 2021 | GL7: 2022 | GX7: 2023 | HJ7: 2024 | HV7: 2025
B8: Ene | C8: Feb | D8: Mar | E8: Abr | F8: May | G8: Jun | H8: Jul | I8: Ago | J8: Sep | K8: Oct | L8: Nov | M8: Dic | N8: Ene | O8: Feb | P8: Mar | Q8: Abr | R8: May | S8: Jun | T8: Jul | U8: Ago | V8: Sep | W8: Oct | X8: Nov | Y8: Dic | Z8: Ene | AA8: Feb | AB8: Mar | AC8: Abr | AD8: May | AE8: Jun | AF8: Jul | AG8: Ago | AH8: Sep | AI8: Oct | AJ8: Nov | AK8: Dic | AL8: Ene | AM8: Feb | AN8: Mar | AO8: Abr | AP8: May | AQ8: Jun | AR8: Jul | AS8: Ago | AT8: Sep | AU8: Oct | AV8: Nov | AW8: Dic | AX8: Ene | AY8: Feb | AZ8: Mar | BA8: Abr | BB8: May | BC8: Jun | BD8: Jul | BE8: Ago | BF8: Sep | BG8: Oct | BH8: Nov | BI8: Dic | BJ8: Ene | BK8: Feb | BL8: Mar | BM8: Abr | BN8: May | BO8: Jun | BP8: Jul | BQ8: Ago | BR8: Sep | BS8: Oct | BT8: Nov | BU8: Dic | BV8: Ene | BW8: Feb | BX8: Mar | BY8: Abr | BZ8: May | CA8: Jun | CB8: Jul | CC8: Ago | CD8: Sep | CE8: Oct | CF8: Nov | CG8: Dic | CH8: Ene | CI8: Feb | CJ8: Mar | CK8: Abr | CL8: May | CM8: Jun | CN8: Jul | CO8: Ago | CP8: Sep | CQ8: Oct | CR8: Nov | CS8: Dic | CT8: Ene | CU8: Feb | CV8: Mar | CW8: Abr | CX8: May | CY8: Jun | CZ8: Jul | DA8: Ago | DB8: Sep | DC8: Oct | DD8: Nov | DE8: Dic | DF8: Ene | DG8: Feb | DH8: Mar | DI8: Abr | DJ8: May | DK8: Jun | DL8: Jul | DM8: Ago | DN8: Sep | DO8: Oct | DP8: Nov | DQ8: Dic | DR8: Ene | DS8: Feb | DT8: Mar | DU8: Abr | DV8: May | DW8: Jun | DX8: Jul | DY8: Ago | DZ8: Sep | EA8: Oct | EB8: Nov | EC8: Dic | ED8: Ene | EE8: Feb | EF8: Mar | EG8: Abr | EH8: May | EI8: Jun | EJ8: Jul | EK8: Ago | EL8: Sep | EM8: Oct | EN8: Nov | EO8: Dic | EP8: Ene | EQ8: Feb | ER8: Mar | ES8: Abr | ET8: May | EU8: Jun | EV8: Jul | EW8: Ago | EX8: Sep | EY8: Oct | EZ8: Nov | FA8: Dic | FB8: Ene | FC8: Feb | FD8: Mar | FE8: Abr | FF8: May | FG8: Jun | FH8: Jul | FI8: Ago | FJ8: Sep | FK8: Oct | FL8: Nov | FM8: Dic | FN8: Ene | FO8: Feb | FP8: Mar | FQ8: Abr | FR8: May | FS8: Jun | FT8: Jul | FU8: Ago | FV8: Sep | FW8: Oct | FX8: Nov | FY8: Dic | FZ8: Ene | GA8: Feb | GB8: Mar | GC8: Abr | GD8: May | GE8: Jun | GF8: Jul | GG8: Ago | GH8: Sep | GI8: Oct | GJ8: Nov | GK8: Dic | GL8: Ene | GM8: Feb | GN8: Mar | GO8: Abr | GP8: May | GQ8: Jun | GR8: Jul | GS8: Ago | GT8: Sep | GU8: Oct | GV8: Nov | GW8: Dic | GX8: Ene | GY8: Feb | GZ8: Mar | HA8: Abr | HB8: May | HC8: Jun | HD8: Jul | HE8: Ago | HF8: Sep | HG8: Oct | HH8: Nov | HI8: Dic | HJ8: Ene | HK8: Feb | HL8: Mar | HM8: Abr | HN8: May | HO8: Jun | HP8: Jul | HQ8: Ago | HR8: Sep | HS8: Oct | HT8: Nov | HU8: Dic | HV8: Ene | HW8: Feb | HX8: Mar | HY8: 45751 | HZ8: 45758 | IA8: 45764 | IB8: 45772 | IC8: 45777 | ID8: 45786 | IE8: 45793
CM9: 41455 | CR9: 41608 | GM9: 44575 | GN9: 44576 | GO9: 44577
A11: 1. Posición neta en divisas (1.1+1.2+1.3) | B11: 1419.0949 | C11: 1418.3385 | D11: 1830.32 | E11: 2114.64 | F11: 1656.1534 | G11: 1727.59 | H11: 1849.11 | I11: 2105.71 | J11: 2312.491 | K11: 2446.24 | L11: 1837.23 | M11: 1455.63 | N11: 1537.88 | O11: 1877.71 | P11: 1577.18 | Q11: 2202.68 | R11: 2483.21 | S11: 2619.69 | T11: 2844.01 | U11: 2880.74 | V11: 2929.84 | W11: 2956.5 | X11: 2890.25 | Y11: 2762.75 | Z11: 2668.2776 | AA11: 3113.2583 | AB11: 3298.6059 | AC11: 4811.986 | AD11: 5060.9539 | AE11: 5243.187 | AF11: 5324.8817 | AG11: 5588.9346 | AH11: 5688.8218 | AI11: 5593.9352 | AJ11: 5259.896 | AK11: 3711.6482 | AL11: 3440.5736 | AM11: 3132.0368 | AN11: 2399.7768 | AO11: 2335.191 | AP11: 1661.5647 | AQ11: 1852.2262 | AR11: 2287.3989 | AS11: 3040.9331 | AT11: 3733.3832 | AU11: 3648.7253 | AV11: 4178.0081 | AW11: 2846.4891 | AX11: 2940.6722 | AY11: 2607.0663 | AZ11: 3003.2353 | BA11: 3273.7211 | BB11: 3490.4407 | BC11: 2978.0324 | BD11: 2814.7613 | BE11: 2364.5036 | BF11: 3193.6331 | BG11: 2473.4017 | BH11: 2216.2759 | BI11: 1387.2745 | BJ11: 1677.0325 | BK11: 2659.7272 | BL11: 2680.1427 | BM11: 2807.3986 | BN11: 2528.0349 | BO11: 2534.2053 | BP11: 2553.7339 | BQ11: 2533.816 | BR11: 2218.9159 | BS11: 3023.7037 | BT11: 2544.5177 | BU11: 1597.5722 | BV11: 1823.9695 | BW11: 1812.0126 | BX11: 1895.2688 | BY11: 2317.2482 | BZ11: 2534.8991 | CA11: 2531.9592 | CB11: 2602.219 | CC11: 2755.03 | CD11: 3312.14 | CE11: 2509.07 | CF11: 1915.33 | CG11: 469.2 | CH11: 1037.04 | CI11: 2307.71 | CJ11: 2354.41 | CK11: 2945.15 | CL11: 2469.18 | CM11: 2181.73 | CN11: 2452.9 | CO11: 3200.67 | CP11: 2949.4268 | CQ11: 2882.8233 | CR11: 2773.253 | CS11: 3088.1959 | CT11: 3010.1586 | CU11: 3066.2194 | CV11: 2711.8372 | CW11: 2261.4799 | CX11: 3285.8826 | CY11: 5027.931 | CZ11: 4953.9041 | DA11: 5535.3978 | DB11: 6065.2379 | DC11: 5351.332 | DD11: 5176.963 | DE11: 3237.4113 | DF11: 3082.9431 | DG11: 3149.6045 | DH11: 3072.5444 | DI11: 2816.0787 | DJ11: 3929.9266 | DK11: 4120.1844 | DL11: 4268.2161 | DM11: 3672.7239 | DN11: 2961.7156 | DO11: 2711.3069 | DP11: 2528.5994 | DQ11: 1884.5674 | DR11: 2696.2196 | DS11: 2773.5944 | DT11: 1998.7065 | DU11: 1883.1825 | DV11: 1572.9799 | DW11: 2818.594 | DX11: 3699.2811 | DY11: 3577.0423 | DZ11: 3876.4273 | EA11: 3690.7956 | EB11: 3347.728 | EC11: 3721.7576 | ED11: 4345.2671 | EE11: 3628.4982 | EF11: 2665.5568 | EG11: 2069.0192 | EH11: 1618.9818 | EI11: 3328.424 | EJ11: 3083.2121 | EK11: 2434.7097 | EL11: 1167.126 | EM11: 3999.6805 | EN11: 3211.0136 | EO11: 1622.2815 | EP11: 4845.2768 | EQ11: 4560.9108 | ER11: 4012.773 | ES11: 3403.0251 | ET11: 2900.0832 | EU11: 2340.7924 | EV11: 2309.5804 | EW11: 2231.3294 | EX11: 1865.4659 | EY11: 1879.5522 | EZ11: 1522.2742 | FA11: 2209.0245 | FB11: 2706.362 | FC11: 2353.2978 | FD11: 3051.2672 | FE11: 2565.0028 | FF11: 3149.814 | FG11: 3091.7775 | FH11: 2748.7429 | FI11: 2735.4295 | FJ11: 4077.0341 | FK11: 3015.9635 | FL11: 2128.6012 | FM11: 2274.1795 | FN11: 2382.879 | FO11: 2071.636 | FP11: 1169.4931 | FQ11: 1587.5962 | FR11: 2113.1425 | FS11: 1242.2389 | FT11: 1454.112 | FU11: 1682.6187 | FV11: 1449.9363 | FW11: 3528.4034 | FX11: 3201.7721 | FY11: 5162.3019 | FZ11: 4643.9936 | GA11: 3996.8047 | GB11: 4037.7692 | GC11: 3935.6939 | GD11: 3970.2547 | GE11: 4227.7233 | GF11: 3482.6249 | GG11: 3046.8443 | GH11: 4494.3959 | GI11: 5669.9804 | GJ11: 5690.4305 | GK11: 6021.9301 | GL11: 6078.4237 | GM11: 6092.048 | GN11: 7056.8827 | GO11: 6290.1705 | GP11: 6129.8635 | GQ11: 6557.9963 | GR11: 7004.645 | GS11: 7099.8779 | GT11: 6519.7691 | GU11: 5837.422 | GV11: 5589.9466 | GW11: 6450.5781 | GX11: 6112.417 | GY11: 5864.8624 | GZ11: 5998.1172 | HA11: 5728.1545 | HB11: 5355.1831 | HC11: 4847.7964 | HD11: 4630.6736 | HE11: 4206.1019 | HF11: 4238.1749 | HG11: 3647.2871 | HH11: 3401.7126 | HI11: 2652.1745 | HJ11: 2557.282 | HK11: 3305.8658 | HL11: 3379.0067 | HM11: 3852.498 | HN11: 4702.7243 | HO11: 5075.2931 | HP11: 4982.3128 | HQ11: 6235.7622 | HR11: 6304.3552 | HS11: 6115.5223 | HT11: 5357.5081 | HU11: 4638.8463 | HV11: 4869.1257 | HW11: 5271.6126 | HX11: 5049.8202 | HY11: 4983.3773 | HZ11: 5330.5327 | IA11: 5571.4762 | IB11: 5175.9487 | IC11: 4796.5095 | ID11: 4911.824 | IE11: 5581.0965
A12: 1.1 Caja en divisas | B12: 155.90938 | C12: 145.19391 | D12: 178.71 | E12: 117.34 | F12: 246.41323 | G12: 131.32 | H12: 97.43 | I12: 112.07 | J12: 114.46384 | K12: 132.19 | L12: 310.62 | M12: 124.41 | N12: 247.31 | O12: 181.74 | P12: 217.24 | Q12: 218.13 | R12: 154.54 | S12: 149.04 | T12: 139.5 | U12: 124.24 | V12: 221.16 | W12: 167.73 | X12: 191.73 | Y12: 121.79 | Z12: 265.34907 | AA12: 234.6678 | AB12: 214.30329 | AC12: 143.7772 | AD12: 139.89314 | AE12: 124.68462 | AF12: 155.95318 | AG12: 150.00604 | AH12: 178.77353 | AI12: 219.30446 | AJ12: 220.79558 | AK12: 191.56964 | AL12: 535.53378 | AM12: 436.03471 | AN12: 354.41144 | AO12: 255.56691 | AP12: 305.78269 | AQ12: 263.31515 | AR12: 231.4348 | AS12: 269.32354 | AT12: 235.97561 | AU12: 179.98856 | AV12: 333.2929 | AW12: 358.8954 | AX12: 538.52018 | AY12: 531.61765 | AZ12: 482.47213 | BA12: 504.47139 | BB12: 462.31585 | BC12: 417.50919 | BD12: 434.40352 | BE12: 383.96023 | BF12: 684.82579 | BG12: 516.76512 | BH12: 725.01414 | BI12: 519.19565 | BJ12: 363.93821 | BK12: 275.56992 | BL12: 429.7636 | BM12: 575.6447 | BN12: 712.00764 | BO12: 506.38408 | BP12: 423.47165 | BQ12: 527.87104 | BR12: 522.08512 | BS12: 605.93648 | BT12: 816.22078 | BU12: 649.25623 | BV12: 863.62242 | BW12: 697.02341 | BX12: 755.39812 | BY12: 579.69318 | BZ12: 644.08696 | CA12: 654.47929 | CB12: 459.76706 | CC12: 447.66 | CD12: 604.19 | CE12: 581.66 | CF12: 968.58 | CG12: 244.19 | CH12: 407.22 | CI12: 365.32 | CJ12: 429.14 | CK12: 512.89 | CL12: 469.53 | CM12: 423.09 | CN12: 527.64 | CO12: 964.33 | CP12: 1095.4702 | CQ12: 986.66665 | CR12: 1076.2045 | CS12: 360.43945 | CT12: 689.87116 | CU12: 581.36766 | CV12: 496.22237 | CW12: 442.77382 | CX12: 398.30765 | CY12: 386.07273 | CZ12: 469.64218 | DA12: 469.24464 | DB12: 380.37764 | DC12: 483.13193 | DD12: 847.39022 | DE12: 360.96491 | DF12: 695.371 | DG12: 529.00852 | DH12: 429.67722 | DI12: 440.9242 | DJ12: 564.00497 | DK12: 570.52244 | DL12: 574.66362 | DM12: 582.06882 | DN12: 644.43585 | DO12: 775.65155 | DP12: 1108.4611 | DQ12: 434.5602 | DR12: 702.03281 | DS12: 568.159 | DT12: 484.84196 | DU12: 241.67562 | DV12: 373.49146 | DW12: 341.3286 | DX12: 329.63522 | DY12: 320.7362 | DZ12: 440.8093 | EA12: 528.02732 | EB12: 730.30837 | EC12: 357.68917 | ED12: 525.81592 | EE12: 580.77046 | EF12: 503.67704 | EG12: 470.67432 | EH12: 584.49809 | EI12: 485.93959 | EJ12: 584.94443 | EK12: 465.76088 | EL12: 568.60775 | EM12: 536.37123 | EN12: 775.06446 | EO12: 431.40571 | EP12: 598.76634 | EQ12: 607.55175 | ER12: 613.0476 | ES12: 477.81072 | ET12: 565.7377 | EU12: 489.67953 | EV12: 417.64285 | EW12: 568.73263 | EX12: 555.18303 | EY12: 564.54283 | EZ12: 690.14857 | FA12: 295.89378 | FB12: 722.35721 | FC12: 725.17492 | FD12: 600.81578 | FE12: 477.08845 | FF12: 623.74738 | FG12: 441.82779 | FH12: 551.72944 | FI12: 447.698 | FJ12: 658.62509 | FK12: 537.54446 | FL12: 673.59546 | FM12: 492.87675 | FN12: 692.17861 | FO12: 622.49821 | FP12: 420.15373 | FQ12: 242.11037 | FR12: 336.13801 | FS12: 412.02778 | FT12: 456.00638 | FU12: 427.75177 | FV12: 350.38241 | FW12: 670.2817 | FX12: 835.76139 | FY12: 511.5188 | FZ12: 595.1594 | GA12: 569.94372 | GB12: 587.03096 | GC12: 599.38494 | GD12: 529.49967 | GE12: 444.84277 | GF12: 467.70894 | GG12: 584.61325 | GH12: 521.68194 | GI12: 558.0601 | GJ12: 554.80529 | GK12: 461.20083 | GL12: 665.70074 | GM12: 524.83888 | GN12: 608.14036 | GO12: 585.43119 | GP12: 686.65672 | GQ12: 553.13501 | GR12: 560.69738 | GS12: 468.5729 | GT12: 642.82901 | GU12: 361.21376 | GV12: 356.03379 | GW12: 514.4504 | GX12: 625.2767 | GY12: 543.15723 | GZ12: 447.33915 | HA12: 482.78099 | HB12: 461.08736 | HC12: 605.46372 | HD12: 685.57808 | HE12: 496.49418 | HF12: 544.24782 | HG12: 511.42804 | HH12: 600.71666 | HI12: 564.47828 | HJ12: 695.24739 | HK12: 666.67995 | HL12: 605.47008 | HM12: 427.00739 | HN12: 588.74844 | HO12: 718.94828 | HP12: 588.75203 | HQ12: 735.5657 | HR12: 733.93522 | HS12: 844.55794 | HT12: 1243.6848 | HU12: 1262.9805 | HV12: 1766.5972 | HW12: 1834.0537 | HX12: 1946.8254 | HY12: 1903.9925 | HZ12: 1808.5209 | IA12: 1755.7333 | IB12: 1773.769 | IC12: 1765.6026 | ID12: 1443.1947 | IE12: 1280.1091
A13: 1.2 Depósitos netos en bancos e instituciones financieras del exterior | B13: 80.246657 | C13: -11.802665 | D13: -4.56 | E13: 2.03 | F13: 1210.2075 | G13: 1512.65 | H13: 569.19 | I13: 856.65 | J13: 956.71694 | K13: 673.4 | L13: 910.99 | M13: 703.34 | N13: 1050.89 | O13: 1202.12 | P13: 866.24 | Q13: 1639.86 | R13: 1739.58 | S13: 1782.58 | T13: 1920.19 | U13: 1937.54 | V13: 1509.1 | W13: 1366.23 | X13: 1322.71 | Y13: 1060.89 | Z13: 843.87047 | AA13: 1207.4885 | AB13: 1600.1454 | AC13: 2558.1736 | AD13: 3081.6317 | AE13: 667.89404 | AF13: 2251.6352 | AG13: 2775.6616 | AH13: 2882.7073 | AI13: 2446.3959 | AJ13: 2399.1512 | AK13: 1684.5117 | AL13: 1298.5788 | AM13: 735.22797 | AN13: 784.34588 | AO13: 1285.7158 | AP13: 667.04836 | AQ13: 1471.9744 | AR13: 1.601909 | AS13: 1.595448 | AT13: 544.35096 | AU13: 164.40475 | AV13: 570.60584 | AW13: 596.96582 | AX13: 522.72642 | AY13: 288.93256 | AZ13: 402.96172 | BA13: 349.63315 | BB13: 305.71311 | BC13: 205.41308 | BD13: 232.99226 | BE13: 297.43743 | BF13: 406.95041 | BG13: 472.19989 | BH13: 399.03262 | BI13: 504.51315 | BJ13: 373.32451 | BK13: 502.62653 | BL13: 322.42297 | BM13: 343.07528 | BN13: 161.88295 | BO13: 374.47997 | BP13: 418.56705 | BQ13: 205.93658 | BR13: 298.23978 | BS13: 409.08681 | BT13: 400.76067 | BU13: 295.39474 | BV13: 358.91184 | BW13: 373.4149 | BX13: 355.57694 | BY13: 466.86634 | BZ13: 444.8561 | CA13: 518.23013 | CB13: 381.86119 | CC13: 382.03 | CD13: 334.89 | CE13: 367.22 | CF13: 301.97 | CG13: 225.01 | CH13: 337.25 | CI13: 258.41 | CJ13: 316.37 | CK13: 338.76 | CL13: 214.64 | CM13: 162.69 | CN13: 416.5 | CO13: 342.62 | CP13: 372.47169 | CQ13: 215.3826 | CR13: 486.52641 | CS13: 1428.6922 | CT13: 1048.6207 | CU13: 1309.6027 | CV13: 1524.1761 | CW13: 1240.1588 | CX13: 1350.6248 | CY13: 1371.6486 | CZ13: 1246.5866 | DA13: 1409.5357 | DB13: 1300.8243 | DC13: 1286.3777 | DD13: 1540.5795 | DE13: 1193.1223 | DF13: 1271.3909 | DG13: 944.50892 | DH13: 695.2872 | DI13: 811.88581 | DJ13: 647.08574 | DK13: 692.66378 | DL13: 574.99153 | DM13: 533.53466 | DN13: 577.64015 | DO13: 758.9493 | DP13: 982.22766 | DQ13: 560.65888 | DR13: 539.93859 | DS13: 345.30397 | DT13: 332.67605 | DU13: 176.94262 | DV13: 305.18145 | DW13: 200.24986 | DX13: 212.70727 | DY13: 411.43187 | DZ13: 1255.9681 | EA13: 234.62154 | EB13: 374.96744 | EC13: 331.53868 | ED13: 166.98746 | EE13: 351.80287 | EF13: 285.35214 | EG13: 292.37465 | EH13: 178.90131 | EI13: 61.891121 | EJ13: 332.00384 | EK13: 247.72898 | EL13: 268.43708 | EM13: 257.74047 | EN13: 400.21731 | EO13: 216.9576 | EP13: 324.00963 | EQ13: 292.83497 | ER13: 158.13064 | ES13: 281.26312 | ET13: 157.81519 | EU13: 175.25544 | EV13: 453.65219 | EW13: 188.30799 | EX13: 233.34553 | EY13: 157.85687 | EZ13: 229.0063 | FA13: 305.70592 | FB13: 601.74766 | FC13: 364.52108 | FD13: 359.83766 | FE13: 558.61086 | FF13: 352.50829 | FG13: 385.44673 | FH13: 212.68105 | FI13: 299.06047 | FJ13: 313.39405 | FK13: 288.70776 | FL13: 277.48154 | FM13: 372.15231 | FN13: 342.50834 | FO13: 377.6388 | FP13: 346.11435 | FQ13: 523.89388 | FR13: 500.92829 | FS13: 450.20171 | FT13: 358.07508 | FU13: 565.568 | FV13: 590.23923 | FW13: 554.22126 | FX13: 446.90001 | FY13: 218.35215 | FZ13: 375.74574 | GA13: 254.65443 | GB13: 256.83681 | GC13: 297.87176 | GD13: 128.09124 | GE13: 261.56797 | GF13: 218.81235 | GG13: 199.84594 | GH13: 204.60165 | GI13: 169.67159 | GJ13: 223.11439 | GK13: 184.15857 | GL13: 454.4542 | GM13: 217.76592 | GN13: 239.15394 | GO13: 406.63012 | GP13: 148.72041 | GQ13: 384.87064 | GR13: 186.08174 | GS13: 190.51027 | GT13: 207.1072 | GU13: 447.61439 | GV13: 389.94638 | GW13: 345.97383 | GX13: 278.1151 | GY13: 137.49887 | GZ13: 509.56607 | HA13: 93.238433 | HB13: 344.43991 | HC13: 543.75266 | HD13: 355.85992 | HE13: 385.55224 | HF13: 294.43669 | HG13: 448.11378 | HH13: 241.34784 | HI13: 425.2125 | HJ13: 367.19132 | HK13: 399.57037 | HL13: 70.302224 | HM13: 570.82456 | HN13: 224.26232 | HO13: 99.184713 | HP13: 738.9268 | HQ13: 731.36378 | HR13: 478.66169 | HS13: 628.74478 | HT13: 251.10983 | HU13: 394.04753 | HV13: 787.21693 | HW13: 419.10119 | HX13: 108.72235 | HY13: 540.98403 | HZ13: 590.34277 | IA13: 758.83478 | IB13: 334.80977 | IC13: 246.29175 | ID13: 685.89334 | IE13: 550.85714
A14: 1.3 Inversiones, depósitos a plazo y títulos | B14: 1182.9388 | C14: 1284.9472 | D14: 1656.17 | E14: 1995.27 | F14: 199.53268 | G14: 83.62 | H14: 1182.49 | I14: 1136.99 | J14: 1241.3103 | K14: 1640.65 | L14: 615.62 | M14: 627.88 | N14: 239.68 | O14: 493.85 | P14: 493.7 | Q14: 344.69 | R14: 589.09 | S14: 688.07 | T14: 784.32 | U14: 818.96 | V14: 1199.58 | W14: 1422.54 | X14: 1375.81 | Y14: 1580.07 | Z14: 1559.058 | AA14: 1671.102 | AB14: 1484.1572 | AC14: 2110.0352 | AD14: 1839.4291 | AE14: 4450.6084 | AF14: 2917.2934 | AG14: 2663.267 | AH14: 2627.341 | AI14: 2928.2348 | AJ14: 2639.9492 | AK14: 1835.5669 | AL14: 1606.461 | AM14: 1960.7742 | AN14: 1261.0195 | AO14: 793.90827 | AP14: 688.73363 | AQ14: 116.93672 | AR14: 2054.3622 | AS14: 2770.0141 | AT14: 2953.0566 | AU14: 3304.3319 | AV14: 3274.1094 | AW14: 1890.6279 | AX14: 1879.4256 | AY14: 1786.516 | AZ14: 2117.8014 | BA14: 2419.6166 | BB14: 2722.4117 | BC14: 2355.1102 | BD14: 2147.3655 | BE14: 1683.106 | BF14: 2101.8569 | BG14: 1484.4367 | BH14: 1092.2291 | BI14: 363.56573 | BJ14: 939.76978 | BK14: 1881.5308 | BL14: 1927.9561 | BM14: 1888.6786 | BN14: 1654.1443 | BO14: 1653.3413 | BP14: 1711.6952 | BQ14: 1800.0084 | BR14: 1398.591 | BS14: 2008.6804 | BT14: 1327.5363 | BU14: 652.92125 | BV14: 601.43521 | BW14: 741.57426 | BX14: 784.29377 | BY14: 1270.6887 | BZ14: 1445.956 | CA14: 1359.2497 | CB14: 1760.5907 | CC14: 1925.34 | CD14: 2373.06 | CE14: 1560.19 | CF14: 644.78 | CG14: 0 | CH14: 292.57 | CI14: 1683.98 | CJ14: 1608.9 | CK14: 2093.5 | CL14: 1785.01 | CM14: 1595.95 | CN14: 1508.76 | CO14: 1893.72 | CP14: 1481.4849 | CQ14: 1680.7741 | CR14: 1210.5221 | CS14: 1299.0642 | CT14: 1271.6668 | CU14: 1175.2491 | CV14: 691.43877 | CW14: 578.5473 | CX14: 1536.9502 | CY14: 3270.2096 | CZ14: 3237.6753 | DA14: 3656.6175 | DB14: 4384.036 | DC14: 3581.8224 | DD14: 2788.9933 | DE14: 1683.3241 | DF14: 1116.1811 | DG14: 1676.0871 | DH14: 1947.58 | DI14: 1563.2687 | DJ14: 2718.8359 | DK14: 2856.9982 | DL14: 3118.561 | DM14: 2557.1204 | DN14: 1739.6396 | DO14: 1176.7061 | DP14: 437.91067 | DQ14: 889.34837 | DR14: 1454.2482 | DS14: 1860.1315 | DT14: 1181.1885 | DU14: 1464.5643 | DV14: 894.30695 | DW14: 2277.0156 | DX14: 3156.9386 | DY14: 2844.8742 | DZ14: 2179.6499 | EA14: 2928.1467 | EB14: 2242.4522 | EC14: 3032.5297 | ED14: 3652.4637 | EE14: 2695.9248 | EF14: 1876.5276 | EG14: 1305.9702 | EH14: 855.58242 | EI14: 2780.5933 | EJ14: 2166.2638 | EK14: 1721.2199 | EL14: 330.08121 | EM14: 3205.5688 | EN14: 2035.7318 | EO14: 973.91821 | EP14: 3922.5008 | EQ14: 3660.524 | ER14: 3241.5948 | ES14: 2643.9513 | ET14: 2176.5303 | EU14: 1675.8574 | EV14: 1438.2854 | EW14: 1474.2888 | EX14: 1076.9373 | EY14: 1157.1525 | EZ14: 603.11929 | FA14: 1607.4248 | FB14: 1382.2571 | FC14: 1263.6019 | FD14: 2090.6138 | FE14: 1529.3035 | FF14: 2173.5583 | FG14: 2264.503 | FH14: 1984.3324 | FI14: 1988.6711 | FJ14: 3105.015 | FK14: 2189.7113 | FL14: 1177.5241 | FM14: 1409.1504 | FN14: 1348.192 | FO14: 1071.499 | FP14: 403.22503 | FQ14: 821.59194 | FR14: 1276.0762 | FS14: 380.00941 | FT14: 640.03056 | FU14: 689.2989 | FV14: 509.31468 | FW14: 2303.9004 | FX14: 1919.1107 | FY14: 4432.431 | FZ14: 3673.0884 | GA14: 3172.2066 | GB14: 3193.9014 | GC14: 3038.4372 | GD14: 3312.6638 | GE14: 3521.3125 | GF14: 2796.1036 | GG14: 2262.3851 | GH14: 3768.1123 | GI14: 4942.2487 | GJ14: 4912.5109 | GK14: 5376.5707 | GL14: 4958.2688 | GM14: 5349.4432 | GN14: 6209.5884 | GO14: 5298.1092 | GP14: 5294.4864 | GQ14: 5619.9906 | GR14: 6257.8659 | GS14: 6440.7947 | GT14: 5669.8329 | GU14: 5028.5938 | GV14: 4843.9665 | GW14: 5590.1539 | GX14: 5209.0252 | GY14: 5184.2063 | GZ14: 5041.212 | HA14: 5152.1351 | HB14: 4549.6559 | HC14: 3698.5801 | HD14: 3589.2356 | HE14: 3324.0555 | HF14: 3399.4904 | HG14: 2687.7453 | HH14: 2559.6481 | HI14: 1662.4837 | HJ14: 1494.8433 | HK14: 2239.6155 | HL14: 2703.2344 | HM14: 2854.666 | HN14: 3889.7135 | HO14: 4257.1601 | HP14: 3654.634 | HQ14: 4768.8328 | HR14: 5091.7583 | HS14: 4642.2196 | HT14: 3862.7134 | HU14: 2981.8183 | HV14: 2315.3116 | HW14: 3018.4577 | HX14: 2994.2724 | HY14: 2538.4008 | HZ14: 2931.669 | IA14: 3056.9081 | IB14: 3067.3699 | IC14: 2784.6151 | ID14: 2782.736 | IE14: 3750.1303
A15: 2. Oro | B15: 480.43866 | C15: 468.10564 | D15: 491.63 | E15: 544.01 | F15: 551.60693 | G15: 518.24 | H15: 534.29 | I15: 526.69 | J15: 506.20284 | K15: 510.01 | L15: 546.29 | M15: 533.87 | N15: 549.49 | O15: 561.06 | P15: 559 | Q15: 571.88 | R15: 556.76 | S15: 549.49 | T15: 562.16 | U15: 567.66 | V15: 627.63 | W15: 666.91 | X15: 661.85 | Y15: 704.29 | Z15: 779.89449 | AA15: 820.65258 | AB15: 788.55294 | AC15: 735.75749 | AD15: 748.21721 | AE15: 785.80758 | AF15: 775.45967 | AG15: 703.65785 | AH15: 747.16131 | AI15: 617.37473 | AJ15: 688.12064 | AK15: 734.70158 | AL15: 776.72676 | AM15: 804.1804 | AN15: 774.19258 | AO15: 746.1054 | AP15: 824.03149 | AQ15: 789.39767 | AR15: 793.19894 | AS15: 807.13694 | AT15: 841.13722 | AU15: 878.5164 | AV15: 993.18813 | AW15: 918.64095 | AX15: 911.0384 | AY15: 936.16904 | AZ15: 942.29331 | BA15: 996.14468 | BB15: 1020.0082 | BC15: 1050.8408 | BD15: 987.48622 | BE15: 1052.5302 | BF15: 1104.0586 | BG15: 1137.6365 | BH15: 1168.6802 | BI15: 1187.2642 | BJ15: 1120.9531 | BK15: 1191.9102 | BL15: 1215.5626 | BM15: 1297.0788 | BN15: 1297.9235 | BO15: 1271.737 | BP15: 1375.6384 | BQ15: 1531.9319 | BR15: 1368.4751 | BS15: 1454.6384 | BT15: 1474.9121 | BU15: 1293.2935 | BV15: 1473.2226 | BW15: 1495.1858 | BX15: 1404.7989 | BY15: 1394.8732 | BZ15: 1316.1643 | CA15: 1350.4446 | CB15: 1370.514 | CC15: 1393.17 | CD15: 1501.37 | CE15: 1453.57 | CF15: 1460.02 | CG15: 1402.55 | CH15: 1408.87 | CI15: 1344.7 | CJ15: 1353.21 | CK15: 1244.25 | CL15: 1181.49 | CM15: 1010.63 | CN15: 1114.46 | CO15: 1182.56 | CP15: 1125.3448 | CQ15: 1123.3667 | CR15: 1063.703 | CS15: 1023.4593 | CT15: 1062.7396 | CU15: 1127.0729 | CV15: 1098.0411 | CW15: 1095.2957 | CX15: 477.67129 | CY15: 502.35061 | CZ15: 494.68181 | DA15: 494.93057 | DB15: 468.72904 | DC15: 448.92009 | DD15: 456.09233 | DE15: 464.90684 | DF15: 485.47402 | DG15: 468.06755 | DH15: 457.91789 | DI15: 455.40435 | DJ15: 459.68579 | DK15: 452.07384 | DL15: 424.59121 | DM15: 438.46695 | DN15: 430.50546 | DO15: 443.84052 | DP15: 410.97093 | DQ15: 410.45765 | DR15: 430.09599 | DS15: 476.7655 | DT15: 477.56164 | DU15: 496.00577 | DV15: 468.12159 | DW15: 509.85157 | DX15: 519.13181 | DY15: 509.04672 | DZ15: 516.67585 | EA15: 499.56143 | EB15: 466.21456 | EC15: 456.42745 | ED15: 484.39043 | EE15: 1086.2205 | EF15: 1083.5635 | EG15: 1105.1758 | EH15: 1110.1805 | EI15: 1093.4461 | EJ15: 1118.9077 | EK15: 1158.5316 | EL15: 1138.064 | EM15: 752.21757 | EN15: 762.75197 | EO15: 772.83087 | EP15: 804.36691 | EQ15: 791.34881 | ER15: 800.59286 | ES15: 803.95818 | ET15: 801.02967 | EU15: 775.82172 | EV15: 768.74257 | EW15: 770.69465 | EX15: 779.73849 | EY15: 803.93974 | EZ15: 815.23379 | FA15: 422.34768 | FB15: 885.02574 | FC15: 886.64026 | FD15: 878.97136 | FE15: 876.88758 | FF15: 892.40976 | FG15: 961.52746 | FH15: 976.70796 | FI15: 1032.6058 | FJ15: 1013.106 | FK15: 1033.1804 | FL15: 1008.3295 | FM15: 1082.0039 | FN15: 1138.1691 | FO15: 1157.9853 | FP15: 772.4368 | FQ15: 1224.7288 | FR15: 1243.0277 | FS15: 1377.3085 | FT15: 1530.2355 | FU15: 1527.7914 | FV15: 1932.1388 | FW15: 1935.1333 | FX15: 1823.7702 | FY15: 1960.0723 | FZ15: 1873.5595 | GA15: 1751.9761 | GB15: 1699.9049 | GC15: 1771.8798 | GD15: 1909.8988 | GE15: 1772.3824 | GF15: 1835.3102 | GG15: 1824.3532 | GH15: 1751.9259 | GI15: 1778.4139 | GJ15: 1813.8484 | GK15: 1815.306 | GL15: 1804.6505 | GM15: 1894.6694 | GN15: 2109.3439 | GO15: 2075.8381 | GP15: 1996.9882 | GQ15: 1973.4201 | GR15: 1904.345 | GS15: 1863.6167 | GT15: 1815.666 | GU15: 1780.0966 | GV15: 1904.4536 | GW15: 1969.8904 | GX15: 2089.5228 | GY15: 1981.6744 | GZ15: 2150.1265 | HA15: 2153.2218 | HB15: 2133.5094 | HC15: 2076.8699 | HD15: 2140.2974 | HE15: 2109.5068 | HF15: 2031.5258 | HG15: 2168.8072 | HH15: 2210.6758 | HI15: 1756.1706 | HJ15: 1734.9198 | HK15: 1730.526 | HL15: 1871.0433 | HM15: 1949.3291 | HN15: 1984.1838 | HO15: 1969.5237 | HP15: 2050.1332 | HQ15: 2123.6872 | HR15: 2222.2098 | HS15: 2310.255 | HT15: 2240.0386 | HU15: 2204.5924 | HV15: 2376.0776 | HW15: 2395.0892 | HX15: 2632.1435 | HY15: 2580.9388 | HZ15: 2729.6522 | IA15: 2807.7268 | IB15: 2769.1965 | IC15: 2790.1093 | ID15: 2809.121 | IE15: 2689.4743
A16: 3. DEGs | B16: 8.375237 | C16: 2.221095 | D16: 0.75 | E16: 8.12 | F16: 1.634674 | G16: 1.21 | H16: 7.86 | I16: 1.37 | J16: 7.600867 | K16: 7.62 | L16: 1.25 | M16: 7.6 | N16: 7.53 | O16: 1.25 | P16: 7.64 | Q16: 1.08 | R16: 0.55 | S16: 0.55 | T16: 0.56 | U16: 24.19 | V16: 24.02 | W16: 24.35 | X16: 24.73 | Y16: 24.55 | Z16: 24.577006 | AA16: 24.683067 | AB16: 25.20338 | AC16: 24.885828 | AD16: 27.766232 | AE16: 27.987753 | AF16: 27.769487 | AG16: 26.846396 | AH16: 26.595846 | AI16: 25.418758 | AJ16: 25.446969 | AK16: 26.232793 | AL16: 25.40933 | AM16: 24.964386 | AN16: 25.43582 | AO16: 25.482777 | AP16: 26.319593 | AQ16: 26.390661 | AR16: 26.409363 | AS16: 26.578035 | AT16: 26.925573 | AU16: 27.019382 | AV16: 27.435087 | AW16: 26.711121 | AX16: 26.481101 | AY16: 25.924052 | AZ16: 25.419655 | BA16: 25.300446 | BB16: 24.70379 | BC16: 24.780365 | BD16: 25.444235 | BE16: 25.30918 | BF16: 25.830889 | BG16: 26.08983 | BH16: 24.698772 | BI16: 24.929446 | BJ16: 25.284117 | BK16: 25.086698 | BL16: 25.285249 | BM16: 25.850758 | BN16: 25.053958 | BO16: 25.049046 | BP16: 25.065167 | BQ16: 25.242913 | BR16: 23.869969 | BS16: 24.241098 | BT16: 23.785405 | BU16: 23.139666 | BV16: 23.377955 | BW16: 23.474175 | BX16: 23.19278 | BY16: 23.197571 | BZ16: 22.62482 | CA16: 22.575842 | CB16: 22.43868 | CC16: 22.53 | CD16: 22.83 | CE16: 24.35 | CF16: 24.27 | CG16: 24.21 | CH16: 24.28 | CI16: 23.8 | CJ16: 23.53 | CK16: 23.71 | CL16: 23.43 | CM16: 23.55 | CN16: 23.69 | CO16: 23.66 | CP16: 23.94902 | CQ16: 27.942203 | CR16: 27.817933 | CS16: 27.904728 | CT16: 27.799632 | CU16: 28.054568 | CV16: 27.898419 | CW16: 27.968694 | CX16: 27.686116 | CY16: 27.783527 | CZ16: 27.521487 | DA16: 27.20244 | DB16: 26.561067 | DC16: 26.484927 | DD16: 26.239564 | DE16: 25.900884 | DF16: 25.210971 | DG16: 25.174399 | DH16: 24.624755 | DI16: 25.105472 | DJ16: 24.77168 | DK16: 25.054759 | DL16: 24.846502 | DM16: 25.091372 | DN16: 24.962846 | DO16: 24.840676 | DP16: 24.357735 | DQ16: 24.618501 | DR16: 24.505606 | DS16: 24.475353 | DT16: 24.962801 | DU16: 25.113589 | DV16: 24.811783 | DW16: 24.74033 | DX16: 24.643763 | DY16: 24.616633 | DZ16: 22.802562 | EA16: 22.443814 | EB16: 21.181273 | EC16: 21.033729 | ED16: 21.260599 | EE16: 19.873771 | EF16: 19.901198 | EG16: 20.109033 | EH16: 18.746218 | EI16: 18.841959 | EJ16: 19.063503 | EK16: 17.148283 | EL16: 17.147192 | EM16: 17.042729 | EN16: 15.191919 | EO16: 15.285405 | EP16: 15.639492 | EQ16: 13.15885 | ER16: 13.229654 | ES16: 13.085224 | ET16: 10.482245 | EU16: 10.40766 | EV16: 10.395081 | EW16: 7.697928 | EX16: 7.6642 | EY16: 7.592131 | EZ16: 4.896528 | FA16: 4.92329 | FB16: 4.95837 | FC16: 2.001902 | FD16: 1.987968 | FE16: 6.141683 | FF16: 1.340175 | FG16: 1.352423 | FH16: 7.345491 | FI16: 0.673419 | FJ16: 0.670943 | FK16: 8.955197 | FL16: 2.121405 | FM16: 0.822547 | FN16: 7.7038 | FO16: 11.624346 | FP16: 9.35313 | FQ16: 9.364095 | FR16: 6.724184 | FS16: 6.742611 | FT16: 15.403787 | FU16: 6.882964 | FV16: 20.903655 | FW16: 13.815553 | FX16: 0.27839 | FY16: 32.196755 | FZ16: 32.208603 | GA16: 1.089749 | GB16: 1.073046 | GC16: 39.907571 | GD16: 1.941892 | GE16: 8.012137 | GF16: 46.602127 | GG16: 960.52658 | GH16: 8.01631 | GI16: 60.844947 | GJ16: 20.727766 | GK16: 20.709862 | GL16: 64.435367 | GM16: 20.840037 | GN16: 20.663062 | GO16: 63.229164 | GP16: 18.68026 | GQ16: 15.317633 | GR16: 69.668103 | GS16: 9.469906 | GT16: 9.31374 | GU16: 85.070806 | GV16: 0.49072845 | GW16: 0.22054148 | GX16: 120.23729 | GY16: 3.0392975 | GZ16: 3.0769002 | HA16: 135.08795 | HB16: 3.9136322 | HC16: 3.921327 | HD16: 151.95126 | HE16: 5.0422574 | HF16: 4.9855389 | HG16: 154.00583 | HH16: 7.6910274 | HI16: 7.739367 | HJ16: 158.61274 | HK16: 12.140945 | HL16: 12.103175 | HM16: 154.25752 | HN16: 15.388433 | HO16: 7.7114478 | HP16: 162.64928 | HQ16: 12.203005 | HR16: 12.291451 | HS16: 181.58376 | HT16: 20.088939 | HU16: 18.86222 | HV16: 140.79708 | HW16: 9.0324691 | HX16: 9.1684047 | HY16: 9.2404436 | HZ16: 9.3304923 | IA16: 9.346018 | IB16: 147.55662 | IC16: 147.68076 | ID16: 17.610947 | IE16: 17.599208
A17: 4. Posición de reserva en FMI | B17: 24.789682 | C17: 24.621434 | D17: 24.71 | E17: 25.23 | F17: 25.616691 | G17: 25.37 | H17: 25.35 | I17: 25.53 | J17: 25.320841 | K17: 25.39 | L17: 25.86 | M17: 25.8 | N17: 25.55 | O17: 25.81 | P17: 25.9 | Q17: 26.14 | R17: 25.95 | S17: 26 | T17: 26.26 | U17: 26.28 | V17: 26.7 | W17: 26.9 | X17: 27.27 | Y17: 27.07 | Z17: 27.360064 | AA17: 27.622128 | AB17: 28.204395 | AC17: 27.849032 | AD17: 27.796036 | AE17: 28.017795 | AF17: 27.799295 | AG17: 26.95908 | AH17: 26.707478 | AI17: 25.525449 | AJ17: 25.625438 | AK17: 26.416773 | AL17: 25.587535 | AM17: 25.166313 | AN17: 25.64156 | AO17: 25.688896 | AP17: 26.550206 | AQ17: 26.621896 | AR17: 26.640762 | AS17: 26.822388 | AT17: 27.173121 | AU17: 27.267793 | AV17: 27.615782 | AW17: 26.887047 | AX17: 26.655512 | AY17: 26.284884 | AZ17: 26.038943 | BA17: 25.916829 | BB17: 25.285853 | BC17: 25.364232 | BD17: 26.043745 | BE17: 25.878926 | BF17: 26.689813 | BG17: 26.957365 | BH17: 26.168259 | BI17: 26.412657 | BJ17: 26.78843 | BK17: 26.978975 | BL17: 27.192501 | BM17: 27.800667 | BN17: 27.454393 | BO17: 27.448905 | BP17: 27.46657 | BQ17: 27.601718 | BR17: 26.782942 | BS17: 45.238974 | BT17: 44.2594 | BU17: 43.794716 | BV17: 44.245708 | BW17: 44.386625 | BX17: 44.188942 | BY17: 44.19807 | BZ17: 43.081287 | CA17: 43.28924 | CB17: 43.026232 | CC17: 43.42 | CD17: 43.99 | CE17: 43.95 | CF17: 43.78 | CG17: 43.84 | CH17: 43.97 | CI17: 43.21 | CJ17: 42.73 | CK17: 43.05 | CL17: 42.7 | CM17: 42.9 | CN17: 43.17 | CO17: 43.22 | CP17: 43.76077 | CQ17: 43.873732 | CR17: 43.793004 | CS17: 43.929643 | CT17: 43.764193 | CU17: 44.140733 | CV17: 44.090243 | CW17: 44.206057 | CX17: 43.94305 | CY17: 44.097659 | CZ17: 43.681754 | DA17: 43.312916 | DB17: 42.291695 | DC17: 42.17046 | DD17: 41.768532 | DE17: 41.316114 | DF17: 40.215591 | DG17: 40.146844 | DH17: 39.350976 | DI17: 40.119174 | DJ17: 39.665044 | DK17: 40.118318 | DL17: 39.784852 | DM17: 40.166812 | DN17: 40.042725 | DO17: 39.846753 | DP17: 39.142167 | DQ17: 39.561211 | DR17: 39.379787 | DS17: 39.402893 | DT17: 40.187636 | DU17: 40.43039 | DV17: 40.018193 | DW17: 39.902949 | DX17: 39.747198 | DY17: 39.774583 | DZ17: 39.816516 | EA17: 39.190091 | EB17: 38.617008 | EC17: 38.348011 | ED17: 38.761634 | EE17: 38.65181 | EF17: 38.705153 | EG17: 39.109363 | EH17: 39.488755 | EI17: 39.690432 | EJ17: 40.157113 | EK17: 40.317998 | EL17: 40.315431 | EM17: 40.069825 | EN17: 40.375906 | EO17: 40.624365 | EP17: 41.565429 | EQ17: 41.245085 | ER17: 41.467015 | ES17: 41.014312 | ET17: 40.410992 | EU17: 40.123453 | EV17: 40.074959 | EW17: 39.97569 | EX17: 39.800542 | EY17: 39.426284 | EZ17: 39.457662 | FA17: 39.673317 | FB17: 39.956007 | FC17: 39.878417 | FD17: 39.600861 | FE17: 39.529832 | FF17: 39.297633 | FG17: 39.656772 | FH17: 39.234876 | FI17: 39.032914 | FJ17: 38.889429 | FK17: 39.348123 | FL17: 39.157001 | FM17: 39.446252 | FN17: 39.27852 | FO17: 39.173831 | FP17: 38.931933 | FQ17: 38.977574 | FR17: 39.137889 | FS17: 39.245145 | FT17: 40.30887 | FU17: 40.475461 | FV17: 40.151979 | FW17: 40.268078 | FX17: 40.794378 | FY17: 41.08477 | FZ17: 41.099889 | GA17: 41.056245 | GB17: 40.426967 | GC17: 41.0126 | GD17: 41.174627 | GE17: 40.689689 | GF17: 40.756724 | GG17: 40.628073 | GH17: 40.189062 | GI17: 40.374765 | GJ17: 39.958859 | GK17: 39.924343 | GL17: 39.701557 | GM17: 39.771731 | GN17: 39.433986 | GO17: 38.347155 | GP17: 38.501194 | GQ17: 37.87591 | GR17: 37.756672 | GS17: 37.121689 | GT17: 36.509527 | GU17: 36.606799 | GV17: 37.506787 | GW17: 37.963198 | GX17: 38.466107 | GY17: 37.904721 | GZ17: 38.373684 | HA17: 38.42446 | HB17: 37.866781 | HC17: 37.941234 | HD17: 38.30836 | HE17: 37.937525 | HF17: 37.51078 | HG17: 37.486819 | HH17: 38.033087 | HI17: 38.272132 | HJ17: 37.935814 | HK17: 37.869634 | HL17: 37.751823 | HM17: 37.594931 | HN17: 37.754961 | HO17: 37.521049 | HP17: 37.894166 | HQ17: 38.413049 | HR17: 38.691461 | HS17: 37.985734 | HT17: 37.480258 | HU17: 37.201276 | HV17: 37.192718 | HW17: 37.340196 | HX17: 37.902153 | HY17: 38.199962 | HZ17: 38.572223 | IA17: 38.636406 | IB17: 38.651525 | IC17: 38.684044 | ID17: 38.514886 | IE17: 38.489213
A18: 5. Posición con ALADI | B18: 7.221816 | C18: 0.201193 | D18: 3.33 | E18: 9.33 | F18: -5.280159 | G18: -8.31 | H18: -17.81 | I18: 0.87 | J18: 2.185834 | K18: 2.42 | L18: 2.34 | M18: 0.44 | N18: 3.6 | O18: 2.85 | P18: 12.65 | Q18: -0.55 | R18: 9.87 | S18: 8.65 | T18: 7.78 | U18: 11.2 | V18: 2.93 | W18: 16.19 | X18: 13.68 | Y18: 2.18 | Z18: 10.942116 | AA18: 3.205187 | AB18: 2.986161 | AC18: -1.364902 | AD18: 9.989447 | AE18: 18.122772 | AF18: 5.502238 | AG18: 25.915378 | AH18: 22.159151 | AI18: 11.307524 | AJ18: 12.408249 | AK18: -25.930344 | AL18: 3.320573 | AM18: 10.158262 | AN18: 19.025869 | AO18: 9.79659 | AP18: 55.933369 | AQ18: -19.620921 | AR18: 18.127748 | AS18: 20.125153 | AT18: -3.909817 | AU18: 23.256623 | AV18: 10.420259 | AW18: -26.677295 | AX18: 13.357113 | AY18: 7.545922 | AZ18: 10.077389 | BA18: 0.902896 | BB18: 14.88934 | BC18: 24.521674 | BD18: 3.868732 | BE18: 22.182103 | BF18: 3.157989 | BG18: 4.794576 | BH18: 15.300365 | BI18: -3.827151 | BJ18: 19.393963 | BK18: 3.239801 | BL18: -0.69701 | BM18: 6.712351 | BN18: 5.874995 | BO18: -16.955227 | BP18: -1.233496 | BQ18: 6.027509 | BR18: -2.625799 | BS18: 0.768999 | BT18: 6.209394 | BU18: -0.179797 | BV18: 6.563004 | BW18: 0.47807 | BX18: 0.63968 | BY18: 7.868075 | BZ18: 1.312836 | CA18: -17.352105 | CB18: 2.122932 | CC18: 4.66 | CD18: 3.09 | CE18: 2.25 | CF18: -0.43 | CG18: 2.22 | CH18: -2.19 | CI18: 1.83 | CJ18: 4.02 | CK18: -1.68 | CL18: -0.25 | CM18: 1.79 | CN18: 0.1 | CO18: 2.48 | CP18: -0.230742 | CQ18: 2.207177 | CR18: -5.966247 | CS18: 0.306629 | CT18: 6.002769 | CU18: 9.480374 | CV18: 12.017675 | CW18: 12.382538 | CX18: 0.673543 | CY18: 0.192265 | CZ18: 9.576952 | DA18: 11.315501 | DB18: -1.963619 | DC18: 1.328457 | DD18: -1.914036 | DE18: -21.003008 | DF18: 0.08818 | DG18: 0.633427 | DH18: 2.1551 | DI18: 6.0006 | DJ18: -0.290091 | DK18: -19.481369 | DL18: 0.557761 | DM18: 3.094158 | DN18: 0.390906 | DO18: -1.518858 | DP18: -1.747425 | DQ18: -19.556643 | DR18: -2.841233 | DS18: -0.000725 | DT18: -0.685222 | DU18: -2.165925 | DV18: 0.089799 | DW18: -18.578084 | DX18: 2.097665 | DY18: 2.066883 | DZ18: -0.020593 | EA18: 0.408657 | EB18: 0.741048 | EC18: -17.746451 | ED18: -0.703215 | EE18: 0.26937 | EF18: 0.327303 | EG18: 0.129964 | EH18: 0.000483 | EI18: -18.196024 | EJ18: -0.428087 | EK18: -0.226834 | EL18: -0.531844 | EM18: -2.677434 | EN18: -11.122324 | EO18: -0.340211 | EP18: -0.261249 | EQ18: -9.2e-05 | ER18: -0.10192 | ES18: -0.85066 | ET18: -0.09136 | EU18: -0.526914 | EV18: -0.326585 | EW18: 0 | EX18: -0.159845 | EY18: -0.640884 | EZ18: -0.122876 | FA18: 0.066974 | FB18: -0.449941 | FC18: 0 | FD18: 0.014139 | FE18: -0.237867 | FF18: -0.217268 | FG18: -0.022268 | FH18: -0.26669 | FI18: -0.028466 | FJ18: 0 | FK18: -0.267779 | FL18: -0.14641 | FM18: -0.00025 | FN18: -0.000635 | FO18: -0.020063 | FP18: -0.046506 | FQ18: -0.192405 | FR18: 0 | FS18: 0.073365 | FT18: -0.107815 | FU18: 0.044936 | FV18: -0.148435 | FW18: -0.000919 | FX18: 0 | FY18: -0.001351
A19: 6. Posición SUCRE | CG19: 540.5 | CH19: 315.14 | CI19: 491.57 | CJ19: 595.11 | CK19: 406.4 | CL19: 474.56 | CM19: 499.95 | CN19: 35.68 | CO19: 55.53 | CP19: 91.249326 | CQ19: 125.79152 | CR19: 148.45707 | CS19: 176.72548 | CT19: 32.261602 | CU19: 57.437693 | CV19: 82.367004 | CW19: 127.55959 | CX19: 174.45051 | CY19: 220.06315 | CZ19: 28.028129 | DA19: 59.044679 | DB19: 88.372071 | DC19: 132.33681 | DD19: 164.15262 | DE19: 200.53749 | DF19: 20.756183 | DG19: 33.674659 | DH19: 71.143499 | DI19: 97.219227 | DJ19: 113.70004 | DK19: 121.24143 | DL19: 13.96991 | DM19: 21.864702 | DN19: 53.946575 | DO19: 90.046988 | DP19: 124.99688 | DQ19: 156.30847 | DR19: 19.99966 | DS19: 27.404775 | DT19: 32.334967 | DU19: 42.457344 | DV19: 52.53032 | DW19: 59.248577 | DX19: 10.953932 | DY19: 14.172916 | DZ19: 17.226813 | EA19: 22.226135 | EB19: 32.855287 | EC19: 39.029611 | ED19: 0.077073 | EE19: 0.850533 | EF19: 1.564455 | EG19: 2.578279 | EH19: 2.643358 | EI19: 4.939893 | EJ19: 0 | EK19: 0 | EL19: 0.255979 | EM19: 0.255938 | EN19: 0.255897 | EO19: 0.383835 | EP19: 0 | EQ19: 0.121452 | ER19: 0.121442 | ES19: 0.121295 | ET19: 0.120121 | EU19: 0.120101 | EV19: 0 | EW19: 0.499918 | EX19: 0.496903 | EY19: 0.494131 | EZ19: 0.499837 | FA19: 0.48924 | FB19: 0 | FC19: 0 | FD19: 1.000166 | FE19: 1 | FF19: 0.970703 | FG19: 0.970537 | FH19: 0.693998 | FI19: 0.673359 | FJ19: 0.673236 | FK19: 0.670023 | FL19: 0.645862 | FM19: 0.656675 | FN19: 0 | FO19: 0 | FP19: 0 | FQ19: 0 | FR19: 0 | FS19: 0 | FT19: 0 | FU19: 0 | FV19: 0 | FW19: 0 | FX19: 0 | FY19: 0
A21: RI (1+2+3+4+5+6) | B21: 1939.9203 | C21: 1913.4878 | D21: 2350.74 | E21: 2701.33 | F21: 2229.7315 | G21: 2264.1 | H21: 2398.8 | I21: 2660.17 | J21: 2853.8014 | K21: 2991.68 | L21: 2412.97 | M21: 2023.34 | N21: 2124.05 | O21: 2468.68 | P21: 2182.37 | Q21: 2801.23 | R21: 3076.34 | S21: 3204.38 | T21: 3440.77 | U21: 3510.07 | V21: 3611.12 | W21: 3690.85 | X21: 3617.78 | Y21: 3520.84 | Z21: 3511.0513 | AA21: 3989.4212 | AB21: 4143.5528 | AC21: 5599.1134 | AD21: 5874.7229 | AE21: 6103.1229 | AF21: 6161.4124 | AG21: 6372.3133 | AH21: 6511.4456 | AI21: 6273.5617 | AJ21: 6011.4973 | AK21: 4473.069 | AL21: 4271.6178 | AM21: 3996.5062 | AN21: 3244.0726 | AO21: 3142.2647 | AP21: 2594.3993 | AQ21: 2675.0155 | AR21: 3151.7757 | AS21: 3921.5956 | AT21: 4624.7093 | AU21: 4604.7855 | AV21: 5236.6674 | AW21: 3792.0509 | AX21: 3918.2044 | AY21: 3602.9902 | AZ21: 4007.0646 | BA21: 4321.986 | BB21: 4575.3279 | BC21: 4103.5395 | BD21: 3857.6043 | BE21: 3490.4041 | BF21: 4353.3704 | BG21: 3668.88 | BH21: 3451.1235 | BI21: 2622.0537 | BJ21: 2869.4521 | BK21: 3906.9429 | BL21: 3947.486 | BM21: 4164.8411 | BN21: 3884.3417 | BO21: 3841.485 | BP21: 3980.6705 | BQ21: 4124.6201 | BR21: 3635.4182 | BS21: 4548.5911 | BT21: 4093.684 | BU21: 2957.6203 | BV21: 3371.3788 | BW21: 3375.5372 | BX21: 3368.0891 | BY21: 3787.3851 | BZ21: 3918.0824 | CA21: 3930.9168 | CB21: 4040.3208 | CC21: 4218.81 | CD21: 4883.42 | CE21: 4033.19 | CF21: 3442.97 | CG21: 2482.52 | CH21: 2827.11 | CI21: 4212.82 | CJ21: 4373.01 | CK21: 4660.88 | CL21: 4191.11 | CM21: 3760.55 | CN21: 3670 | CO21: 4508.12 | CP21: 4233.5 | CQ21: 4206.0046 | CR21: 4051.0578 | CS21: 4360.5217 | CT21: 4182.7265 | CU21: 4332.4056 | CV21: 3976.2516 | CW21: 3568.8925 | CX21: 4010.3071 | CY21: 5822.4182 | CZ21: 5557.3942 | DA21: 6171.2039 | DB21: 6689.2281 | DC21: 6002.5728 | DD21: 5863.3021 | DE21: 3949.0696 | DF21: 3654.688 | DG21: 3717.3014 | DH21: 3667.7367 | DI21: 3439.9275 | DJ21: 4567.4591 | DK21: 4739.1914 | DL21: 4771.9664 | DM21: 4201.4079 | DN21: 3511.5641 | DO21: 3308.363 | DP21: 3126.3197 | DQ21: 2495.9566 | DR21: 3207.3594 | DS21: 3341.6422 | DT21: 2573.0683 | DU21: 2485.0237 | DV21: 2158.5515 | DW21: 3433.7594 | DX21: 4295.8555 | DY21: 4166.72 | DZ21: 4472.9284 | EA21: 4274.6257 | EB21: 3907.3372 | EC21: 4258.8499 | ED21: 4889.0536 | EE21: 4774.3641 | EF21: 3809.6184 | EG21: 3236.1216 | EH21: 2790.0411 | EI21: 4467.1464 | EJ21: 4260.9123 | EK21: 3650.4808 | EL21: 2362.3768 | EM21: 4806.5892 | EN21: 4018.467 | EO21: 2451.0658 | EP21: 5706.5874 | EQ21: 5406.7849 | ER21: 4868.0821 | ES21: 4260.3535 | ET21: 3752.0349 | EU21: 3166.7384 | EV21: 3128.4665 | EW21: 3050.1976 | EX21: 2693.0062 | EY21: 2730.3636 | EZ21: 2382.2391 | FA21: 2676.525 | FB21: 3635.8522 | FC21: 3281.8184 | FD21: 3972.8417 | FE21: 3488.3241 | FF21: 4083.615 | FG21: 4095.2624 | FH21: 3772.4585 | FI21: 3808.3865 | FJ21: 5130.3737 | FK21: 4097.8495 | FL21: 3178.7085 | FM21: 3397.1086 | FN21: 3568.0298 | FO21: 3280.3994 | FP21: 1990.1685 | FQ21: 2860.4742 | FR21: 3402.0323 | FS21: 2665.6085 | FT21: 3039.9523 | FU21: 3257.8134 | FV21: 3442.9823 | FW21: 5517.6194 | FX21: 5066.6151 | FY21: 7195.6544 | FZ21: 6590.8615 | GA21: 5790.9269 | GB21: 5779.1741 | GC21: 5788.4939 | GD21: 5923.27 | GE21: 6048.8075 | GF21: 5405.294 | GG21: 5872.3521 | GH21: 6294.5272 | GI21: 7549.6139 | GJ21: 7564.9656 | GK21: 7897.8703 | GL21: 7987.2112 | GM21: 8047.3293 | GN21: 9226.3236 | GO21: 8467.5849 | GP21: 8184.0332 | GQ21: 8584.61 | GR21: 9016.4148 | GS21: 9010.0862 | GT21: 8381.2584 | GU21: 7739.1962 | GV21: 7532.3978 | GW21: 8458.6522 | GX21: 8360.6433 | GY21: 7887.4808 | GZ21: 8189.6943 | HA21: 8054.8888 | HB21: 7530.4729 | HC21: 6966.5289 | HD21: 6961.2306 | HE21: 6358.5886 | HF21: 6312.1971 | HG21: 6007.5869 | HH21: 5658.1125 | HI21: 4454.3566 | HJ21: 4488.7504 | HK21: 5086.4024 | HL21: 5299.905 | HM21: 5993.6795 | HN21: 6740.0515 | HO21: 7090.0493 | HP21: 7232.9895 | HQ21: 8410.0655 | HR21: 8577.5479 | HS21: 8645.3467 | HT21: 7655.1158 | HU21: 6899.5022 | HV21: 7423.1931 | HW21: 7713.0745 | HX21: 7729.0342 | HY21: 7611.7565 | HZ21: 8108.0876 | IA21: 8427.1854 | IB21: 8131.3533 | IC21: 7772.9836 | ID21: 7777.0708 | IE21: 8326.6592
A26: 1) De conformidad al artículo 137 del Código Orgánico Monetario y Financiero, la Reserva Internacional de Libre Disponibilidad (RILD), pasa a denominarse Reservas Internacionales (RI). Mediante resolución 076-2015-M, de 28 de mayo de 2015, la Junta de Política y Regulación Monetaria y Financiera, emite la Norma para establecer la metodología de cálculo de las reservas internacionales. Mediante resolución 635-2020-M, del 29 de diciembre de 2020, la Junta de Política y Regulación Monetaria y Financiera, emite una nueva Norma para establecer la metodología de cálculo de las Reservas Internacionales, a partir del 1 de enero de 2021. Mediante resolución JPRM-2022-008-M, del 23 de febrero de 2022, la Junta de Política y Regulación Monetaria emite una nueva norma para establecer la metodología de cálculo de las Reservas Internacionales, a partir del 23 de febrero de 2022.

Sheet IMS2 (2)
A2: 2. RESERVAS INTERNACIONALES*
A3: En millones de dólares al final del período
A5: Menú Principal
B7: 2006 | N7: 2007 | Z7: 2008 | AL7: 2009 | AX7: 2010 | BJ7: 2011 | BV7: 2012 | CH7: 2013 | CT7: 2014 | DF7: 2015 | DR7: 2016 | ED7: 2017 | EP7: 2018
B8: Ene | C8: Feb | D8: Mar | E8: Abr | F8: May | G8: Jun | H8: Jul | I8: Ago | J8: Sep | K8: Oct | L8: Nov | M8: Dic | N8: Ene | O8: Feb | P8: Mar | Q8: Abr | R8: May | S8: Jun | T8: Jul | U8: Ago | V8: Sep | W8: Oct | X8: Nov | Y8: Dic | Z8: Ene | AA8: Feb | AB8: Mar | AC8: Abr | AD8: May | AE8: Jun | AF8: Jul | AG8: Ago | AH8: Sep | AI8: Oct | AJ8: Nov | AK8: Dic | AL8: Ene | AM8: Feb | AN8: Mar | AO8: Abr | AP8: May | AQ8: Jun | AR8: Jul | AS8: Ago | AT8: Sep | AU8: Oct | AV8: Nov | AW8: Dic | AX8: Ene | AY8: Feb | AZ8: Mar | BA8: Abr | BB8: May | BC8: Jun | BD8: Jul | BE8: Ago | BF8: Sep | BG8: Oct | BH8: Nov | BI8: Dic | BJ8: Ene | BK8: Feb | BL8: Mar | BM8: Abr | BN8: May | BO8: Jun | BP8: Jul | BQ8: Ago | BR8: Sep | BS8: Oct | BT8: Nov | BU8: Dic | BV8: Ene | BW8: Feb | BX8: Mar | BY8: Abr | BZ8: May | CA8: Jun | CB8: Jul | CC8: Ago | CD8: Sep | CE8: Oct | CF8: Nov | CG8: Dic | CH8: Ene | CI8: Feb | CJ8: Mar | CK8: Abr | CL8: May | CM8: Jun | CN8: Jul | CO8: Ago | CP8: Sep | CQ8: Oct | CR8: Nov | CS8: Dic | CT8: Ene | CU8: Feb | CV8: Mar | CW8: Abr | CX8: May | CY8: Jun | CZ8: Jul | DA8: Ago | DB8: Sep | DC8: Oct | DD8: Nov | DE8: Dic | DF8: Ene | DG8: Feb | DH8: Mar | DI8: Abr | DJ8: May | DK8: Jun | DL8: Jul | DM8: Ago | DN8: Sep | DO8: Oct | DP8: Nov | DQ8: Dic | DR8: Ene | DS8: Feb | DT8: Mar | DU8: Abr | DV8: May | DW8: Jun | DX8: Jul | DY8: Ago | DZ8: Sep | EA8: Oct | EB8: Nov | EC8: Dic | ED8: Ene | EE8: Feb | EF8: Mar | EG8: Abr | EH8: May | EI8: Jun | EJ8: Jul | EK8: Ago | EL8: Sep | EM8: Oct | EN8: Nov | EO8: Dic | EP8: Ene | EQ8: Feb | ER8: Mar | ES8: Abr | ET8: May | EU8: Jun | EV8: Jul | EW8: Ago | EX8: 43373 | EY8: 43378
CM9: 41455 | CR9: 41608
A11: 1. Posición neta en divisas (1.1+1.2+1.3) | B11: 1419.0949 | C11: 1418.3385 | D11: 1830.32 | E11: 2114.64 | F11: 1656.1534 | G11: 1727.59 | H11: 1849.11 | I11: 2105.71 | J11: 2312.491 | K11: 2446.24 | L11: 1837.23 | M11: 1455.63 | N11: 1537.88 | O11: 1877.71 | P11: 1577.18 | Q11: 2202.68 | R11: 2483.21 | S11: 2619.69 | T11: 2844.01 | U11: 2880.74 | V11: 2929.84 | W11: 2956.5 | X11: 2890.25 | Y11: 2762.75 | Z11: 2668.2776 | AA11: 3113.2583 | AB11: 3298.6059 | AC11: 4811.986 | AD11: 5060.9539 | AE11: 5243.187 | AF11: 5324.8817 | AG11: 5588.9346 | AH11: 5688.8218 | AI11: 5593.9352 | AJ11: 5259.896 | AK11: 3711.6482 | AL11: 3440.5736 | AM11: 3132.0368 | AN11: 2399.7768 | AO11: 2335.191 | AP11: 1661.5647 | AQ11: 1852.2262 | AR11: 2287.3989 | AS11: 3040.9331 | AT11: 3733.3832 | AU11: 3648.7253 | AV11: 4178.0081 | AW11: 2846.4891 | AX11: 2940.6722 | AY11: 2607.0663 | AZ11: 3003.2353 | BA11: 3273.7211 | BB11: 3490.4407 | BC11: 2978.0324 | BD11: 2814.7613 | BE11: 2364.5036 | BF11: 3193.6331 | BG11: 2473.4017 | BH11: 2216.2759 | BI11: 1387.2745 | BJ11: 1677.0325 | BK11: 2659.7272 | BL11: 2680.1427 | BM11: 2807.3986 | BN11: 2528.0349 | BO11: 2534.2053 | BP11: 2553.7339 | BQ11: 2533.816 | BR11: 2218.9159 | BS11: 3023.7037 | BT11: 2544.5177 | BU11: 1597.5722 | BV11: 1823.9695 | BW11: 1812.0126 | BX11: 1895.2688 | BY11: 2317.2482 | BZ11: 2534.8991 | CA11: 2531.9592 | CB11: 2602.219 | CC11: 2755.03 | CD11: 3312.14 | CE11: 2509.07 | CF11: 1915.33 | CG11: 469.2 | CH11: 1037.04 | CI11: 2307.71 | CJ11: 2354.41 | CK11: 2945.15 | CL11: 2469.18 | CM11: 2181.73 | CN11: 2452.9 | CO11: 3200.67 | CP11: 2949.4268 | CQ11: 2882.8233 | CR11: 2773.253 | CS11: 3088.1959 | CT11: 3010.1586 | CU11: 3066.2194 | CV11: 2711.8372 | CW11: 2261.4799 | CX11: 3285.8826 | CY11: 5027.931 | CZ11: 4953.9041 | DA11: 5535.3978 | DB11: 6065.2379 | DC11: 5351.332 | DD11: 5176.963 | DE11: 3237.4113 | DF11: 3082.9431 | DG11: 3149.6045 | DH11: 3072.5444 | DI11: 2816.0787 | DJ11: 3929.9266 | DK11: 4120.1844 | DL11: 4268.2161 | DM11: 3672.7239 | DN11: 2961.7156 | DO11: 2711.3069 | DP11: 2528.5994 | DQ11: 1884.5674 | DR11: 2696.2196 | DS11: 2773.5944 | DT11: 1998.7065 | DU11: 1883.1825 | DV11: 1572.9799 | DW11: 2818.594 | DX11: 3699.2811 | DY11: 3577.0423 | DZ11: 3876.4273 | EA11: 3690.7956 | EB11: 3347.728 | EC11: 3721.7576 | ED11: 4345.2671 | EE11: 3628.4982 | EF11: 2665.5568 | EG11: 2069.0192 | EH11: 1618.9818 | EI11: 3328.424 | EJ11: 3083.2121 | EK11: 2434.7097 | EL11: 1167.126 | EM11: 3999.6805 | EN11: 3211.0136 | EO11: 1622.2815 | EP11: 4845.2768 | EQ11: 4560.9108 | ER11: 4012.773 | ES11: 3403.0251 | ET11: 2900.0832 | EU11: 2340.7924 | EV11: 2309.5804 | EW11: 2231.3294 | EX11: 1865.4659 | EY11: 1418.323
A12: 1.1 Caja en divisas | B12: 155.90938 | C12: 145.19391 | D12: 178.71 | E12: 117.34 | F12: 246.41323 | G12: 131.32 | H12: 97.43 | I12: 112.07 | J12: 114.46384 | K12: 132.19 | L12: 310.62 | M12: 124.41 | N12: 247.31 | O12: 181.74 | P12: 217.24 | Q12: 218.13 | R12: 154.54 | S12: 149.04 | T12: 139.5 | U12: 124.24 | V12: 221.16 | W12: 167.73 | X12: 191.73 | Y12: 121.79 | Z12: 265.34907 | AA12: 234.6678 | AB12: 214.30329 | AC12: 143.7772 | AD12: 139.89314 | AE12: 124.68462 | AF12: 155.95318 | AG12: 150.00604 | AH12: 178.77353 | AI12: 219.30446 | AJ12: 220.79558 | AK12: 191.56964 | AL12: 535.53378 | AM12: 436.03471 | AN12: 354.41144 | AO12: 255.56691 | AP12: 305.78269 | AQ12: 263.31515 | AR12: 231.4348 | AS12: 269.32354 | AT12: 235.97561 | AU12: 179.98856 | AV12: 333.2929 | AW12: 358.8954 | AX12: 538.52018 | AY12: 531.61765 | AZ12: 482.47213 | BA12: 504.47139 | BB12: 462.31585 | BC12: 417.50919 | BD12: 434.40352 | BE12: 383.96023 | BF12: 684.82579 | BG12: 516.76512 | BH12: 725.01414 | BI12: 519.19565 | BJ12: 363.93821 | BK12: 275.56992 | BL12: 429.7636 | BM12: 575.6447 | BN12: 712.00764 | BO12: 506.38408 | BP12: 423.47165 | BQ12: 527.87104 | BR12: 522.08512 | BS12: 605.93648 | BT12: 816.22078 | BU12: 649.25623 | BV12: 863.62242 | BW12: 697.02341 | BX12: 755.39812 | BY12: 579.69318 | BZ12: 644.08696 | CA12: 654.47929 | CB12: 459.76706 | CC12: 447.66 | CD12: 604.19 | CE12: 581.66 | CF12: 968.58 | CG12: 244.19 | CH12: 407.22 | CI12: 365.32 | CJ12: 429.14 | CK12: 512.89 | CL12: 469.53 | CM12: 423.09 | CN12: 527.64 | CO12: 964.33 | CP12: 1095.4702 | CQ12: 986.66665 | CR12: 1076.2045 | CS12: 360.43945 | CT12: 689.87116 | CU12: 581.36766 | CV12: 496.22237 | CW12: 442.77382 | CX12: 398.30765 | CY12: 386.07273 | CZ12: 469.64218 | DA12: 469.24464 | DB12: 380.37764 | DC12: 483.13193 | DD12: 847.39022 | DE12: 360.96491 | DF12: 695.371 | DG12: 529.00852 | DH12: 429.67722 | DI12: 440.9242 | DJ12: 564.00497 | DK12: 570.52244 | DL12: 574.66362 | DM12: 582.06882 | DN12: 644.43585 | DO12: 775.65155 | DP12: 1108.4611 | DQ12: 434.5602 | DR12: 702.03281 | DS12: 568.159 | DT12: 484.84196 | DU12: 241.67562 | DV12: 373.49146 | DW12: 341.3286 | DX12: 329.63522 | DY12: 320.7362 | DZ12: 440.8093 | EA12: 528.02732 | EB12: 730.30837 | EC12: 357.68917 | ED12: 525.81592 | EE12: 580.77046 | EF12: 503.67704 | EG12: 470.67432 | EH12: 584.49809 | EI12: 485.93959 | EJ12: 584.94443 | EK12: 465.76088 | EL12: 568.60775 | EM12: 536.37123 | EN12: 775.06446 | EO12: 431.40571 | EP12: 598.76634 | EQ12: 607.55175 | ER12: 613.0476 | ES12: 477.81072 | ET12: 565.7377 | EU12: 489.67953 | EV12: 417.64285 | EW12: 568.73263 | EX12: 555.18303 | EY12: 494.2114
A13: 1.2 Depósitos netos en bancos e instituciones financieras del exterior | B13: 80.246657 | C13: -11.802665 | D13: -4.56 | E13: 2.03 | F13: 1210.2075 | G13: 1512.65 | H13: 569.19 | I13: 856.65 | J13: 956.71694 | K13: 673.4 | L13: 910.99 | M13: 703.34 | N13: 1050.89 | O13: 1202.12 | P13: 866.24 | Q13: 1639.86 | R13: 1739.58 | S13: 1782.58 | T13: 1920.19 | U13: 1937.54 | V13: 1509.1 | W13: 1366.23 | X13: 1322.71 | Y13: 1060.89 | Z13: 843.87047 | AA13: 1207.4885 | AB13: 1600.1454 | AC13: 2558.1736 | AD13: 3081.6317 | AE13: 667.89404 | AF13: 2251.6352 | AG13: 2775.6616 | AH13: 2882.7073 | AI13: 2446.3959 | AJ13: 2399.1512 | AK13: 1684.5117 | AL13: 1298.5788 | AM13: 735.22797 | AN13: 784.34588 | AO13: 1285.7158 | AP13: 667.04836 | AQ13: 1471.9744 | AR13: 1.601909 | AS13: 1.595448 | AT13: 544.35096 | AU13: 164.40475 | AV13: 570.60584 | AW13: 596.96582 | AX13: 522.72642 | AY13: 288.93256 | AZ13: 402.96172 | BA13: 349.63315 | BB13: 305.71311 | BC13: 205.41308 | BD13: 232.99226 | BE13: 297.43743 | BF13: 406.95041 | BG13: 472.19989 | BH13: 399.03262 | BI13: 504.51315 | BJ13: 373.32451 | BK13: 502.62653 | BL13: 322.42297 | BM13: 343.07528 | BN13: 161.88295 | BO13: 374.47997 | BP13: 418.56705 | BQ13: 205.93658 | BR13: 298.23978 | BS13: 409.08681 | BT13: 400.76067 | BU13: 295.39474 | BV13: 358.91184 | BW13: 373.4149 | BX13: 355.57694 | BY13: 466.86634 | BZ13: 444.8561 | CA13: 518.23013 | CB13: 381.86119 | CC13: 382.03 | CD13: 334.89 | CE13: 367.22 | CF13: 301.97 | CG13: 225.01 | CH13: 337.25 | CI13: 258.41 | CJ13: 316.37 | CK13: 338.76 | CL13: 214.64 | CM13: 162.69 | CN13: 416.5 | CO13: 342.62 | CP13: 372.47169 | CQ13: 215.3826 | CR13: 486.52641 | CS13: 1428.6922 | CT13: 1048.6207 | CU13: 1309.6027 | CV13: 1524.1761 | CW13: 1240.1588 | CX13: 1350.6248 | CY13: 1371.6486 | CZ13: 1246.5866 | DA13: 1409.5357 | DB13: 1300.8243 | DC13: 1286.3777 | DD13: 1540.5795 | DE13: 1193.1223 | DF13: 1271.3909 | DG13: 944.50892 | DH13: 695.2872 | DI13: 811.88581 | DJ13: 647.08574 | DK13: 692.66378 | DL13: 574.99153 | DM13: 533.53466 | DN13: 577.64015 | DO13: 758.9493 | DP13: 982.22766 | DQ13: 560.65888 | DR13: 539.93859 | DS13: 345.30397 | DT13: 332.67605 | DU13: 176.94262 | DV13: 305.18145 | DW13: 200.24986 | DX13: 212.70727 | DY13: 411.43187 | DZ13: 1255.9681 | EA13: 234.62154 | EB13: 374.96744 | EC13: 331.53868 | ED13: 166.98746 | EE13: 351.80287 | EF13: 285.35214 | EG13: 292.37465 | EH13: 178.90131 | EI13: 61.891121 | EJ13: 332.00384 | EK13: 247.72898 | EL13: 268.43708 | EM13: 257.74047 | EN13: 400.21731 | EO13: 216.9576 | EP13: 324.00963 | EQ13: 292.83497 | ER13: 158.13064 | ES13: 281.26312 | ET13: 157.81519 | EU13: 175.25544 | EV13: 453.65219 | EW13: 188.30799 | EX13: 233.34553 | EY13: 362.06838
A14: 1.3 Inversiones, depósitos a plazo y títulos | B14: 1182.9388 | C14: 1284.9472 | D14: 1656.17 | E14: 1995.27 | F14: 199.53268 | G14: 83.62 | H14: 1182.49 | I14: 1136.99 | J14: 1241.3103 | K14: 1640.65 | L14: 615.62 | M14: 627.88 | N14: 239.68 | O14: 493.85 | P14: 493.7 | Q14: 344.69 | R14: 589.09 | S14: 688.07 | T14: 784.32 | U14: 818.96 | V14: 1199.58 | W14: 1422.54 | X14: 1375.81 | Y14: 1580.07 | Z14: 1559.058 | AA14: 1671.102 | AB14: 1484.1572 | AC14: 2110.0352 | AD14: 1839.4291 | AE14: 4450.6084 | AF14: 2917.2934 | AG14: 2663.267 | AH14: 2627.341 | AI14: 2928.2348 | AJ14: 2639.9492 | AK14: 1835.5669 | AL14: 1606.461 | AM14: 1960.7742 | AN14: 1261.0195 | AO14: 793.90827 | AP14: 688.73363 | AQ14: 116.93672 | AR14: 2054.3622 | AS14: 2770.0141 | AT14: 2953.0566 | AU14: 3304.3319 | AV14: 3274.1094 | AW14: 1890.6279 | AX14: 1879.4256 | AY14: 1786.516 | AZ14: 2117.8014 | BA14: 2419.6166 | BB14: 2722.4117 | BC14: 2355.1102 | BD14: 2147.3655 | BE14: 1683.106 | BF14: 2101.8569 | BG14: 1484.4367 | BH14: 1092.2291 | BI14: 363.56573 | BJ14: 939.76978 | BK14: 1881.5308 | BL14: 1927.9561 | BM14: 1888.6786 | BN14: 1654.1443 | BO14: 1653.3413 | BP14: 1711.6952 | BQ14: 1800.0084 | BR14: 1398.591 | BS14: 2008.6804 | BT14: 1327.5363 | BU14: 652.92125 | BV14: 601.43521 | BW14: 741.57426 | BX14: 784.29377 | BY14: 1270.6887 | BZ14: 1445.956 | CA14: 1359.2497 | CB14: 1760.5907 | CC14: 1925.34 | CD14: 2373.06 | CE14: 1560.19 | CF14: 644.78 | CG14: 0 | CH14: 292.57 | CI14: 1683.98 | CJ14: 1608.9 | CK14: 2093.5 | CL14: 1785.01 | CM14: 1595.95 | CN14: 1508.76 | CO14: 1893.72 | CP14: 1481.4849 | CQ14: 1680.7741 | CR14: 1210.5221 | CS14: 1299.0642 | CT14: 1271.6668 | CU14: 1175.2491 | CV14: 691.43877 | CW14: 578.5473 | CX14: 1536.9502 | CY14: 3270.2096 | CZ14: 3237.6753 | DA14: 3656.6175 | DB14: 4384.036 | DC14: 3581.8224 | DD14: 2788.9933 | DE14: 1683.3241 | DF14: 1116.1811 | DG14: 1676.0871 | DH14: 1947.58 | DI14: 1563.2687 | DJ14: 2718.8359 | DK14: 2856.9982 | DL14: 3118.561 | DM14: 2557.1204 | DN14: 1739.6396 | DO14: 1176.7061 | DP14: 437.91067 | DQ14: 889.34837 | DR14: 1454.2482 | DS14: 1860.1315 | DT14: 1181.1885 | DU14: 1464.5643 | DV14: 894.30695 | DW14: 2277.0156 | DX14: 3156.9386 | DY14: 2844.8742 | DZ14: 2179.6499 | EA14: 2928.1467 | EB14: 2242.4522 | EC14: 3032.5297 | ED14: 3652.4637 | EE14: 2695.9248 | EF14: 1876.5276 | EG14: 1305.9702 | EH14: 855.58242 | EI14: 2780.5933 | EJ14: 2166.2638 | EK14: 1721.2199 | EL14: 330.08121 | EM14: 3205.5688 | EN14: 2035.7318 | EO14: 973.91821 | EP14: 3922.5008 | EQ14: 3660.524 | ER14: 3241.5948 | ES14: 2643.9513 | ET14: 2176.5303 | EU14: 1675.8574 | EV14: 1438.2854 | EW14: 1474.2888 | EX14: 1076.9373 | EY14: 562.04325
A15: 2. Oro | B15: 480.43866 | C15: 468.10564 | D15: 491.63 | E15: 544.01 | F15: 551.60693 | G15: 518.24 | H15: 534.29 | I15: 526.69 | J15: 506.20284 | K15: 510.01 | L15: 546.29 | M15: 533.87 | N15: 549.49 | O15: 561.06 | P15: 559 | Q15: 571.88 | R15: 556.76 | S15: 549.49 | T15: 562.16 | U15: 567.66 | V15: 627.63 | W15: 666.91 | X15: 661.85 | Y15: 704.29 | Z15: 779.89449 | AA15: 820.65258 | AB15: 788.55294 | AC15: 735.75749 | AD15: 748.21721 | AE15: 785.80758 | AF15: 775.45967 | AG15: 703.65785 | AH15: 747.16131 | AI15: 617.37473 | AJ15: 688.12064 | AK15: 734.70158 | AL15: 776.72676 | AM15: 804.1804 | AN15: 774.19258 | AO15: 746.1054 | AP15: 824.03149 | AQ15: 789.39767 | AR15: 793.19894 | AS15: 807.13694 | AT15: 841.13722 | AU15: 878.5164 | AV15: 993.18813 | AW15: 918.64095 | AX15: 911.0384 | AY15: 936.16904 | AZ15: 942.29331 | BA15: 996.14468 | BB15: 1020.0082 | BC15: 1050.8408 | BD15: 987.48622 | BE15: 1052.5302 | BF15: 1104.0586 | BG15: 1137.6365 | BH15: 1168.6802 | BI15: 1187.2642 | BJ15: 1120.9531 | BK15: 1191.9102 | BL15: 1215.5626 | BM15: 1297.0788 | BN15: 1297.9235 | BO15: 1271.737 | BP15: 1375.6384 | BQ15: 1531.9319 | BR15: 1368.4751 | BS15: 1454.6384 | BT15: 1474.9121 | BU15: 1293.2935 | BV15: 1473.2226 | BW15: 1495.1858 | BX15: 1404.7989 | BY15: 1394.8732 | BZ15: 1316.1643 | CA15: 1350.4446 | CB15: 1370.514 | CC15: 1393.17 | CD15: 1501.37 | CE15: 1453.57 | CF15: 1460.02 | CG15: 1402.55 | CH15: 1408.87 | CI15: 1344.7 | CJ15: 1353.21 | CK15: 1244.25 | CL15: 1181.49 | CM15: 1010.63 | CN15: 1114.46 | CO15: 1182.56 | CP15: 1125.3448 | CQ15: 1123.3667 | CR15: 1063.703 | CS15: 1023.4593 | CT15: 1062.7396 | CU15: 1127.0729 | CV15: 1098.0411 | CW15: 1095.2957 | CX15: 477.67129 | CY15: 502.35061 | CZ15: 494.68181 | DA15: 494.93057 | DB15: 468.72904 | DC15: 448.92009 | DD15: 456.09233 | DE15: 464.90684 | DF15: 485.47402 | DG15: 468.06755 | DH15: 457.91789 | DI15: 455.40435 | DJ15: 459.68579 | DK15: 452.07384 | DL15: 424.59121 | DM15: 438.46695 | DN15: 430.50546 | DO15: 443.84052 | DP15: 410.97093 | DQ15: 410.45765 | DR15: 430.09599 | DS15: 476.7655 | DT15: 477.56164 | DU15: 496.00577 | DV15: 468.12159 | DW15: 509.85157 | DX15: 519.13181 | DY15: 509.04672 | DZ15: 516.67585 | EA15: 499.56143 | EB15: 466.21456 | EC15: 456.42745 | ED15: 484.39043 | EE15: 1086.2205 | EF15: 1083.5635 | EG15: 1105.1758 | EH15: 1110.1805 | EI15: 1093.4461 | EJ15: 1118.9077 | EK15: 1158.5316 | EL15: 1138.064 | EM15: 752.21757 | EN15: 762.75197 | EO15: 772.83087 | EP15: 804.36691 | EQ15: 791.34881 | ER15: 800.59286 | ES15: 803.95818 | ET15: 801.02967 | EU15: 775.82172 | EV15: 768.74257 | EW15: 770.69465 | EX15: 779.73849 | EY15: 791.38637
A16: 3. DEGs | B16: 8.375237 | C16: 2.221095 | D16: 0.75 | E16: 8.12 | F16: 1.634674 | G16: 1.21 | H16: 7.86 | I16: 1.37 | J16: 7.600867 | K16: 7.62 | L16: 1.25 | M16: 7.6 | N16: 7.53 | O16: 1.25 | P16: 7.64 | Q16: 1.08 | R16: 0.55 | S16: 0.55 | T16: 0.56 | U16: 24.19 | V16: 24.02 | W16: 24.35 | X16: 24.73 | Y16: 24.55 | Z16: 24.577006 | AA16: 24.683067 | AB16: 25.20338 | AC16: 24.885828 | AD16: 27.766232 | AE16: 27.987753 | AF16: 27.769487 | AG16: 26.846396 | AH16: 26.595846 | AI16: 25.418758 | AJ16: 25.446969 | AK16: 26.232793 | AL16: 25.40933 | AM16: 24.964386 | AN16: 25.43582 | AO16: 25.482777 | AP16: 26.319593 | AQ16: 26.390661 | AR16: 26.409363 | AS16: 26.578035 | AT16: 26.925573 | AU16: 27.019382 | AV16: 27.435087 | AW16: 26.711121 | AX16: 26.481101 | AY16: 25.924052 | AZ16: 25.419655 | BA16: 25.300446 | BB16: 24.70379 | BC16: 24.780365 | BD16: 25.444235 | BE16: 25.30918 | BF16: 25.830889 | BG16: 26.08983 | BH16: 24.698772 | BI16: 24.929446 | BJ16: 25.284117 | BK16: 25.086698 | BL16: 25.285249 | BM16: 25.850758 | BN16: 25.053958 | BO16: 25.049046 | BP16: 25.065167 | BQ16: 25.242913 | BR16: 23.869969 | BS16: 24.241098 | BT16: 23.785405 | BU16: 23.139666 | BV16: 23.377955 | BW16: 23.474175 | BX16: 23.19278 | BY16: 23.197571 | BZ16: 22.62482 | CA16: 22.575842 | CB16: 22.43868 | CC16: 22.53 | CD16: 22.83 | CE16: 24.35 | CF16: 24.27 | CG16: 24.21 | CH16: 24.28 | CI16: 23.8 | CJ16: 23.53 | CK16: 23.71 | CL16: 23.43 | CM16: 23.55 | CN16: 23.69 | CO16: 23.66 | CP16: 23.94902 | CQ16: 27.942203 | CR16: 27.817933 | CS16: 27.904728 | CT16: 27.799632 | CU16: 28.054568 | CV16: 27.898419 | CW16: 27.968694 | CX16: 27.686116 | CY16: 27.783527 | CZ16: 27.521487 | DA16: 27.20244 | DB16: 26.561067 | DC16: 26.484927 | DD16: 26.239564 | DE16: 25.900884 | DF16: 25.210971 | DG16: 25.174399 | DH16: 24.624755 | DI16: 25.105472 | DJ16: 24.77168 | DK16: 25.054759 | DL16: 24.846502 | DM16: 25.091372 | DN16: 24.962846 | DO16: 24.840676 | DP16: 24.357735 | DQ16: 24.618501 | DR16: 24.505606 | DS16: 24.475353 | DT16: 24.962801 | DU16: 25.113589 | DV16: 24.811783 | DW16: 24.74033 | DX16: 24.643763 | DY16: 24.616633 | DZ16: 22.802562 | EA16: 22.443814 | EB16: 21.181273 | EC16: 21.033729 | ED16: 21.260599 | EE16: 19.873771 | EF16: 19.901198 | EG16: 20.109033 | EH16: 18.746218 | EI16: 18.841959 | EJ16: 19.063503 | EK16: 17.148283 | EL16: 17.147192 | EM16: 17.042729 | EN16: 15.191919 | EO16: 15.285405 | EP16: 15.639492 | EQ16: 13.15885 | ER16: 13.229654 | ES16: 13.085224 | ET16: 10.482245 | EU16: 10.40766 | EV16: 10.395081 | EW16: 7.697928 | EX16: 7.6642 | EY16: 7.641844
A17: 4. Posición de reserva en FMI | B17: 24.789682 | C17: 24.621434 | D17: 24.71 | E17: 25.23 | F17: 25.616691 | G17: 25.37 | H17: 25.35 | I17: 25.53 | J17: 25.320841 | K17: 25.39 | L17: 25.86 | M17: 25.8 | N17: 25.55 | O17: 25.81 | P17: 25.9 | Q17: 26.14 | R17: 25.95 | S17: 26 | T17: 26.26 | U17: 26.28 | V17: 26.7 | W17: 26.9 | X17: 27.27 | Y17: 27.07 | Z17: 27.360064 | AA17: 27.622128 | AB17: 28.204395 | AC17: 27.849032 | AD17: 27.796036 | AE17: 28.017795 | AF17: 27.799295 | AG17: 26.95908 | AH17: 26.707478 | AI17: 25.525449 | AJ17: 25.625438 | AK17: 26.416773 | AL17: 25.587535 | AM17: 25.166313 | AN17: 25.64156 | AO17: 25.688896 | AP17: 26.550206 | AQ17: 26.621896 | AR17: 26.640762 | AS17: 26.822388 | AT17: 27.173121 | AU17: 27.267793 | AV17: 27.615782 | AW17: 26.887047 | AX17: 26.655512 | AY17: 26.284884 | AZ17: 26.038943 | BA17: 25.916829 | BB17: 25.285853 | BC17: 25.364232 | BD17: 26.043745 | BE17: 25.878926 | BF17: 26.689813 | BG17: 26.957365 | BH17: 26.168259 | BI17: 26.412657 | BJ17: 26.78843 | BK17: 26.978975 | BL17: 27.192501 | BM17: 27.800667 | BN17: 27.454393 | BO17: 27.448905 | BP17: 27.46657 | BQ17: 27.601718 | BR17: 26.782942 | BS17: 45.238974 | BT17: 44.2594 | BU17: 43.794716 | BV17: 44.245708 | BW17: 44.386625 | BX17: 44.188942 | BY17: 44.19807 | BZ17: 43.081287 | CA17: 43.28924 | CB17: 43.026232 | CC17: 43.42 | CD17: 43.99 | CE17: 43.95 | CF17: 43.78 | CG17: 43.84 | CH17: 43.97 | CI17: 43.21 | CJ17: 42.73 | CK17: 43.05 | CL17: 42.7 | CM17: 42.9 | CN17: 43.17 | CO17: 43.22 | CP17: 43.76077 | CQ17: 43.873732 | CR17: 43.793004 | CS17: 43.929643 | CT17: 43.764193 | CU17: 44.140733 | CV17: 44.090243 | CW17: 44.206057 | CX17: 43.94305 | CY17: 44.097659 | CZ17: 43.681754 | DA17: 43.312916 | DB17: 42.291695 | DC17: 42.17046 | DD17: 41.768532 | DE17: 41.316114 | DF17: 40.215591 | DG17: 40.146844 | DH17: 39.350976 | DI17: 40.119174 | DJ17: 39.665044 | DK17: 40.118318 | DL17: 39.784852 | DM17: 40.166812 | DN17: 40.042725 | DO17: 39.846753 | DP17: 39.142167 | DQ17: 39.561211 | DR17: 39.379787 | DS17: 39.402893 | DT17: 40.187636 | DU17: 40.43039 | DV17: 40.018193 | DW17: 39.902949 | DX17: 39.747198 | DY17: 39.774583 | DZ17: 39.816516 | EA17: 39.190091 | EB17: 38.617008 | EC17: 38.348011 | ED17: 38.761634 | EE17: 38.65181 | EF17: 38.705153 | EG17: 39.109363 | EH17: 39.488755 | EI17: 39.690432 | EJ17: 40.157113 | EK17: 40.317998 | EL17: 40.315431 | EM17: 40.069825 | EN17: 40.375906 | EO17: 40.624365 | EP17: 41.565429 | EQ17: 41.245085 | ER17: 41.467015 | ES17: 41.014312 | ET17: 40.410992 | EU17: 40.123453 | EV17: 40.074959 | EW17: 39.97569 | EX17: 39.800542 | EY17: 39.684442
A18: 5. Posición con ALADI | B18: 7.221816 | C18: 0.201193 | D18: 3.33 | E18: 9.33 | F18: -5.280159 | G18: -8.31 | H18: -17.81 | I18: 0.87 | J18: 2.185834 | K18: 2.42 | L18: 2.34 | M18: 0.44 | N18: 3.6 | O18: 2.85 | P18: 12.65 | Q18: -0.55 | R18: 9.87 | S18: 8.65 | T18: 7.78 | U18: 11.2 | V18: 2.93 | W18: 16.19 | X18: 13.68 | Y18: 2.18 | Z18: 10.942116 | AA18: 3.205187 | AB18: 2.986161 | AC18: -1.364902 | AD18: 9.989447 | AE18: 18.122772 | AF18: 5.502238 | AG18: 25.915378 | AH18: 22.159151 | AI18: 11.307524 | AJ18: 12.408249 | AK18: -25.930344 | AL18: 3.320573 | AM18: 10.158262 | AN18: 19.025869 | AO18: 9.79659 | AP18: 55.933369 | AQ18: -19.620921 | AR18: 18.127748 | AS18: 20.125153 | AT18: -3.909817 | AU18: 23.256623 | AV18: 10.420259 | AW18: -26.677295 | AX18: 13.357113 | AY18: 7.545922 | AZ18: 10.077389 | BA18: 0.902896 | BB18: 14.88934 | BC18: 24.521674 | BD18: 3.868732 | BE18: 22.182103 | BF18: 3.157989 | BG18: 4.794576 | BH18: 15.300365 | BI18: -3.827151 | BJ18: 19.393963 | BK18: 3.239801 | BL18: -0.69701 | BM18: 6.712351 | BN18: 5.874995 | BO18: -16.955227 | BP18: -1.233496 | BQ18: 6.027509 | BR18: -2.625799 | BS18: 0.768999 | BT18: 6.209394 | BU18: -0.179797 | BV18: 6.563004 | BW18: 0.47807 | BX18: 0.63968 | BY18: 7.868075 | BZ18: 1.312836 | CA18: -17.352105 | CB18: 2.122932 | CC18: 4.66 | CD18: 3.09 | CE18: 2.25 | CF18: -0.43 | CG18: 2.22 | CH18: -2.19 | CI18: 1.83 | CJ18: 4.02 | CK18: -1.68 | CL18: -0.25 | CM18: 1.79 | CN18: 0.1 | CO18: 2.48 | CP18: -0.230742 | CQ18: 2.207177 | CR18: -5.966247 | CS18: 0.306629 | CT18: 6.002769 | CU18: 9.480374 | CV18: 12.017675 | CW18: 12.382538 | CX18: 0.673543 | CY18: 0.192265 | CZ18: 9.576952 | DA18: 11.315501 | DB18: -1.963619 | DC18: 1.328457 | DD18: -1.914036 | DE18: -21.003008 | DF18: 0.08818 | DG18: 0.633427 | DH18: 2.1551 | DI18: 6.0006 | DJ18: -0.290091 | DK18: -19.481369 | DL18: 0.557761 | DM18: 3.094158 | DN18: 0.390906 | DO18: -1.518858 | DP18: -1.747425 | DQ18: -19.556643 | DR18: -2.841233 | DS18: -0.000725 | DT18: -0.685222 | DU18: -2.165925 | DV18: 0.089799 | DW18: -18.578084 | DX18: 2.097665 | DY18: 2.066883 | DZ18: -0.020593 | EA18: 0.408657 | EB18: 0.741048 | EC18: -17.746451 | ED18: -0.703215 | EE18: 0.26937 | EF18: 0.327303 | EG18: 0.129964 | EH18: 0.000483 | EI18: -18.196024 | EJ18: -0.428087 | EK18: -0.226834 | EL18: -0.531844 | EM18: -2.677434 | EN18: -11.122324 | EO18: -0.340211 | EP18: -0.261249 | EQ18: -9.2e-05 | ER18: -0.10192 | ES18: -0.85066 | ET18: -0.09136 | EU18: -0.526914 | EV18: -0.326585 | EW18: 0 | EX18: -0.159845 | EY18: -0.059193
A19: 6. Posición SUCRE | CG19: 540.5 | CH19: 315.14 | CI19: 491.57 | CJ19: 595.11 | CK19: 406.4 | CL19: 474.56 | CM19: 499.95 | CN19: 35.68 | CO19: 55.53 | CP19: 91.249326 | CQ19: 125.79152 | CR19: 148.45707 | CS19: 176.72548 | CT19: 32.261602 | CU19: 57.437693 | CV19: 82.367004 | CW19: 127.55959 | CX19: 174.45051 | CY19: 220.06315 | CZ19: 28.028129 | DA19: 59.044679 | DB19: 88.372071 | DC19: 132.33681 | DD19: 164.15262 | DE19: 200.53749 | DF19: 20.756183 | DG19: 33.674659 | DH19: 71.143499 | DI19: 97.219227 | DJ19: 113.70004 | DK19: 121.24143 | DL19: 13.96991 | DM19: 21.864702 | DN19: 53.946575 | DO19: 90.046988 | DP19: 124.99688 | DQ19: 156.30847 | DR19: 19.99966 | DS19: 27.404775 | DT19: 32.334967 | DU19: 42.457344 | DV19: 52.53032 | DW19: 59.248577 | DX19: 10.953932 | DY19: 14.172916 | DZ19: 17.226813 | EA19: 22.226135 | EB19: 32.855287 | EC19: 39.029611 | ED19: 0.077073 | EE19: 0.850533 | EF19: 1.564455 | EG19: 2.578279 | EH19: 2.643358 | EI19: 4.939893 | EJ19: 0 | EK19: 0 | EL19: 0.255979 | EM19: 0.255938 | EN19: 0.255897 | EO19: 0.383835 | EP19: 0 | EQ19: 0.121452 | ER19: 0.121442 | ES19: 0.121295 | ET19: 0.120121 | EU19: 0.120101 | EV19: 0 | EW19: 0.499918 | EX19: 0.496903 | EY19: 0.494172
A21: RI (1+2+3+4+5+6) | B21: 1939.9203 | C21: 1913.4878 | D21: 2350.74 | E21: 2701.33 | F21: 2229.7315 | G21: 2264.1 | H21: 2398.8 | I21: 2660.17 | J21: 2853.8014 | K21: 2991.68 | L21: 2412.97 | M21: 2023.34 | N21: 2124.05 | O21: 2468.68 | P21: 2182.37 | Q21: 2801.23 | R21: 3076.34 | S21: 3204.38 | T21: 3440.77 | U21: 3510.07 | V21: 3611.12 | W21: 3690.85 | X21: 3617.78 | Y21: 3520.84 | Z21: 3511.0513 | AA21: 3989.4212 | AB21: 4143.5528 | AC21: 5599.1134 | AD21: 5874.7229 | AE21: 6103.1229 | AF21: 6161.4124 | AG21: 6372.3133 | AH21: 6511.4456 | AI21: 6273.5617 | AJ21: 6011.4973 | AK21: 4473.069 | AL21: 4271.6178 | AM21: 3996.5062 | AN21: 3244.0726 | AO21: 3142.2647 | AP21: 2594.3993 | AQ21: 2675.0155 | AR21: 3151.7757 | AS21: 3921.5956 | AT21: 4624.7093 | AU21: 4604.7855 | AV21: 5236.6674 | AW21: 3792.0509 | AX21: 3918.2044 | AY21: 3602.9902 | AZ21: 4007.0646 | BA21: 4321.986 | BB21: 4575.3279 | BC21: 4103.5395 | BD21: 3857.6043 | BE21: 3490.4041 | BF21: 4353.3704 | BG21: 3668.88 | BH21: 3451.1235 | BI21: 2622.0537 | BJ21: 2869.4521 | BK21: 3906.9429 | BL21: 3947.486 | BM21: 4164.8411 | BN21: 3884.3417 | BO21: 3841.485 | BP21: 3980.6705 | BQ21: 4124.6201 | BR21: 3635.4182 | BS21: 4548.5911 | BT21: 4093.684 | BU21: 2957.6203 | BV21: 3371.3788 | BW21: 3375.5372 | BX21: 3368.0891 | BY21: 3787.3851 | BZ21: 3918.0824 | CA21: 3930.9168 | CB21: 4040.3208 | CC21: 4218.81 | CD21: 4883.42 | CE21: 4033.19 | CF21: 3442.97 | CG21: 2482.52 | CH21: 2827.11 | CI21: 4212.82 | CJ21: 4373.01 | CK21: 4660.88 | CL21: 4191.11 | CM21: 3760.55 | CN21: 3670 | CO21: 4508.12 | CP21: 4233.5 | CQ21: 4206.0046 | CR21: 4051.0578 | CS21: 4360.5217 | CT21: 4182.7265 | CU21: 4332.4056 | CV21: 3976.2516 | CW21: 3568.8925 | CX21: 4010.3071 | CY21: 5822.4182 | CZ21: 5557.3942 | DA21: 6171.2039 | DB21: 6689.2281 | DC21: 6002.5728 | DD21: 5863.3021 | DE21: 3949.0696 | DF21: 3654.688 | DG21: 3717.3014 | DH21: 3667.7367 | DI21: 3439.9275 | DJ21: 4567.4591 | DK21: 4739.1914 | DL21: 4771.9664 | DM21: 4201.4079 | DN21: 3511.5641 | DO21: 3308.363 | DP21: 3126.3197 | DQ21: 2495.9566 | DR21: 3207.3594 | DS21: 3341.6422 | DT21: 2573.0683 | DU21: 2485.0237 | DV21: 2158.5515 | DW21: 3433.7594 | DX21: 4295.8555 | DY21: 4166.72 | DZ21: 4472.9284 | EA21: 4274.6257 | EB21: 3907.3372 | EC21: 4258.8499 | ED21: 4889.0536 | EE21: 4774.3641 | EF21: 3809.6184 | EG21: 3236.1216 | EH21: 2790.0411 | EI21: 4467.1464 | EJ21: 4260.9123 | EK21: 3650.4808 | EL21: 2362.3768 | EM21: 4806.5892 | EN21: 4018.467 | EO21: 2451.0658 | EP21: 5706.5874 | EQ21: 5406.7849 | ER21: 4868.0821 | ES21: 4260.3535 | ET21: 3752.0349 | EU21: 3166.7384 | EV21: 3128.4665 | EW21: 3050.1976 | EX21: 2693.0062 | EY21: 2257.4707
EP25: 5706.5874 | EQ25: 5406.7849 | ER25: 4868.0821 | ES25: 4260.3535 | ET25: 3752.0349 | EU25: 3166.7384 | EV25: 3128.4665 | EW25: 3050.1976 | EX25: 2693.0062
A26: (*) De conformidad al artículo 137 del Código Orgánico Monetario y Financiero (Registro Oficial N° 332 – Viernes 12 de septiembre de 2014), la Reserva Internacional de Libre Disponibilidad (RILD), pasa a denominarse Reservas Internacionales (RI). | EP26: =+EP25=EP21 -> TRUE | EQ26: =+EQ25=EQ21 -> FALSE | ER26: =+ER25=ER21 -> TRUE | ES26: =+ES25=ES21 -> FALSE | ET26: =+ET25=ET21 -> TRUE | EU26: =+EU25=EU21 -> FALSE | EV26: =+EV25=EV21 -> FALSE | EW26: =+EW25=EW21 -> TRUE | EX26: =+EX25=EX21 -> FALSE
A27: (*)Mediante resolución 076-2015-M, de 24 de junio de 2015, la Junta de Política y Regulación Monetaria y Financiera, emite la Norma para establecer la metodología de cálculo de las reservas internacionales.
A29: reserva internacional | B29: =+B21-'IMS3'!B13 -> 0.000256 | C29: =+C21-'IMS3'!C13 -> -1.0000003e-06 | D29: =+D21-'IMS3'!D13 -> 0 | E29: =+E21-'IMS3'!E13 -> -0.01 | F29: =+F21-'IMS3'!F13 -> 0 | G29: =+G21-'IMS3'!G13 -> 0 | H29: =+H21-'IMS3'!H13 -> 0 | I29: =+I21-'IMS3'!I13 -> 0 | ... AK29: =+AK21-'IMS3'!AK13 -> -1.0000003e-06 | AL29: =+AL21-'IMS3'!#REF! -> #REF! | AM29: =+AM21-'IMS3'!#REF! -> #REF! | AN29: =+AN21-'IMS3'!#REF! -> #REF! | AO29: =+AO21-'IMS3'!#REF! -> #REF! | AP29: =+AP21-'IMS3'!#REF! -> #REF! | AQ29: =+AQ21-'IMS3'!#REF! -> #REF! | AR29: =+AR21-'IMS3'!#REF! -> #REF! | AS29: =+AS21-'IMS3'!#REF! -> #REF! | ... EY29: =+EY21-'IMS3'!#REF! -> #REF!
C64: 8400.194 | F64: 0 | J64: 0 | N64: #N/A

Sheet IMS3
A2: 3. PANORAMA DEL BANCO CENTRAL DEL ECUADOR
A3: En millones de dólares al final del período
A5: Menú Principal
B7: 2006 | N7: 2007 | Z7: 2008 | AL7: 2009 | AX7: 2010 | BJ7: 2011 | BV7: 2012 | CH7: 2013 | CT7: 2014 | DF7: 2015 | DR7: 2016 | ED7: 2017 | EP7: 2018 | FB7: 2019 | FN7: 2020 | FZ7: 2021 | GL7: 2022 | GX7: 2023 | HJ7: 2024 | HV7: 2025
B8: Ene | C8: Feb | D8: Mar | E8: Abr | F8: May | G8: Jun | H8: Jul | I8: Ago | J8: Sep | K8: Oct | L8: Nov | M8: Dic | N8: Ene | O8: Feb | P8: Mar | Q8: Abr | R8: May | S8: Jun | T8: Jul | U8: Ago | V8: Sep | W8: Oct | X8: Nov | Y8: Dic | Z8: Ene | AA8: Feb | AB8: Mar | AC8: Abr | AD8: May | AE8: Jun | AF8: Jul | AG8: Ago | AH8: Sep | AI8: Oct | AJ8: Nov | AK8: Dic | AL8: Ene | AM8: Feb | AN8: Mar | AO8: Abr | AP8: May | AQ8: Jun | AR8: Jul | AS8: Ago | AT8: Sep | AU8: Oct | AV8: Nov | AW8: Dic | AX8: Ene | AY8: Feb | AZ8: Mar | BA8: Abr | BB8: May | BC8: Jun | BD8: Jul | BE8: Ago | BF8: Sep | BG8: Oct | BH8: Nov | BI8: Dic | BJ8: Ene | BK8: Feb | BL8: Mar | BM8: Abr | BN8: May | BO8: Jun | BP8: Jul | BQ8: Ago | BR8: Sep | BS8: Oct | BT8: Nov | BU8: Dic | BV8: Ene | BW8: Feb | BX8: Mar | BY8: Abr | BZ8: May | CA8: Jun | CB8: Jul | CC8: Ago | CD8: Sep | CE8: Oct | CF8: Nov | CG8: Dic | CH8: Ene | CI8: Feb | CJ8: Mar | CK8: Abr | CL8: May | CM8: Jun | CN8: Jul | CO8: Ago | CP8: Sep | CQ8: Oct | CR8: Nov | CS8: Dic | CT8: Ene | CU8: Feb | CV8: Mar | CW8: Abr | CX8: May | CY8: Jun | CZ8: Jul | DA8: Ago | DB8: Sep | DC8: Oct | DD8: Nov | DE8: Dic | DF8: Ene | DG8: Feb | DH8: Mar | DI8: Abr | DJ8: May | DK8: Jun | DL8: Jul | DM8: Ago | DN8: Sep | DO8: Oct | DP8: Nov | DQ8: Dic | DR8: Ene | DS8: Feb | DT8: Mar | DU8: Abr | DV8: May | DW8: Jun | DX8: Jul | DY8: Ago | DZ8: Sep | EA8: Oct | EB8: Nov | EC8: Dic | ED8: Ene | EE8: Feb | EF8: Mar | EG8: Abr | EH8: May | EI8: Jun | EJ8: Jul | EK8: Ago | EL8: Sep | EM8: Oct | EN8: Nov | EO8: Dic | EP8: Ene | EQ8: Feb | ER8: Mar | ES8: Abr | ET8: May | EU8: Jun | EV8: Jul | EW8: Ago | EX8: Sep | EY8: Oct | EZ8: Nov | FA8: Dic | FB8: Ene | FC8: Feb | FD8: Mar | FE8: Abr | FF8: May | FG8: Jun | FH8: Jul | FI8: Ago | FJ8: Sep | FK8: Oct | FL8: Nov | FM8: Dic | FN8: Ene | FO8: Feb | FP8: Mar | FQ8: Abr | FR8: May | FS8: Jun | FT8: Jul | FU8: Ago | FV8: Sep | FW8: Oct | FX8: Nov | FY8: Dic | FZ8: Ene | GA8: Feb | GB8: Mar | GC8: Abr | GD8: May | GE8: Jun | GF8: Jul | GG8: Ago | GH8: Sep | GI8: Oct | GJ8: Nov | GK8: Dic | GL8: Ene | GM8: Feb | GN8: Mar | GO8: Abr | GP8: May | GQ8: Jun | GR8: Jul | GS8: Ago | GT8: Sep | GU8: Oct | GV8: Nov | GW8: Dic | GX8: Ene | GY8: Feb | GZ8: Mar | HA8: Abr | HB8: May | HC8: Jun | HD8: Jul | HE8: Ago | HF8: Sep | HG8: Oct | HH8: Nov | HI8: Dic | HJ8: Ene | HK8: Feb | HL8: Mar | HM8: Abr | HN8: May | HO8: Jun | HP8: Jul | HQ8: Ago | HR8: Sep | HS8: Oct | HT8: Nov | HU8: Dic | HV8: Ene | HW8: Feb | HX8: Mar | HY8: 45751 | HZ8: 45758 | IA8: 45764 | IB8: 45772 | IC8: 45777 | ID8: 45786 | IE8: 45793
A12: I. ACTIVOS EXTERNOS NETOS (a+b) | B12: 2705.39 | C12: 2650.6173 | D12: 3121.85 | E12: 3541.15 | F12: 3081.0763 | G12: 3091.23 | H12: 3252.41 | I12: 3523.61 | J12: 3701.182 | K12: 3888.58 | L12: 3962.35 | M12: 3680.23 | N12: 3029.53 | O12: 3411.15 | P12: 3078.93 | Q12: 3699.7 | R12: 3980.81 | S12: 4095.54 | T12: 4361.14 | U12: 4453.55 | V12: 4628.53 | W12: 4759.81 | X12: 4681.27 | Y12: 4592.58 | Z12: 4666.6868 | AA12: 5186.2187 | AB12: 5286.8785 | AC12: 6687.1887 | AD12: 6978.7683 | AE12: 7249.3168 | AF12: 7298.2796 | AG12: 7482.1322 | AH12: 7669.1496 | AI12: 7302.1101 | AJ12: 7113.0316 | AK12: 5872.1684 | AL12: 5750.0495 | AM12: 5497.3315 | AN12: 4753.4166 | AO12: 4615.4097 | AP12: 4150.8996 | AQ12: 4181.8933 | AR12: 4630.9785 | AS12: 5395.3798 | AT12: 6186.0438 | AU12: 6139.4243 | AV12: 6426.1669 | AW12: 4982.1397 | AX12: 5085.5003 | AY12: 4763.059 | AZ12: 4967.4064 | BA12: 5328.7373 | BB12: 5588.6756 | BC12: 5064.2692 | BD12: 4915.471 | BE12: 4618.6374 | BF12: 5500.1752 | BG12: 4877.4598 | BH12: 4685.4873 | BI12: 3856.0157 | BJ12: 4056.0101 | BK12: 5044.6115 | BL12: 5019.9787 | BM12: 5294.2166 | BN12: 5012.051 | BO12: 5115.4636 | BP12: 5274.4536 | BQ12: 5488.915 | BR12: 5086.281 | BS12: 6130.0463 | BT12: 5734.1185 | BU12: 4584.4866 | BV12: 4958.8693 | BW12: 5261.0874 | BX12: 5412.2356 | BY12: 5955.4863 | BZ12: 6065.0808 | CA12: 6499.9485 | CB12: 6274.1665 | CC12: 6492.2229 | CD12: 7209.3607 | CE12: 6525.7037 | CF12: 6102.1255 | CG12: 4659.154 | CH12: 4885.6377 | CI12: 6337.6435 | CJ12: 6404.0702 | CK12: 6671.4706 | CL12: 6207.9876 | CM12: 5616.8488 | CN12: 5559.7952 | CO12: 6551.2274 | CP12: 6135.5709 | CQ12: 6051.7796 | CR12: 5951.7756 | CS12: 5215.6 | CT12: 5069.0203 | CU12: 4844.8642 | CV12: 4467.3876 | CW12: 4125.7775 | CX12: 4541.6592 | CY12: 6368.7007 | CZ12: 6208.5254 | DA12: 6739.2817 | DB12: 7304.2958 | DC12: 6570.0184 | DD12: 6427.8859 | DE12: 4535.6636 | DF12: 4231.6171 | DG12: 4318.579 | DH12: 4212.2342 | DI12: 3985.6406 | DJ12: 5118.0471 | DK12: 5314.2731 | DL12: 5310.9483 | DM12: 4764.1089 | DN12: 4104.9848 | DO12: 3870.3059 | DP12: 3699.6362 | DQ12: 2964.1131 | DR12: 3674.3947 | DS12: 3832.4841 | DT12: 2911.4941 | DU12: 2831.2832 | DV12: 2503.5985 | DW12: 4027.6976 | DX12: 4872.1878 | DY12: 4337.4038 | DZ12: 4636.3187 | EA12: 4427.1752 | EB12: 4077.1694 | EC12: 4434.9764 | ED12: 5113.1793 | EE12: 4909.4126 | EF12: 4006.9664 | EG12: 3448.5747 | EH12: 3018.8355 | EI12: 4976.4066 | EJ12: 4667.4846 | EK12: 4071.7084 | EL12: 2794.8181 | EM12: 5879.8625 | EN12: 5090.8558 | EO12: 3584.4809 | EP12: 6821.1213 | EQ12: 6595.3145 | ER12: 6063.4713 | ES12: 5451.2564 | ET12: 4883.0999 | EU12: 4351.3624 | EV12: 4327.7225 | EW12: 4215.9313 | EX12: 3857.3221 | EY12: 3907.1346 | EZ12: 3581.5436 | FA12: 3902.3787 | FB12: 4706.7013 | FC12: 4345.0256 | FD12: 5092.2868 | FE12: 4615.7263 | FF12: 5166.2914 | FG12: 5178.1373 | FH12: 4833.1967 | FI12: 4922.9869 | FJ12: 6281.9937 | FK12: 5259.937 | FL12: 4413.6278 | FM12: 4627.9037 | FN12: 4811.5022 | FO12: 4618.6419 | FP12: 3544.3314 | FQ12: 4324.1797 | FR12: 4896.7145 | FS12: 3484.5234 | FT12: 3916.2087 | FU12: 4208.8345 | FV12: 4241.5812 | FW12: 6311.6323 | FX12: 5919.728 | FY12: 8063.6242 | FZ12: 7485.6503 | GA12: 6806.401 | GB12: 6693.8719 | GC12: 6688.9024 | GD12: 6939.4303 | GE12: 7049.3568 | GF12: 6403.9098 | GG12: 6940.5426 | GH12: 7498.1163 | GI12: 8809.8939 | GJ12: 8856.6582 | GK12: 8969.0421 | GL12: 9056.1841 | GM12: 9144.018 | GN12: 10302.662 | GO12: 9553.7975 | GP12: 9321.2246 | GQ12: 9620.6832 | GR12: 10028.626 | GS12: 10019.045 | GT12: 9370.8907 | GU12: 8708.1481 | GV12: 8488.83 | GW12: 9325.037 | GX12: 9226.4212 | GY12: 8808.5989 | GZ12: 9077.0126 | HA12: 8812.478 | HB12: 8319.6548 | HC12: 7802.8271 | HD12: 7796.625 | HE12: 7464.4684 | HF12: 7457.3953 | HG12: 7211.3641 | HH12: 6904.8413 | HI12: 5976.3577 | HJ12: 6016.2244 | HK12: 6115.1127 | HL12: 6311.9008 | HM12: 6962.1863 | HN12: 7779.1444 | HO12: 8075.9567 | HP12: 8320.0351 | HQ12: 9544.9492 | HR12: 9722.4969 | HS12: 9852.2052 | HT12: 8827.7448 | HU12: 8104.0573 | HV12: 8702.3174 | HW12: 8744.9977 | HX12: 8763.7537 | HY12: 8647.6497 | HZ12: 9130.1801 | IA12: 9450.4501 | IB12: 9144.0269 | IC12: 8799.6647 | ID12: 8824.2868 | IE12: 9388.9573
A13: a. Reservas internacionales (7) | B13: 1939.92 | C13: 1913.4878 | D13: 2350.74 | E13: 2701.34 | F13: 2229.7315 | G13: 2264.1 | H13: 2398.8 | I13: 2660.17 | J13: 2853.8014 | K13: 2991.67 | L13: 2412.97 | M13: 2023.35 | N13: 2124.04 | O13: 2468.69 | P13: 2182.37 | Q13: 2801.24 | R13: 3076.33 | S13: 3204.37 | T13: 3440.77 | U13: 3510.08 | V13: 3611.13 | W13: 3690.85 | X13: 3617.78 | Y13: 3520.83 | Z13: 3511.0513 | AA13: 3989.4212 | AB13: 4143.5528 | AC13: 5599.1134 | AD13: 5874.7229 | AE13: 6103.1229 | AF13: 6161.4124 | AG13: 6372.3133 | AH13: 6511.4456 | AI13: 6273.5617 | AJ13: 6011.4973 | AK13: 4473.069 | AL13: 4271.6178 | AM13: 3996.5062 | AN13: 3244.0726 | AO13: 3142.2647 | AP13: 2594.3993 | AQ13: 2675.0155 | AR13: 3151.7757 | AS13: 3921.5956 | AT13: 4624.7093 | AU13: 4604.7855 | AV13: 5236.6674 | AW13: 3792.0509 | AX13: 3918.2044 | AY13: 3602.9902 | AZ13: 4007.0646 | BA13: 4321.986 | BB13: 4575.3279 | BC13: 4103.5395 | BD13: 3857.6043 | BE13: 3490.4041 | BF13: 4353.3704 | BG13: 3668.88 | BH13: 3451.1235 | BI13: 2622.0537 | BJ13: 2869.4521 | BK13: 3906.9429 | BL13: 3947.486 | BM13: 4164.8411 | BN13: 3884.3417 | BO13: 3841.485 | BP13: 3980.6705 | BQ13: 4124.6201 | BR13: 3635.4182 | BS13: 4548.5911 | BT13: 4093.684 | BU13: 2957.6203 | BV13: 3371.3788 | BW13: 3375.5372 | BX13: 3368.0891 | BY13: 3787.3851 | BZ13: 3918.0824 | CA13: 3930.9168 | CB13: 4040.3208 | CC13: 4218.814 | CD13: 4883.4317 | CE13: 4033.1888 | CF13: 3442.9641 | CG13: 2482.5281 | CH13: 2827.1006 | CI13: 4212.8119 | CJ13: 4373.0264 | CK13: 4660.8657 | CL13: 4191.0997 | CM13: 3760.5449 | CN13: 3670.008 | CO13: 4508.1204 | CP13: 4233.5 | CQ13: 4206.0046 | CR13: 4051.0578 | CS13: 4360.5217 | CT13: 4182.7265 | CU13: 4332.4056 | CV13: 3976.2516 | CW13: 3568.8925 | CX13: 4010.3071 | CY13: 5822.4182 | CZ13: 5557.3942 | DA13: 6171.2039 | DB13: 6689.2281 | DC13: 6002.5728 | DD13: 5863.3021 | DE13: 3949.0696 | DF13: 3654.688 | DG13: 3717.3014 | DH13: 3667.7367 | DI13: 3439.9275 | DJ13: 4567.4591 | DK13: 4739.1914 | DL13: 4771.9664 | DM13: 4201.4079 | DN13: 3511.5641 | DO13: 3308.363 | DP13: 3126.3197 | DQ13: 2495.9566 | DR13: 3207.3594 | DS13: 3341.6422 | DT13: 2573.0683 | DU13: 2485.0237 | DV13: 2158.5515 | DW13: 3433.7594 | DX13: 4295.8555 | DY13: 4166.72 | DZ13: 4472.9284 | EA13: 4274.6257 | EB13: 3907.3372 | EC13: 4258.8499 | ED13: 4889.0536 | EE13: 4774.3641 | EF13: 3809.6184 | EG13: 3236.1216 | EH13: 2790.0411 | EI13: 4467.1464 | EJ13: 4260.9123 | EK13: 3650.4808 | EL13: 2362.3768 | EM13: 4806.5892 | EN13: 4018.467 | EO13: 2451.0658 | EP13: 5706.5874 | EQ13: 5406.7849 | ER13: 4868.0821 | ES13: 4260.3535 | ET13: 3752.0349 | EU13: 3166.7384 | EV13: 3128.4665 | EW13: 3050.1976 | EX13: 2693.0062 | EY13: 2730.3636 | EZ13: 2382.2391 | FA13: 2676.525 | FB13: 3635.8522 | FC13: 3281.8184 | FD13: 3972.8417 | FE13: 3488.3241 | FF13: 4083.615 | FG13: 4095.2624 | FH13: 3772.4585 | FI13: 3808.3865 | FJ13: 5130.3737 | FK13: 4097.8495 | FL13: 3178.7085 | FM13: 3397.1086 | FN13: 3568.0298 | FO13: 3280.3994 | FP13: 1990.1685 | FQ13: 2860.4742 | FR13: 3402.0323 | FS13: 2665.6085 | FT13: 3039.9523 | FU13: 3257.8134 | FV13: 3442.9823 | FW13: 5517.6194 | FX13: 5066.6151 | FY13: 7195.6544 | FZ13: 6590.8615 | GA13: 5790.9269 | GB13: 5779.1741 | GC13: 5788.4939 | GD13: 5923.27 | GE13: 6048.8075 | GF13: 5405.294 | GG13: 5872.3521 | GH13: 6294.5272 | GI13: 7549.6139 | GJ13: 7564.9656 | GK13: 7897.8703 | GL13: 7987.2112 | GM13: 8047.3293 | GN13: 9226.3236 | GO13: 8467.5849 | GP13: 8184.0332 | GQ13: 8584.61 | GR13: 9016.4148 | GS13: 9010.0862 | GT13: 8381.2584 | GU13: 7739.1962 | GV13: 7532.3978 | GW13: 8458.6522 | GX13: 8360.6433 | GY13: 7887.4808 | GZ13: 8189.6943 | HA13: 8054.8888 | HB13: 7530.4729 | HC13: 6966.5289 | HD13: 6961.2306 | HE13: 6358.5886 | HF13: 6312.1971 | HG13: 6007.5869 | HH13: 5658.1125 | HI13: 4454.3566 | HJ13: 4488.7504 | HK13: 5086.4024 | HL13: 5299.905 | HM13: 5993.6795 | HN13: 6740.0515 | HO13: 7090.0493 | HP13: 7232.9895 | HQ13: 8410.0655 | HR13: 8577.5479 | HS13: 8645.3467 | HT13: 7655.1158 | HU13: 6899.5022 | HV13: 7423.1931 | HW13: 7713.0745 | HX13: 7729.0342 | HY13: 7611.7565 | HZ13: 8108.0876 | IA13: 8427.1854 | IB13: 8131.3533 | IC13: 7772.9836 | ID13: 7777.0708 | IE13: 8326.6592
A14: b. Otros activos externos netos (b.1-b.2) | B14: 765.47 | C14: 737.12944 | D14: 771.11 | E14: 839.81 | F14: 851.34477 | G14: 827.13 | H14: 853.61 | I14: 863.44 | J14: 847.38061 | K14: 896.91 | L14: 1549.38 | M14: 1656.88 | N14: 905.49 | O14: 942.46 | P14: 896.56 | Q14: 898.46 | R14: 904.48 | S14: 891.17 | T14: 920.37 | U14: 943.47 | V14: 1017.4 | W14: 1068.96 | X14: 1063.49 | Y14: 1071.75 | Z14: 1155.6355 | AA14: 1196.7975 | AB14: 1143.3257 | AC14: 1088.0753 | AD14: 1104.0454 | AE14: 1146.1939 | AF14: 1136.8671 | AG14: 1109.8189 | AH14: 1157.704 | AI14: 1028.5484 | AJ14: 1101.5343 | AK14: 1399.0994 | AL14: 1478.4317 | AM14: 1500.8253 | AN14: 1509.344 | AO14: 1473.1451 | AP14: 1556.5002 | AQ14: 1506.8778 | AR14: 1479.2028 | AS14: 1473.7842 | AT14: 1561.3345 | AU14: 1534.6389 | AV14: 1189.4995 | AW14: 1190.0887 | AX14: 1167.2959 | AY14: 1160.0689 | AZ14: 960.3418 | BA14: 1006.7513 | BB14: 1013.3477 | BC14: 960.72976 | BD14: 1057.8668 | BE14: 1128.2333 | BF14: 1146.8048 | BG14: 1208.5799 | BH14: 1234.3638 | BI14: 1233.9619 | BJ14: 1186.5579 | BK14: 1137.6685 | BL14: 1072.4927 | BM14: 1129.3755 | BN14: 1127.7093 | BO14: 1273.9786 | BP14: 1293.7831 | BQ14: 1364.295 | BR14: 1450.8628 | BS14: 1581.4551 | BT14: 1640.4344 | BU14: 1626.8664 | BV14: 1587.4905 | BW14: 1885.5502 | BX14: 2044.1465 | BY14: 2168.1012 | BZ14: 2146.9984 | CA14: 2569.0317 | CB14: 2233.8457 | CC14: 2273.409 | CD14: 2325.929 | CE14: 2492.5149 | CF14: 2659.1614 | CG14: 2176.6259 | CH14: 2058.5371 | CI14: 2124.8316 | CJ14: 2031.0438 | CK14: 2010.6049 | CL14: 2016.8878 | CM14: 1856.3038 | CN14: 1889.7872 | CO14: 2043.107 | CP14: 1902.0709 | CQ14: 1845.775 | CR14: 1900.7178 | CS14: 855.07831 | CT14: 886.29385 | CU14: 512.45862 | CV14: 491.13598 | CW14: 556.885 | CX14: 531.3521 | CY14: 546.28249 | CZ14: 651.13116 | DA14: 568.07777 | DB14: 615.06768 | DC14: 567.4456 | DD14: 564.58381 | DE14: 586.59399 | DF14: 576.92912 | DG14: 601.27757 | DH14: 544.49757 | DI14: 545.71308 | DJ14: 550.58805 | DK14: 575.0817 | DL14: 538.98191 | DM14: 562.70102 | DN14: 593.42074 | DO14: 561.94288 | DP14: 573.31652 | DQ14: 468.15647 | DR14: 467.03536 | DS14: 490.84191 | DT14: 338.42583 | DU14: 346.25949 | DV14: 345.04695 | DW14: 593.93827 | DX14: 576.33234 | DY14: 170.68372 | DZ14: 163.39029 | EA14: 152.54945 | EB14: 169.83216 | EC14: 176.12647 | ED14: 224.12566 | EE14: 135.04847 | EF14: 197.34796 | EG14: 212.45309 | EH14: 228.79437 | EI14: 509.26022 | EJ14: 406.57228 | EK14: 421.22761 | EL14: 432.44126 | EM14: 1073.2733 | EN14: 1072.3889 | EO14: 1133.4151 | EP14: 1114.534 | EQ14: 1188.5296 | ER14: 1195.3893 | ES14: 1190.9029 | ET14: 1131.065 | EU14: 1184.624 | EV14: 1199.256 | EW14: 1165.7338 | EX14: 1164.3159 | EY14: 1176.771 | EZ14: 1199.3045 | FA14: 1225.8537 | FB14: 1070.8491 | FC14: 1063.2071 | FD14: 1119.4451 | FE14: 1127.4022 | FF14: 1082.6764 | FG14: 1082.8749 | FH14: 1060.7382 | FI14: 1114.6004 | FJ14: 1151.62 | FK14: 1162.0876 | FL14: 1234.9192 | FM14: 1230.7951 | FN14: 1243.4725 | FO14: 1338.2426 | FP14: 1554.163 | FQ14: 1463.7055 | FR14: 1494.6822 | FS14: 818.91488 | FT14: 876.25634 | FU14: 951.02115 | FV14: 798.59884 | FW14: 794.01289 | FX14: 853.11292 | FY14: 867.96976 | FZ14: 894.78879 | GA14: 1015.4741 | GB14: 914.69779 | GC14: 900.40855 | GD14: 1016.1603 | GE14: 1000.5493 | GF14: 998.61582 | GG14: 1068.1904 | GH14: 1203.5891 | GI14: 1260.2799 | GJ14: 1291.6926 | GK14: 1071.1718 | GL14: 1068.9729 | GM14: 1096.6887 | GN14: 1076.3386 | GO14: 1086.2126 | GP14: 1137.1914 | GQ14: 1036.0733 | GR14: 1012.2115 | GS14: 1008.9585 | GT14: 989.6323 | GU14: 968.95189 | GV14: 956.43219 | GW14: 866.38481 | GX14: 865.77789 | GY14: 921.11808 | GZ14: 887.31832 | HA14: 757.58926 | HB14: 789.18192 | HC14: 836.29815 | HD14: 835.39439 | HE14: 1105.8799 | HF14: 1145.1983 | HG14: 1203.7772 | HH14: 1246.7287 | HI14: 1522.0011 | HJ14: 1527.474 | HK14: 1028.7104 | HL14: 1011.9958 | HM14: 968.50675 | HN14: 1039.0929 | HO14: 985.90741 | HP14: 1087.0456 | HQ14: 1134.8837 | HR14: 1144.949 | HS14: 1206.8585 | HT14: 1172.6289 | HU14: 1204.5551 | HV14: 1279.1243 | HW14: 1031.9232 | HX14: 1034.7195 | HY14: 1035.8932 | HZ14: 1022.0924 | IA14: 1023.2647 | IB14: 1012.6737 | IC14: 1026.6811 | ID14: 1047.2159 | IE14: 1062.2981
A15: b.1 Activos externos | B15: 772.65 | C15: 744.26862 | D15: 778.42 | E15: 847.42 | F15: 858.58027 | G15: 834.27 | H15: 858.67 | I15: 868.28 | J15: 852.88225 | K15: 902.62 | L15: 1554.4 | M15: 1661.82 | N15: 911.18 | O15: 947.71 | P15: 902.33 | Q15: 904.56 | R15: 910.08 | S15: 894.81 | T15: 924.19 | U15: 947.46 | V15: 1021.57 | W15: 1073.36 | X15: 1067.53 | Y15: 1075.95 | Z15: 1160.0795 | AA15: 1200.3493 | AB15: 1147.4401 | AC15: 1092.5545 | AD15: 1108.3186 | AE15: 1150.6396 | AF15: 1139.3005 | AG15: 1112.2291 | AH15: 1161.2625 | AI15: 1032.3297 | AJ15: 1105.1218 | AK15: 1402.786 | AL15: 1482.7304 | AM15: 1504.8513 | AN15: 1514.5091 | AO15: 1478.7036 | AP15: 1561.942 | AQ15: 1512.3418 | AR15: 1485.075 | AS15: 1479.6999 | AT15: 1568.3221 | AU15: 1542.0191 | AV15: 1196.9211 | AW15: 1197.7117 | AX15: 1175.2937 | AY15: 1168.0882 | AZ15: 969.22293 | BA15: 1016.0215 | BB15: 1022.6114 | BC15: 970.01121 | BD15: 1067.5786 | BE15: 1138.0218 | BF15: 1157.6231 | BG15: 1219.7755 | BH15: 1245.3269 | BI15: 1246.126 | BJ15: 1199.047 | BK15: 1150.234 | BL15: 1085.9516 | BM15: 1143.2166 | BN15: 1140.8218 | BO15: 1277.1682 | BP15: 1297.4003 | BQ15: 1367.995 | BR15: 1455.366 | BS15: 1586.3458 | BT15: 1645.3439 | BU15: 1631.2919 | BV15: 1592.3002 | BW15: 1890.4383 | BX15: 2049.8848 | BY15: 2174.1999 | BZ15: 2153.1035 | CA15: 2574.9878 | CB15: 2240.2002 | CC15: 2279.8197 | CD15: 2333.1823 | CE15: 2500.1202 | CF15: 2666.7998 | CG15: 2184.2342 | CH15: 2066.4964 | CI15: 2132.8419 | CJ15: 2039.9035 | CK15: 2019.8212 | CL15: 2026.1038 | CM15: 1865.5242 | CN15: 1899.4034 | CO15: 2052.777 | CP15: 1912.2665 | CQ15: 1856.3159 | CR15: 1911.2798 | CS15: 858.85844 | CT15: 888.61624 | CU15: 514.79825 | CV15: 494.29738 | CW15: 560.38861 | CX15: 534.44499 | CY15: 549.32548 | CZ15: 654.37946 | DA15: 570.92507 | DB15: 618.54604 | DC15: 570.73661 | DD15: 567.50587 | DE15: 588.90944 | DF15: 579.22528 | DG15: 603.38523 | DH15: 546.82513 | DI15: 547.8601 | DJ15: 552.73795 | DK15: 576.85084 | DL15: 540.55436 | DM15: 564.29082 | DN15: 595.82433 | DO15: 564.56825 | DP15: 575.97271 | DQ15: 470.80445 | DR15: 470.53908 | DS15: 493.93689 | DT15: 498.59935 | DU15: 506.03594 | DV15: 504.66609 | DW15: 597.05956 | DX15: 579.09553 | DY15: 537.85404 | DZ15: 531.37951 | EA15: 514.36482 | EB15: 526.16457 | EC15: 530.4245 | ED15: 582.7716 | EE15: 491.90397 | EF15: 555.84395 | EG15: 575.22556 | EH15: 594.1978 | EI15: 876.88529 | EJ15: 779.04578 | EK15: 794.37265 | EL15: 807.38805 | EM15: 1446.6837 | EN15: 1447.6118 | EO15: 1511.4752 | EP15: 1501.982 | EQ15: 1571.8031 | ER15: 1582.0148 | ES15: 1574.0877 | ET15: 1507.5092 | EU15: 1558.9698 | EV15: 1573.852 | EW15: 1538.1151 | EX15: 1537.1157 | EY15: 1546.9644 | EZ15: 1568.2582 | FA15: 1897.4779 | FB15: 1445.4324 | FC15: 1435.9636 | FD15: 1490.9456 | FE15: 1498.5714 | FF15: 1450.2906 | FG15: 1454.0288 | FH15: 1424.0576 | FI15: 1473.2596 | FJ15: 1510.8865 | FK15: 1525.9605 | FL15: 1550.9851 | FM15: 1549.4056 | FN15: 1561.5452 | FO15: 1609.7272 | FP15: 2125.3929 | FQ15: 1736.1148 | FR15: 1723.0767 | FS15: 1348.5978 | FT15: 1412.9389 | FU15: 1442.2581 | FV15: 989.77327 | FW15: 986.59366 | FX15: 1001.5446 | FY15: 1018.1052 | FZ15: 1045.7371 | GA15: 1119.4498 | GB15: 1018.5235 | GC15: 1006.548 | GD15: 1075.2697 | GE15: 1059.0463 | GF15: 1057.3501 | GG15: 1080.0356 | GH15: 1208.8599 | GI15: 1264.9456 | GJ15: 1295.4452 | GK15: 1071.9622 | GL15: 1069.9086 | GM15: 1097.2244 | GN15: 1077.6022 | GO15: 1087.6655 | GP15: 1138.1446 | GQ15: 1036.5261 | GR15: 1012.8081 | GS15: 1009.5549 | GT15: 990.95356 | GU15: 970.46218 | GV15: 957.1432 | GW15: 867.09636 | GX15: 866.63247 | GY15: 921.97224 | GZ15: 888.84843 | HA15: 759.30684 | HB15: 790.89897 | HC15: 837.51557 | HD15: 838.55333 | HE15: 1107.6386 | HF15: 1147.5294 | HG15: 1208.2944 | HH15: 1248.8463 | HI15: 1524.119 | HJ15: 1532.0916 | HK15: 1033.3279 | HL15: 1017.2792 | HM15: 972.47446 | HN15: 1043.0609 | HO15: 988.37517 | HP15: 1091.0136 | HQ15: 1138.8248 | HR15: 1149.5522 | HS15: 1210.0443 | HT15: 1176.0143 | HU15: 1208.7401 | HV15: 1283.3094 | HW15: 1037.6082 | HX15: 1041.0599 | HY15: 1042.2491 | HZ15: 1028.4488 | IA15: 1029.7874 | IB15: 1018.1964 | IC15: 1032.2038 | ID15: 1052.7385 | IE15: 1067.8205
A16: b.2 Pasivos externos | B16: 7.18 | C16: 7.139176 | D16: 7.31 | E16: 7.61 | F16: 7.235498 | G16: 7.14 | H16: 5.06 | I16: 4.84 | J16: 5.501644 | K16: 5.71 | L16: 5.02 | M16: 4.94 | N16: 5.69 | O16: 5.25 | P16: 5.77 | Q16: 6.1 | R16: 5.6 | S16: 3.64 | T16: 3.82 | U16: 3.99 | V16: 4.17 | W16: 4.4 | X16: 4.04 | Y16: 4.2 | Z16: 4.443985 | AA16: 3.551764 | AB16: 4.114335 | AC16: 4.479181 | AD16: 4.273196 | AE16: 4.445697 | AF16: 2.433361 | AG16: 2.410226 | AH16: 3.55847 | AI16: 3.781277 | AJ16: 3.587484 | AK16: 3.686553 | AL16: 4.29861 | AM16: 4.026059 | AN16: 5.165079 | AO16: 5.558516 | AP16: 5.441785 | AQ16: 5.463991 | AR16: 5.872242 | AS16: 5.915707 | AT16: 6.987589 | AU16: 7.380217 | AV16: 7.421592 | AW16: 7.623016 | AX16: 7.99779 | AY16: 8.019357 | AZ16: 8.88113 | BA16: 9.270186 | BB16: 9.263703 | BC16: 9.281451 | BD16: 9.71183 | BE16: 9.788441 | BF16: 10.818265 | BG16: 11.195604 | BH16: 10.963151 | BI16: 12.164069 | BJ16: 12.489057 | BK16: 12.565504 | BL16: 13.458901 | BM16: 13.841149 | BN16: 13.112548 | BO16: 3.189643 | BP16: 3.617191 | BQ16: 3.70003 | BR16: 4.503174 | BS16: 4.890737 | BT16: 4.909481 | BU16: 4.42552 | BV16: 4.809676 | BW16: 4.888177 | BX16: 5.738293 | BY16: 6.098726 | BZ16: 6.105129 | CA16: 5.956135 | CB16: 6.354448 | CC16: 6.410694 | CD16: 7.253358 | CE16: 7.605305 | CF16: 7.638395 | CG16: 7.608242 | CH16: 7.959232 | CI16: 8.010322 | CJ16: 8.85976 | CK16: 9.21635 | CL16: 9.215995 | CM16: 9.220391 | CN16: 9.616196 | CO16: 9.670037 | CP16: 10.19553 | CQ16: 10.54092 | CR16: 10.562065 | CS16: 3.780131 | CT16: 2.32239 | CU16: 2.339633 | CV16: 3.1614 | CW16: 3.50361 | CX16: 3.092892 | CY16: 3.042989 | CZ16: 3.248299 | DA16: 2.8473 | DB16: 3.478361 | DC16: 3.29101 | DD16: 2.922062 | DE16: 2.315451 | DF16: 2.296164 | DG16: 2.107659 | DH16: 2.327561 | DI16: 2.147015 | DJ16: 2.1499 | DK16: 1.769141 | DL16: 1.572451 | DM16: 1.589802 | DN16: 2.403587 | DO16: 2.625368 | DP16: 2.656182 | DQ16: 2.647984 | DR16: 3.503719 | DS16: 3.094985 | DT16: 160.17352 | DU16: 159.77645 | DV16: 159.61914 | DW16: 3.121288 | DX16: 2.763197 | DY16: 367.17032 | DZ16: 367.98922 | EA16: 361.81537 | EB16: 356.3324 | EC16: 354.29803 | ED16: 358.64594 | EE16: 356.8555 | EF16: 358.49598 | EG16: 362.77247 | EH16: 365.40343 | EI16: 367.62506 | EJ16: 372.47351 | EK16: 373.14504 | EL16: 374.94679 | EM16: 373.41036 | EN16: 375.22297 | EO16: 378.06008 | EP16: 387.44802 | EQ16: 383.27347 | ER16: 386.62552 | ES16: 383.18479 | ET16: 376.44424 | EU16: 374.34579 | EV16: 374.59597 | EW16: 372.38137 | EX16: 372.79976 | EY16: 370.19344 | EZ16: 368.95364 | FA16: 671.62419 | FB16: 374.58333 | FC16: 372.75644 | FD16: 371.50045 | FE16: 371.16922 | FF16: 367.61417 | FG16: 371.15399 | FH16: 363.31932 | FI16: 358.6592 | FJ16: 359.26645 | FK16: 363.87293 | FL16: 316.06587 | FM16: 318.61052 | FN16: 318.07268 | FO16: 271.48459 | FP16: 571.22996 | FQ16: 272.40929 | FR16: 228.39458 | FS16: 529.68295 | FT16: 536.68258 | FU16: 491.23691 | FV16: 191.17443 | FW16: 192.58077 | FX16: 148.43169 | FY16: 150.13543 | FZ16: 150.9483 | GA16: 103.97572 | GB16: 103.82573 | GC16: 106.13945 | GD16: 59.109373 | GE16: 58.49707 | GF16: 58.734325 | GG16: 11.845204 | GH16: 5.270819 | GI16: 4.665647 | GJ16: 3.75257 | GK16: 0.790338 | GL16: 0.935664 | GM16: 0.535698 | GN16: 1.263615 | GO16: 1.452959 | GP16: 0.953209 | GQ16: 0.452807 | GR16: 0.596613 | GS16: 0.596366 | GT16: 1.32126 | GU16: 1.510284 | GV16: 0.711008 | GW16: 0.71154453 | GX16: 0.85458282 | GY16: 0.85415928 | GZ16: 1.5301023 | HA16: 1.7175756 | HB16: 1.7170526 | HC16: 1.217417 | HD16: 3.1589426 | HE16: 1.7587089 | HF16: 2.3311377 | HG16: 4.517176 | HH16: 2.1176421 | HI16: 2.1178941 | HJ16: 4.6175783 | HK16: 4.6175252 | HL16: 5.2833443 | HM16: 3.9677068 | HN16: 3.9679581 | HO16: 2.4677607 | HP16: 3.9679315 | HQ16: 3.9410596 | HR16: 4.6031608 | HS16: 3.1858078 | HT16: 3.3853615 | HU16: 4.1850306 | HV16: 4.1850655 | HW16: 5.6850564 | HX16: 6.3404114 | HY16: 6.3558412 | HZ16: 6.3563839 | IA16: 6.5227347 | IB16: 5.5227423 | IC16: 5.5227044 | ID16: 5.5225632 | IE16: 5.5224015
A18: II. ACTIVOS INTERNOS NETOS (c+d) | B18: -1793.88 | C18: -1711.2989 | D18: -2095.57 | E18: -2484.8 | F18: -1995.0003 | G18: -1923.14 | H18: -2200.21 | I18: -2377.69 | J18: -2526.5 | K18: -2782.76 | L18: -2795.87 | M18: -2471.32 | N18: -1944.32 | O18: -2240.33 | P18: -1948.64 | Q18: -2582.69 | R18: -2736.5 | S18: -2786.68 | T18: -3095.18 | U18: -3077.81 | V18: -3269.38 | W18: -3391.09 | X18: -3141.12 | Y18: -2966.96 | Z18: -2899.189 | AA18: -3194.0264 | AB18: -3394.4809 | AC18: -4779.9599 | AD18: -4914.3962 | AE18: -5224.7769 | AF18: -5151.6342 | AG18: -5408.0207 | AH18: -5823.4285 | AI18: -5259.883 | AJ18: -4842.0495 | AK18: -3299.7171 | AL18: -3754.5247 | AM18: -3432.6999 | AN18: -3091.0038 | AO18: -2967.3148 | AP18: -2620.3876 | AQ18: -2393.9671 | AR18: -2718.0096 | AS18: -3402.7753 | AT18: -4258.5054 | AU18: -4045.0575 | AV18: -4100.8122 | AW18: -2072.0109 | AX18: -2122.9506 | AY18: -2054.2007 | AZ18: -2118.4302 | BA18: -2312.7163 | BB18: -2449.4154 | BC18: -2146.0138 | BD18: -1998.9609 | BE18: -1635.786 | BF18: -2655.9414 | BG18: -1771.6342 | BH18: -1628.564 | BI18: -1175.1377 | BJ18: -1433.0905 | BK18: -2110.6043 | BL18: -1896.9414 | BM18: -2016.7199 | BN18: -1886.2339 | BO18: -1947.3689 | BP18: -1993.3372 | BQ18: -2144.6756 | BR18: -1743.4857 | BS18: -2911.5243 | BT18: -2730.4952 | BU18: -1733.0295 | BV18: -1813.7533 | BW18: -1916.3411 | BX18: -1903.5773 | BY18: -2730.1982 | BZ18: -2894.8848 | CA18: -3084.4237 | CB18: -2942.8151 | CC18: -2478.3858 | CD18: -3104.9617 | CE18: -2663.5414 | CF18: -2297.7937 | CG18: -735.48103 | CH18: -1109.6689 | CI18: -2015.6775 | CJ18: -1805.663 | CK18: -2258.9619 | CL18: -1848.8327 | CM18: -1086.0691 | CN18: -1199.307 | CO18: -1912.726 | CP18: -1352.6167 | CQ18: -1124.6228 | CR18: -547.73281 | CS18: 500.20957 | CT18: 371.40766 | CU18: 446.88748 | CV18: 915.6722 | CW18: 736.88611 | CX18: 485.20838 | CY18: -711.57822 | CZ18: -752.71483 | DA18: -552.43632 | DB18: -1370.9416 | DC18: -458.32863 | DD18: 89.332562 | DE18: 1346.7505 | DF18: 896.99185 | DG18: 968.26281 | DH18: 1138.9296 | DI18: 869.76287 | DJ18: 453.31385 | DK18: 315.0401 | DL18: 163.06488 | DM18: 556.80776 | DN18: 684.30631 | DO18: 1058.5643 | DP18: 1198.2093 | DQ18: 1774.6262 | DR18: 2046.7984 | DS18: 2025.3595 | DT18: 2881.2194 | DU18: 2805.1723 | DV18: 2932.6483 | DW18: 2605.9606 | DX18: 2278.8977 | DY18: 2962.2196 | DZ18: 2794.9136 | EA18: 3423.1044 | EB18: 3693.5481 | EC18: 4040.5539 | ED18: 3411.2357 | EE18: 3589.132 | EF18: 4876.9443 | EG18: 5071.6499 | EH18: 5007.3149 | EI18: 3541.8646 | EJ18: 3720.9351 | EK18: 4148.7155 | EL18: 4540.5099 | EM18: 2266.8658 | EN18: 3249.7398 | EO18: 4699.7626 | EP18: 1236.3094 | EQ18: 1962.3718 | ER18: 3295.602 | ES18: 3427.0482 | ET18: 3736.3366 | EU18: 3789.3363 | EV18: 4175.9403 | EW18: 3842.945 | EX18: 3989.1375 | EY18: 3718.5648 | EZ18: 3779.3845 | FA18: 3886.1969 | FB18: 2757.5922 | FC18: 3577.0368 | FD18: 1341.5853 | FE18: 2731.1317 | FF18: 2660.6469 | FG18: 2582.9376 | FH18: 3205.6312 | FI18: 3307.5348 | FJ18: 978.23968 | FK18: 2298.7477 | FL18: 3114.9415 | FM18: 3017.3253 | FN18: 2904.5822 | FO18: 3477.3447 | FP18: 3673.9448 | FQ18: 3601.2652 | FR18: 3170.4419 | FS18: 4503.667 | FT18: 4330.9156 | FU18: 4214.7667 | FV18: 4209.6031 | FW18: 3848.9043 | FX18: 3903.2417 | FY18: 3325.668 | FZ18: 3152.8857 | GA18: 3357.2128 | GB18: 3512.4761 | GC18: 3162.7256 | GD18: 3443.7358 | GE18: 3431.2817 | GF18: 3370.9711 | GG18: 2577.5555 | GH18: 2644.9683 | GI18: 2439.7661 | GJ18: 2322.3182 | GK18: 2489.981 | GL18: 2166.9736 | GM18: 2484.8215 | GN18: 1822.3418 | GO18: 1904.9945 | GP18: 1377.1765 | GQ18: 1001.7549 | GR18: 1015.8278 | GS18: 932.79031 | GT18: 1707.195 | GU18: 2785.2866 | GV18: 2328.4849 | GW18: 2112.0804 | GX18: 2044.76 | GY18: 1886.4658 | GZ18: 1743.1841 | HA18: 1467.1095 | HB18: 1891.8116 | HC18: 2076.8782 | HD18: 1980.6615 | HE18: 2306.4096 | HF18: 2208.4857 | HG18: 2128.9602 | HH18: 1830.6422 | HI18: 2411.7858 | HJ18: 2026.4378 | HK18: 2497.7269 | HL18: 2236.839 | HM18: 1870.5469 | HN18: 1814.9673 | HO18: 1905.7522 | HP18: 1574.7982 | HQ18: 1240.6427 | HR18: 934.90206 | HS18: 796.80682 | HT18: 1210.7207 | HU18: 1283.0636 | HV18: 789.38243 | HW18: 1069.684 | HX18: 930.10583 | HY18: 841.19256 | HZ18: 385.96011 | IA18: -109.4592 | IB18: 27.333202 | IC18: 637.25993 | ID18: 594.75348 | IE18: -171.06209
A19: c. Crédito interno (c.1+c.2+c.3+c.4+c.5) | B19: -352.01 | C19: -270.6037 | D19: -618.48 | E19: -937.48 | F19: -435.58466 | G19: -385.89 | H19: -632.26 | I19: -799.75 | J19: -948.01348 | K19: -1180.87 | L19: -1132.46 | M19: -819.29 | N19: -336.49 | O19: -609.88 | P19: -316.88 | Q19: -925.17 | R19: -1073.25 | S19: -1124.38 | T19: -1413.26 | U19: -1370.08 | V19: -1481.69 | W19: -1550.2 | X19: -1291.07 | Y19: -1086.8 | Z19: -1016.0399 | AA19: -1259.9315 | AB19: -1484.6718 | AC19: -2925.2715 | AD19: -3037.86 | AE19: -3295.5501 | AF19: -3223.9923 | AG19: -3543.2269 | AH19: -3906.2816 | AI19: -3460.1477 | AJ19: -2957.7937 | AK19: -2473.0197 | AL19: -2890.3488 | AM19: -2541.8166 | AN19: -2170.0051 | AO19: -2077.9708 | AP19: -1650.0463 | AQ19: -1461.4315 | AR19: -1781.3964 | AS19: -2455.2491 | AT19: -3278.3564 | AU19: -3027.4508 | AV19: -3343.1626 | AW19: -1386.648 | AX19: -1469.1274 | AY19: -1241.4146 | AZ19: -1427.7413 | BA19: -1567.4742 | BB19: -1683.3273 | BC19: -1349.6117 | BD19: -1235.4636 | BE19: -811.8278 | BF19: -1776.8293 | BG19: -853.49228 | BH19: -684.29481 | BI19: -212.34799 | BJ19: -540.52271 | BK19: -1146.3434 | BL19: -913.78215 | BM19: -950.02412 | BN19: -817.47588 | BO19: -906.6996 | BP19: -851.23122 | BQ19: -841.67352 | BR19: -322.77721 | BS19: -1375.8827 | BT19: -1223.3104 | BU19: -407.52656 | BV19: -669.75871 | BW19: -741.99688 | BX19: -818.98915 | BY19: -1652.8973 | BZ19: -1894.1942 | CA19: -2047.2023 | CB19: -1837.7108 | CC19: -1352.8114 | CD19: -1868.3463 | CE19: -1472.2527 | CF19: -1098.5535 | CG19: 375.52086 | CH19: 12.570151 | CI19: -957.36496 | CJ19: -739.70098 | CK19: -1297.0848 | CL19: -944.0193 | CM19: -349.15019 | CN19: -353.60955 | CO19: -995.04914 | CP19: -486.81842 | CQ19: -253.33219 | CR19: 264.19812 | CS19: 1275.6336 | CT19: 1154.8692 | CU19: 1293.9268 | CV19: 1724.5591 | CW19: 1549.581 | CX19: 1244.0552 | CY19: 105.69344 | CZ19: 52.238724 | DA19: 262.45226 | DB19: -610.86753 | DC19: 237.37004 | DD19: 780.20376 | DE19: 2030.5504 | DF19: 1573.2704 | DG19: 1636.2263 | DH19: 1764.9453 | DI19: 1525.8227 | DJ19: 1065.118 | DK19: 921.84168 | DL19: 696.06572 | DM19: 1110.5925 | DN19: 1230.6948 | DO19: 1645.1324 | DP19: 1710.7521 | DQ19: 2294.1493 | DR19: 2573.1247 | DS19: 2657.3044 | DT19: 3546.2331 | DU19: 3481.6594 | DV19: 3578.3497 | DW19: 3363.7795 | DX19: 3060.8109 | DY19: 3731.7007 | DZ19: 3622.9786 | EA19: 4223.2049 | EB19: 4430.3705 | EC19: 4768.4836 | ED19: 4098.8168 | EE19: 4329.0789 | EF19: 5629.819 | EG19: 5860.3505 | EH19: 5808.4095 | EI19: 4601.6403 | EJ19: 4813.6266 | EK19: 5283.7037 | EL19: 5763.5224 | EM19: 3470.9933 | EN19: 4476.4388 | EO19: 5957.3227 | EP19: 2585.7794 | EQ19: 3307.7597 | ER19: 4749.9532 | ES19: 4898.3454 | ET19: 5128.6221 | EU19: 5188.7496 | EV19: 5503.8602 | EW19: 5115.7982 | EX19: 5233.8095 | EY19: 4998.0879 | EZ19: 5066.5214 | FA19: 5239.2498 | FB19: 4352.8564 | FC19: 5193.1441 | FD19: 2961.5261 | FE19: 4358.0178 | FF19: 4093.7563 | FG19: 4128.8812 | FH19: 4787.9919 | FI19: 4993.8623 | FJ19: 2650.1156 | FK19: 3998.8958 | FL19: 4798.5475 | FM19: 4795.9461 | FN19: 4781.3227 | FO19: 5401.753 | FP19: 5431.7309 | FQ19: 5494.4602 | FR19: 5117.2006 | FS19: 6537.1434 | FT19: 6577.1995 | FU19: 6468.9519 | FV19: 6406.7897 | FW19: 6051.1799 | FX19: 6003.8614 | FY19: 5567.4377 | FZ19: 5191.6807 | GA19: 5275.9254 | GB19: 5252.9397 | GC19: 4985.0328 | GD19: 5430.42 | GE19: 5301.0755 | GF19: 5318.3801 | GG19: 4500.4826 | GH19: 4514.0076 | GI19: 4352.563 | GJ19: 4283.5157 | GK19: 4124.4725 | GL19: 3796.2138 | GM19: 4219.4548 | GN19: 3789.8523 | GO19: 3855.2269 | GP19: 3267.835 | GQ19: 2773.2902 | GR19: 2743.0096 | GS19: 2647.3166 | GT19: 3402.0288 | GU19: 4475.7014 | GV19: 4179.3852 | GW19: 4062.9542 | GX19: 4151.4323 | GY19: 3918.2965 | GZ19: 3980.6722 | HA19: 3556.9133 | HB19: 4000.5149 | HC19: 4160.6573 | HD19: 4200.2541 | HE19: 4507.894 | HF19: 4367.1304 | HG19: 4457.8761 | HH19: 4232.4463 | HI19: 4880.6687 | HJ19: 4574.9539 | HK19: 4549.9183 | HL19: 4451.7568 | HM19: 4184.0575 | HN19: 4195.9131 | HO19: 4297.7281 | HP19: 4074.2894 | HQ19: 3849.7782 | HR19: 3672.309 | HS19: 3660.7966 | HT19: 4027.6544 | HU19: 4084.1936 | HV19: 3797.1182 | HW19: 3823.801 | HX19: 3951.9966 | HY19: 3813.4372 | HZ19: 3509.5564 | IA19: 3093.8986 | IB19: 3205.9753 | IC19: 3848.391 | ID19: 3825.1394 | IE19: 2940.2406
A20: c.1 Crédito neto al gobierno central (6) | B20: 143.76 | C20: 128.82972 | D20: -453.63 | E20: -818.44 | F20: -322.57826 | G20: -228.79 | H20: -363.78 | I20: -467.68 | J20: -404.87926 | K20: -765.43 | L20: -612 | M20: -374.98 | N20: 155.79 | O20: -58.14 | P20: 326.71 | Q20: -84.88 | R20: -136.54 | S20: -110.27 | T20: -329.64 | U20: -370.11 | V20: -304.67 | W20: -260.72 | X20: -254.52 | Y20: -384.35 | Z20: -279.0084 | AA20: -409.46728 | AB20: -520.83033 | AC20: -1991.0485 | AD20: -2021.1366 | AE20: -1322.6181 | AF20: -1158.2626 | AG20: -1349.1665 | AH20: -1609.2806 | AI20: -1219.4924 | AJ20: -793.2206 | AK20: -1081.0094 | AL20: -1351.7817 | AM20: -1506.8285 | AN20: -1216.6442 | AO20: -1143.4267 | AP20: -761.46061 | AQ20: -489.81606 | AR20: -817.57329 | AS20: -1732.5287 | AT20: -2192.9046 | AU20: -1763.0302 | AV20: -2100.7397 | AW20: -825.60991 | AX20: -1087.5696 | AY20: -763.97818 | AZ20: -808.55564 | BA20: -976.11757 | BB20: -1566.4385 | BC20: -1084.6515 | BD20: -971.39713 | BE20: -1191.1127 | BF20: -2142.1846 | BG20: -1211.2671 | BH20: -1029.6386 | BI20: -898.0422 | BJ20: -1019.41 | BK20: -1666.2395 | BL20: -1536.3394 | BM20: -1573.3867 | BN20: -1393.7819 | BO20: -1491.676 | BP20: -1460.837 | BQ20: -1482.2781 | BR20: -1368.991 | BS20: -2517.893 | BT20: -2186.2186 | BU20: -1419.932 | BV20: -1345.7505 | BW20: -1439.0453 | BX20: -1870.0053 | BY20: -2325.7204 | BZ20: -2597.6593 | CA20: -2710.7163 | CB20: -2340.6662 | CC20: -2019.9394 | CD20: -2513.4617 | CE20: -2368.7803 | CF20: -2337.8881 | CG20: -1276.4448 | CH20: -1471.7764 | CI20: -2463.3839 | CJ20: -2255.809 | CK20: -2780.1767 | CL20: -2470.8986 | CM20: -1822.8138 | CN20: -1901.9542 | CO20: -2463.1391 | CP20: -2012.3701 | CQ20: -1961.7268 | CR20: -1575.773 | CS20: -994.07332 | CT20: -1034.4968 | CU20: -971.57703 | CV20: -941.12242 | CW20: -1129.7748 | CX20: -1315.2529 | CY20: -2035.3679 | CZ20: -1795.263 | DA20: -1655.422 | DB20: -2382.6086 | DC20: -1458.8012 | DD20: -1001.5631 | DE20: 103.48967 | DF20: -167.29096 | DG20: 19.269029 | DH20: 200.82382 | DI20: -0.641082 | DJ20: -345.28795 | DK20: -628.51543 | DL20: -859.01834 | DM20: -409.5829 | DN20: -298.51145 | DO20: 107.39166 | DP20: 286.71173 | DQ20: 717.61749 | DR20: 1161.9198 | DS20: 1273.7392 | DT20: 1749.7281 | DU20: 1820.3285 | DV20: 2006.1586 | DW20: 1750.8879 | DX20: 1396.8372 | DY20: 2194.8582 | DZ20: 2069.9698 | EA20: 2632.085 | EB20: 2974.5034 | EC20: 2999.318 | ED20: 2570.5693 | EE20: 2972.2214 | EF20: 4214.3882 | EG20: 4407.8654 | EH20: 2351.3557 | EI20: 1154.5021 | EJ20: 1346.9901 | EK20: 1672.6668 | EL20: 1993.4405 | EM20: -707.62926 | EN20: 385.70724 | EO20: 2056.7594 | EP20: -1287.9611 | EQ20: -410.56067 | ER20: 838.03493 | ES20: 907.91145 | ET20: 1208.0733 | EU20: 1125.3602 | EV20: 1328.2361 | EW20: 980.85454 | EX20: 1205.0724 | EY20: 984.9854 | EZ20: 1301.4522 | FA20: 1398.1416 | FB20: 370.50377 | FC20: 1278.2067 | FD20: -981.90757 | FE20: 367.41844 | FF20: 91.092274 | FG20: 14.537831 | FH20: 856.39791 | FI20: 1054.2255 | FJ20: -1310.614 | FK20: 389.40142 | FL20: 1135.4424 | FM20: 1130.454 | FN20: 1256.3729 | FO20: 1535.1055 | FP20: 1830.4129 | FQ20: 1819.6192 | FR20: 1506.918 | FS20: 3004.8134 | FT20: 2961.0298 | FU20: 2889.3417 | FV20: 2692.1792 | FW20: 2548.6417 | FX20: 2787.9161 | FY20: 1963.5692 | FZ20: 1739.6241 | GA20: 1870.5975 | GB20: 1942.1275 | GC20: 1703.4787 | GD20: 2161.2536 | GE20: 4349.5742 | GF20: 4505.6175 | GG20: 3948.6189 | GH20: 4200.9214 | GI20: 4228.2807 | GJ20: 4477.0093 | GK20: 4124.4252 | GL20: 4211.3162 | GM20: 4715.0917 | GN20: 4006.3693 | GO20: 4061.6069 | GP20: 3663.3261 | GQ20: 3303.8533 | GR20: 3192.9023 | GS20: 3018.0489 | GT20: 3552.2812 | GU20: 4717.9194 | GV20: 4572.5598 | GW20: 4345.113 | GX20: 4458.4551 | GY20: 4126.0447 | GZ20: 4126.9283 | HA20: 3741.8187 | HB20: 4095.9023 | HC20: 4365.0081 | HD20: 4238.0978 | HE20: 4490.8918 | HF20: 4417.8524 | HG20: 4414.9684 | HH20: 4349.8259 | HI20: 4734.8481 | HJ20: 4545.2491 | HK20: 4589.5258 | HL20: 4576.4306 | HM20: 4344.3587 | HN20: 4328.9414 | HO20: 4346.1774 | HP20: 4086.7094 | HQ20: 3801.7277 | HR20: 3716.5684 | HS20: 3640.1445 | HT20: 4163.8828 | HU20: 4176.7568 | HV20: 3889.1693 | HW20: 3848.4837 | HX20: 4096.996 | HY20: 3975.5981 | HZ20: 3816.1702 | IA20: 3530.672 | IB20: 3455.4694 | IC20: 3979.3528 | ID20: 4102.5883 | IE20: 3946.2853
A21: c.1.1 Crédito (5) (6) | B21: 1142.18 | C21: 1111.8187 | D21: 1115.06 | E21: 1117.32 | F21: 1120.3435 | G21: 1124.14 | H21: 1126.53 | I21: 1123.76 | J21: 1126.9054 | K21: 1128.53 | L21: 1138.1 | M21: 1168.9 | N21: 1164.11 | O21: 1169.22 | P21: 1125.24 | Q21: 1145.63 | R21: 1146.91 | S21: 1152.55 | T21: 1151.34 | U21: 1152.36 | V21: 1157.1 | W21: 1145.75 | X21: 1148.96 | Y21: 1168.32 | Z21: 1168.2143 | AA21: 1170.0027 | AB21: 1116.1355 | AC21: 1118.1499 | AD21: 1121.8222 | AE21: 1126.351 | AF21: 1130.9252 | AG21: 1136.2179 | AH21: 1142.0661 | AI21: 1137.4201 | AJ21: 1140.9195 | AK21: 15.6446 | AL21: 15.638347 | AM21: 15.666042 | AN21: 55.928462 | AO21: 56.022939 | AP21: 57.229052 | AQ21: 64.048843 | AR21: 67.188233 | AS21: 68.639234 | AT21: 68.530064 | AU21: 123.47961 | AV21: 123.45682 | AW21: 68.533093 | AX21: 68.794717 | AY21: 56.261895 | AZ21: 56.096901 | BA21: 56.252154 | BB21: 56.481713 | BC21: 56.324636 | BD21: 62.54187 | BE21: 68.679328 | BF21: 68.904385 | BG21: 69.056582 | BH21: 57.184347 | BI21: 57.234411 | BJ21: 57.343882 | BK21: 57.539653 | BL21: 57.763621 | BM21: 57.936336 | BN21: 58.015659 | BO21: 58.082748 | BP21: 58.382416 | BQ21: 58.449373 | BR21: 58.277632 | BS21: 58.673956 | BT21: 58.741451 | BU21: 59.062878 | BV21: 59.206115 | BW21: 59.362462 | BX21: 59.602833 | BY21: 59.636895 | BZ21: 59.691372 | CA21: 59.594456 | CB21: 59.638055 | CC21: 59.41356 | CD21: 59.449807 | CE21: 59.539284 | CF21: 59.711714 | CG21: 60.95446 | CH21: 61.118765 | CI21: 61.281085 | CJ21: 61.449064 | CK21: 60.785295 | CL21: 61.574614 | CM21: 61.572378 | CN21: 61.595678 | CO21: 61.617819 | CP21: 61.637028 | CQ21: 61.658856 | CR21: 57.629579 | CS21: 57.640194 | CT21: 50.048655 | CU21: 50.068766 | CV21: 50.088044 | CW21: 50.110574 | CX21: 48.972133 | CY21: 48.994265 | CZ21: 48.978604 | DA21: 48.978913 | DB21: 48.980016 | DC21: 386.92745 | DD21: 386.92685 | DE21: 889.4671 | DF21: 890.86584 | DG21: 890.69915 | DH21: 1047.896 | DI21: 892.4663 | DJ21: 893.84196 | DK21: 593.07749 | DL21: 491.74737 | DM21: 491.60243 | DN21: 492.64031 | DO21: 790.57081 | DP21: 1091.3325 | DQ21: 1301.9632 | DR21: 1870.9023 | DS21: 2061.6302 | DT21: 2460.5309 | DU21: 2502.349 | DV21: 2633.9763 | DW21: 2834.1343 | DX21: 2838.7764 | DY21: 3591.8052 | DZ21: 4044.6003 | EA21: 4203.214 | EB21: 4255.704 | EC21: 4297.9576 | ED21: 4866.1924 | EE21: 5278.9294 | EF21: 5799.3755 | EG21: 5851.8038 | EH21: 3730.3219 | EI21: 3696.4507 | EJ21: 3649.1877 | EK21: 3634.0705 | EL21: 3634.1663 | EM21: 3092.1874 | EN21: 3086.6383 | EO21: 3027.2567 | EP21: 3023.6095 | EQ21: 2970.801 | ER21: 2978.56 | ES21: 2985.7488 | ET21: 2981.7263 | EU21: 2992.1285 | EV21: 2999.3 | EW21: 2984.1074 | EX21: 2979.8988 | EY21: 2939.0476 | EZ21: 2922.4844 | FA21: 3034.785 | FB21: 3041.9552 | FC21: 3057.076 | FD21: 3052.3764 | FE21: 3058.9894 | FF21: 2921.4969 | FG21: 2931.7965 | FH21: 2938.7089 | FI21: 2923.832 | FJ21: 2920.1576 | FK21: 2927.2017 | FL21: 2921.6974 | FM21: 2932.0034 | FN21: 2938.9902 | FO21: 2923.9381 | FP21: 2920.2423 | FQ21: 2927.4539 | FR21: 2921.8836 | FS21: 4093.0682 | FT21: 4092.8576 | FU21: 4077.9537 | FV21: 4072.1269 | FW21: 4080.7254 | FX21: 4077.669 | FY21: 4082.9928 | FZ21: 3755.5267 | GA21: 3742.4913 | GB21: 3692.8556 | GC21: 3701.4541 | GD21: 3697.293 | GE21: 6079.4086 | GF21: 6095.7453 | GG21: 6085.8513 | GH21: 6079.8759 | GI21: 6092.0386 | GJ21: 6091.4646 | GK21: 6095.0246 | GL21: 6111.4619 | GM21: 6101.4507 | GN21: 6095.9368 | GO21: 6107.9486 | GP21: 6107.4412 | GQ21: 6075.4026 | GR21: 6091.8161 | GS21: 6081.9702 | GT21: 6076.0577 | GU21: 6088.1693 | GV21: 6087.4749 | GW21: 6095.4463 | GX21: 6112.1619 | GY21: 5431.798 | GZ21: 5314.255 | HA21: 5324.1519 | HB21: 5327.1295 | HC21: 5293.7253 | HD21: 5307.8728 | HE21: 5301.4856 | HF21: 5289.932 | HG21: 5299.9713 | HH21: 5302.9157 | HI21: 5309.2571 | HJ21: 5391.2291 | HK21: 5396.9392 | HL21: 5402.8289 | HM21: 5408.5118 | HN21: 5414.3207 | HO21: 5420.1558 | HP21: 5232.908 | HQ21: 5238.4961 | HR21: 5244.1009 | HS21: 5249.761 | HT21: 5255.3407 | HU21: 5261.0391 | HV21: 5073.6071 | HW21: 5079.1394 | HX21: 5084.5774 | HY21: 5084.5692 | HZ21: 5084.5589 | IA21: 5084.5539 | IB21: 5084.5762 | IC21: 5090.0196 | ID21: 5090.0314 | IE21: 5090.0307
A22: c.1.2 Depósitos y otros pasivos (10) | B22: 998.42 | C22: 982.98895 | D22: 1568.69 | E22: 1935.76 | F22: 1442.9218 | G22: 1352.93 | H22: 1490.31 | I22: 1591.44 | J22: 1531.7846 | K22: 1893.96 | L22: 1750.1 | M22: 1543.88 | N22: 1008.32 | O22: 1227.36 | P22: 798.53 | Q22: 1230.51 | R22: 1283.45 | S22: 1262.82 | T22: 1480.98 | U22: 1522.47 | V22: 1461.77 | W22: 1406.47 | X22: 1403.48 | Y22: 1552.67 | Z22: 1447.2227 | AA22: 1579.47 | AB22: 1636.9658 | AC22: 3109.1984 | AD22: 3142.9588 | AE22: 2448.9691 | AF22: 2289.1877 | AG22: 2485.3844 | AH22: 2751.3466 | AI22: 2356.9125 | AJ22: 1934.1401 | AK22: 1096.654 | AL22: 1367.42 | AM22: 1522.4945 | AN22: 1272.5727 | AO22: 1199.4496 | AP22: 818.68966 | AQ22: 553.8649 | AR22: 884.76152 | AS22: 1801.1679 | AT22: 2261.4346 | AU22: 1886.5098 | AV22: 2224.1966 | AW22: 894.143 | AX22: 1156.3643 | AY22: 820.24008 | AZ22: 864.65254 | BA22: 1032.3697 | BB22: 1622.9203 | BC22: 1140.9761 | BD22: 1033.939 | BE22: 1259.7921 | BF22: 2211.089 | BG22: 1280.3236 | BH22: 1086.8229 | BI22: 955.27661 | BJ22: 1076.7539 | BK22: 1723.7792 | BL22: 1594.1031 | BM22: 1631.3231 | BN22: 1451.7975 | BO22: 1549.7587 | BP22: 1519.2194 | BQ22: 1540.7274 | BR22: 1427.2686 | BS22: 2576.5669 | BT22: 2244.96 | BU22: 1478.9949 | BV22: 1404.9566 | BW22: 1498.4078 | BX22: 1929.6081 | BY22: 2385.3573 | BZ22: 2657.3506 | CA22: 2770.3107 | CB22: 2400.3043 | CC22: 2079.353 | CD22: 2572.9115 | CE22: 2428.3196 | CF22: 2397.5998 | CG22: 1337.3993 | CH22: 1532.8951 | CI22: 2524.665 | CJ22: 2317.258 | CK22: 2840.962 | CL22: 2532.4732 | CM22: 1884.3862 | CN22: 1963.5499 | CO22: 2524.7569 | CP22: 2074.0071 | CQ22: 2023.3856 | CR22: 1633.4026 | CS22: 1051.7135 | CT22: 1084.5455 | CU22: 1021.6458 | CV22: 991.21046 | CW22: 1179.8854 | CX22: 1364.2251 | CY22: 2084.3621 | CZ22: 1844.2416 | DA22: 1704.4009 | DB22: 2431.5886 | DC22: 1845.7287 | DD22: 1388.4899 | DE22: 785.97743 | DF22: 1058.1568 | DG22: 871.43012 | DH22: 847.07222 | DI22: 893.10739 | DJ22: 1239.1299 | DK22: 1221.5929 | DL22: 1350.7657 | DM22: 901.18533 | DN22: 791.15176 | DO22: 683.17914 | DP22: 804.6208 | DQ22: 584.34574 | DR22: 708.98245 | DS22: 787.89102 | DT22: 710.80284 | DU22: 682.02045 | DV22: 627.81771 | DW22: 1083.2464 | DX22: 1441.9392 | DY22: 1396.947 | DZ22: 1974.6306 | EA22: 1571.129 | EB22: 1281.2006 | EC22: 1298.6396 | ED22: 2295.6231 | EE22: 2306.708 | EF22: 1584.9873 | EG22: 1443.9384 | EH22: 1378.9662 | EI22: 2541.9486 | EJ22: 2302.1976 | EK22: 1961.4037 | EL22: 1640.7258 | EM22: 3799.8167 | EN22: 2700.9311 | EO22: 970.49728 | EP22: 4311.5706 | EQ22: 3381.3616 | ER22: 2140.5251 | ES22: 2077.8374 | ET22: 1773.653 | EU22: 1866.7683 | EV22: 1671.0639 | EW22: 2003.2529 | EX22: 1774.8264 | EY22: 1954.0622 | EZ22: 1621.0323 | FA22: 1636.6434 | FB22: 2671.4514 | FC22: 1778.8693 | FD22: 4034.284 | FE22: 2691.571 | FF22: 2830.4046 | FG22: 2917.2587 | FH22: 2082.311 | FI22: 1869.6065 | FJ22: 4230.7716 | FK22: 2537.8003 | FL22: 1786.255 | FM22: 1801.5495 | FN22: 1682.6173 | FO22: 1388.8326 | FP22: 1089.8294 | FQ22: 1107.8347 | FR22: 1414.9656 | FS22: 1088.2548 | FT22: 1131.8278 | FU22: 1188.6119 | FV22: 1379.9477 | FW22: 1532.0837 | FX22: 1289.7528 | FY22: 2119.4236 | FZ22: 2015.9026 | GA22: 1871.8938 | GB22: 1750.7281 | GC22: 1997.9754 | GD22: 1536.0394 | GE22: 1729.8344 | GF22: 1590.1278 | GG22: 2137.2324 | GH22: 1878.9545 | GI22: 1863.7579 | GJ22: 1614.4553 | GK22: 1970.5994 | GL22: 1900.1457 | GM22: 1386.359 | GN22: 2089.5675 | GO22: 2046.3417 | GP22: 2444.1151 | GQ22: 2771.5493 | GR22: 2898.9138 | GS22: 3063.9213 | GT22: 2523.7766 | GU22: 1370.2499 | GV22: 1514.9151 | GW22: 1750.3333 | GX22: 1653.7068 | GY22: 1305.7534 | GZ22: 1187.3267 | HA22: 1582.3332 | HB22: 1231.2273 | HC22: 928.71721 | HD22: 1069.775 | HE22: 810.59382 | HF22: 872.07959 | HG22: 885.00289 | HH22: 953.08985 | HI22: 574.40897 | HJ22: 845.97994 | HK22: 807.4134 | HL22: 826.39834 | HM22: 1064.1532 | HN22: 1085.3794 | HO22: 1073.9784 | HP22: 1146.1986 | HQ22: 1436.7684 | HR22: 1527.5325 | HS22: 1609.6165 | HT22: 1091.4579 | HU22: 1084.2823 | HV22: 1184.4378 | HW22: 1230.6558 | HX22: 987.5814 | HY22: 1108.9711 | HZ22: 1268.3887 | IA22: 1553.8819 | IB22: 1629.1069 | IC22: 1110.6667 | ID22: 987.44309 | IE22: 1143.7454
A23: c.1.2.1 DepósitosTesoro Nacional | B23: 652.27 | C23: 749.30449 | D23: 1294.41 | E23: 1593.93 | F23: 1085.4529 | G23: 974.41 | H23: 1090.39 | I23: 1206.57 | J23: 1099.982 | K23: 1436.58 | L23: 781.21 | M23: 541.98 | N23: 550.84 | O23: 681.33 | P23: 414.26 | Q23: 690.53 | R23: 720.2 | S23: 695.15 | T23: 707.27 | U23: 690.68 | V23: 608.14 | W23: 586.91 | X23: 577.92 | Y23: 725.34 | Z23: 948.59855 | AA23: 1048.9104 | AB23: 1069.7932 | AC23: 2456.327 | AD23: 2328.425 | AE23: 1468.344 | AF23: 1307.5996 | AG23: 1623.449 | AH23: 1984.4062 | AI23: 1563.0027 | AJ23: 1171.9788 | AK23: 423.85342 | AL23: 896.37688 | AM23: 1001.9705 | AN23: 702.96774 | AO23: 737.46904 | AP23: 410.62717 | AQ23: 169.03793 | AR23: 335.46596 | AS23: 1272.3539 | AT23: 1764.3256 | AU23: 1389.8186 | AV23: 1738.8861 | AW23: 397.76048 | AX23: 497.43618 | AY23: 278.28249 | AZ23: 383.78 | BA23: 531.45398 | BB23: 1161.5318 | BC23: 767.67612 | BD23: 601.69135 | BE23: 789.2932 | BF23: 1662.4481 | BG23: 706.79732 | BH23: 613.80207 | BI23: 551.80233 | BJ23: 623.14445 | BK23: 1254.1876 | BL23: 966.79732 | BM23: 908.11726 | BN23: 888.9663 | BO23: 993.45416 | BP23: 930.51366 | BQ23: 980.90792 | BR23: 875.62982 | BS23: 2088.6124 | BT23: 1695.1314 | BU23: 974.55676 | BV23: 787.88653 | BW23: 811.62799 | BX23: 1158.716 | BY23: 1669.7544 | BZ23: 1842.2112 | CA23: 1896.3087 | CB23: 1666.3872 | CC23: 1319.0532 | CD23: 1728.953 | CE23: 1457.1778 | CF23: 1357.3883 | CG23: 582.87054 | CH23: 712.2368 | CI23: 1663.8959 | CJ23: 1375.2896 | CK23: 1973.9905 | CL23: 1701.8011 | CM23: 989.12961 | CN23: 979.05781 | CO23: 1761.9308 | CP23: 1407.5908 | CQ23: 1282.8619 | CR23: 915.09973 | CS23: 431.71477 | CT23: 462.40186 | CU23: 292.18078 | CV23: 226.86919 | CW23: 467.95045 | CX23: 553.72916 | CY23: 1273.3618 | CZ23: 746.56888 | DA23: 836.15609 | DB23: 1330.4714 | DC23: 808.10745 | DD23: 440.00585 | DE23: 251.02192 | DF23: 421.79414 | DG23: 285.76747 | DH23: 330.0944 | DI23: 244.59858 | DJ23: 567.70655 | DK23: 642.18727 | DL23: 708.78178 | DM23: 259.4097 | DN23: 200.3493 | DO23: 155.60334 | DP23: 292.63157 | DQ23: 117.85969 | DR23: 139.86096 | DS23: 167.06986 | DT23: 150.43922 | DU23: 99.307343 | DV23: 84.789613 | DW23: 441.54617 | DX23: 840.47298 | DY23: 683.83766 | DZ23: 1318.3791 | EA23: 889.47268 | EB23: 631.5659 | EC23: 491.12522 | ED23: 1155.4638 | EE23: 1060.2697 | EF23: 548.61993 | EG23: 486.31197 | EH23: 321.70125 | EI23: 1513.4272 | EJ23: 1280.9729 | EK23: 909.82776 | EL23: 605.04325 | EM23: 2776.2812 | EN23: 1600.6227 | EO23: 107.59119 | EP23: 3403.0253 | EQ23: 2396.3385 | ER23: 1027.5559 | ES23: 944.08402 | ET23: 609.96728 | EU23: 757.60956 | EV23: 486.62009 | EW23: 953.47687 | EX23: 739.91105 | EY23: 863.18774 | EZ23: 608.68198 | FA23: 706.95646 | FB23: 1663.0846 | FC23: 785.62112 | FD23: 2272.3479 | FE23: 778.77128 | FF23: 706.34891 | FG23: 1036.3746 | FH23: 828.91609 | FI23: 785.05421 | FJ23: 3155.044 | FK23: 1530.8153 | FL23: 811.87612 | FM23: 929.30352 | FN23: 1009.4254 | FO23: 652.72871 | FP23: 460.44008 | FQ23: 502.97827 | FR23: 291.02733 | FS23: 284.31448 | FT23: 273.63684 | FU23: 283.75313 | FV23: 388.29931 | FW23: 393.40042 | FX23: 285.19078 | FY23: 453.09458 | FZ23: 544.70138 | GA23: 445.52734 | GB23: 342.9532 | GC23: 680.037 | GD23: 342.52961 | GE23: 440.68064 | GF23: 495.88948 | GG23: 1475.5321 | GH23: 1159.0729 | GI23: 799.12199 | GJ23: 831.11283 | GK23: 1152.2564 | GL23: 1051.5849 | GM23: 546.44734 | GN23: 1264.4618 | GO23: 1182.6497 | GP23: 1237.4151 | GQ23: 717.61732 | GR23: 1595.9244 | GS23: 1642.5284 | GT23: 1674.5283 | GU23: 646.64742 | GV23: 821.39605 | GW23: 1079.91 | GX23: 983.81236 | GY23: 637.52502 | GZ23: 514.48175 | HA23: 802.0622 | HB23: 452.98617 | HC23: 272.38246 | HD23: 457.64075 | HE23: 270.62198 | HF23: 316.43231 | HG23: 349.37692 | HH23: 419.66798 | HI23: 135.11761 | HJ23: 392.71654 | HK23: 369.24959 | HL23: 330.19326 | HM23: 505.18926 | HN23: 493.75791 | HO23: 485.58504 | HP23: 625.50972 | HQ23: 956.01707 | HR23: 1105.0928 | HS23: 1211.0087 | HT23: 690.71579 | HU23: 707.38281 | HV23: 773.19045 | HW23: 835.02061 | HX23: 624.28302 | HY23: 712.70858 | HZ23: 816.73578 | IA23: 1088.9962 | IB23: 1199.6841 | IC23: 669.47786 | ID23: 494.22047 | IE23: 652.37555
A24: c.1.2.2 Otros depósitos | B24: 1.16 | C24: 1.164462 | D24: 1.16 | E24: 1.16 | F24: 1.164462 | G24: 1.16 | H24: 1.16 | I24: 1.16 | J24: 1.164462 | K24: 1.16 | L24: 1.16 | M24: 1.16 | N24: 1.16 | O24: 1.16 | P24: 1.16 | Q24: 1.16 | R24: 1.16 | S24: 1.16 | T24: 1.16 | U24: 1.16 | V24: 1.16 | W24: 1.16 | X24: 1.16 | Y24: 1.16 | Z24: 1.164462 | AA24: 1.164462 | AB24: 1.164462 | AC24: 1.164462 | AD24: 1.164462 | AE24: 1.164462 | AF24: 1.164462 | AG24: 1.164462 | AH24: 1.164462 | AI24: 1.164462 | AJ24: 1.164462 | AK24: 1.164462 | AL24: 1.164462 | AM24: 1.164462 | AN24: 1.164462 | AO24: 1.164462 | AP24: 1.164462 | AQ24: 1.164462 | AR24: 1.164462 | AS24: 1.164462 | AT24: 1.164462 | AU24: 1.164462 | AV24: 1.164462 | AW24: 1.164462 | AX24: 1.164462 | AY24: 1.164462 | AZ24: 0 | BA24: 0 | BB24: 0 | BC24: 0 | BD24: 1.164462 | BE24: 1.164462 | BF24: 1.164462 | BG24: 1.164462 | BH24: 1.164462 | BI24: 1.164462 | BJ24: 1.164462 | BK24: 1.164462 | BL24: 1.164462 | BM24: 1.164462 | BN24: 1.164462 | BO24: 1.164462 | BP24: 1.164462 | BQ24: 1.164462 | BR24: 1.164462 | BS24: 1.164462 | BT24: 1.164462 | BU24: 1.164462 | BV24: 1.164462 | BW24: 1.164462 | BX24: 1.164462 | BY24: 1.164462 | BZ24: 1.164462 | CA24: 1.164462 | CB24: 1.164462 | CC24: 1.164462 | CD24: 1.164462 | CE24: 1.164462 | CF24: 1.164462 | CG24: 1.164462 | CH24: 1.164462 | CI24: 1.164462 | CJ24: 1.16446 | CK24: 1.164462 | CL24: 1.164462 | CM24: 1.164462 | CN24: 1.164462 | CO24: 1.164462 | CP24: 1.164462 | CQ24: 1.164462 | CR24: 1.164462 | CS24: 1.164462 | CT24: 1.164462 | CU24: 1.164462 | CV24: 1.164462 | CW24: 1.164462 | CX24: 1.164462 | CY24: 1.164462 | CZ24: 1.164462 | DA24: 1.164462 | DB24: 1.164462 | DC24: 1.164462 | DD24: 1.164462 | DE24: 1.164462 | DF24: 1.164462 | DG24: 1.164462 | DH24: 1.164462 | DI24: 1.164462 | DJ24: 1.164462 | DK24: 1.164462 | DL24: 1.164462 | DM24: 1.164462 | DN24: 1.164462 | DO24: 1.164462 | DP24: 1.164462 | DQ24: 1.164462 | DR24: 1.164462 | DS24: 1.164462 | DT24: 1.164462 | DU24: 1.164462 | DV24: 1.164462 | DW24: 1.164462 | DX24: 1.164462 | DY24: 1.164462 | DZ24: 1.164462 | EA24: 1.164462 | EB24: 1.164462 | EC24: 1.164462 | ED24: 1.164462 | EE24: 1.164462 | EF24: 1.164462 | EG24: 1.164462 | EH24: 1.164462 | EI24: 1.164462 | EJ24: 1.164462 | EK24: 1.164462 | EL24: 1.164462 | EM24: 1.164462 | EN24: 1.164462 | EO24: 1.164462 | EP24: 1.164462 | EQ24: 1.164462 | ER24: 1.164462 | ES24: 1.164462 | ET24: 1.164462 | EU24: 1.164462 | EV24: 1.164462 | EW24: 1.164462 | EX24: 1.164462 | EY24: 1.164462 | EZ24: 1.164462 | FA24: 1.164462 | FB24: 1.164462 | FC24: 1.164462 | FD24: 1.164462 | FE24: 1.164462 | FF24: 1.164462 | FG24: 1.164462 | FH24: 1.164462 | FI24: 1.164462 | FJ24: 1.164462 | FK24: 1.164462 | FL24: 1.164462 | FM24: 1.164462 | FN24: 1.164462 | FO24: 1.164462 | FP24: 1.164462 | FQ24: 1.164462 | FR24: 1.164462 | FS24: 1.164462 | FT24: 1.164462 | FU24: 1.164462 | FV24: 1.164462 | FW24: 1.164462 | FX24: 1.164462 | FY24: 1.164462 | FZ24: 1.164462 | GA24: 1.164462 | GB24: 1.164462 | GC24: 1.164462 | GD24: 1.164462 | GE24: 1.164462 | GF24: 1.164462 | GG24: 1.164462 | GH24: 1.164462 | GI24: 1.164462 | GJ24: 1.164462 | GK24: 1.164462 | GL24: 1.164462 | GM24: 1.164462 | GN24: 1.164462 | GO24: 1.164462 | GP24: 1.164462 | GQ24: 1.164462 | GR24: 1.164462 | GS24: 1.164462 | GT24: 1.164462 | GU24: 1.164462 | GV24: 1.164462 | GW24: 1.1644616 | GX24: 1.1644616 | GY24: 1.1644616 | GZ24: 1.1644616 | HA24: 1.1644616 | HB24: 1.1644616 | HC24: 1.1644616 | HD24: 1.1644616 | HE24: 1.1644616 | HF24: 1.1644616 | HG24: 1.1644616 | HH24: 1.1644616 | HI24: 1.1644616 | HJ24: 1.1644616 | HK24: 1.1644616 | HL24: 1.1644616 | HM24: 1.1644616 | HN24: 1.1644616 | HO24: 1.1644616 | HP24: 1.1644616 | HQ24: 1.1644616 | HR24: 1.1644616 | HS24: 1.1644616 | HT24: 1.1644616 | HU24: 1.1644616 | HV24: 1.1644616 | HW24: 1.1644616 | HX24: 1.1644616 | HY24: 1.1644616 | HZ24: 1.1644616 | IA24: 1.1644616 | IB24: 1.1644616 | IC24: 1.1644616 | ID24: 1.1644616 | IE24: 1.1644616
... A44: e.1.1 Emisión monetaria (nueva) (2) | B44: 62 | C44: 60.435125 | D44: 61.91 | E44: 61.18 | F44: 62.501905 | G44: 62.4 | H44: 63.04 | I44: 64.07 | J44: 63.421189 | K44: 63.66 | L44: 64.57 | M44: 65.95 | N44: 66.06 | O44: 66.18 | P44: 65.48 | Q44: 65.91 | R44: 65.78 | S44: 65.6 | T44: 66.39 | U44: 67.26 | V44: 67.9 | W44: 69.79 | X44: 70.31 | Y44: 71.42 | Z44: 72.173156 | AA44: 72.09099 | AB44: 73.528708 | AC44: 74.4329 | AD44: 74.267401 | AE44: 74.362309 | AF44: 75.268478 | AG44: 75.036155 | AH44: 75.191046 | AI44: 75.969425 | AJ44: 75.751953 | AK44: 77.321219 | AL44: 76.041248 | AM44: 74.907802 | AN44: 74.157026 | AO44: 75.303191 | AP44: 74.12518 | AQ44: 73.8316 | AR44: 74.526575 | AS44: 75.242284 | AT44: 76.712004 | AU44: 75.497604 | AV44: 76.095148 | AW44: 77.364671 | AX44: 77.224971 | AY44: 77.439156 | AZ44: 77.90467 | BA44: 78.303752 | BB44: 78.34093 | BC44: 78.665864 | BD44: 79.794747 | BE44: 79.969243 | BF44: 81.264515 | BG44: 81.299613 | BH44: 81.761841 | BI44: 82.432862 | BJ44: 82.292037 | BK44: 81.765212 | BL44: 81.680068 | BM44: 81.716566 | BN44: 82.09353 | BO44: 82.114227 | BP44: 82.462857 | BQ44: 82.762439 | BR44: 82.841513 | BS44: 83.414454 | BT44: 82.813536 | BU44: 83.197874 | BV44: 83.402306 | BW44: 83.006349 | BX44: 82.884368 | BY44: 82.539484 | BZ44: 83.258436 | CA44: 83.414597 | CB44: 82.833945 | CC44: 83.26651 | CD44: 83.158872 | CE44: 83.289644 | CF44: 83.082588 | CG44: 84.516947 | CH44: 83.714124 | CI44: 83.873203 | CJ44: 83.79172 | CK44: 83.506967 | CL44: 84.632108 | CM44: 84.233698 | CN44: 84.546609 | CO44: 84.613598 | CP44: 84.325152 | CQ44: 85.246661 | CR44: 85.701091 | CS44: 87.330005 | CT44: 86.154588 | CU44: 86.647344 | CV44: 86.92014 | CW44: 86.504072 | CX44: 87.032545 | CY44: 87.097392 | CZ44: 87.111238 | DA44: 86.76512 | DB44: 87.560705 | DC44: 87.602667 | DD44: 88.084971 | DE44: 86.581904 | DF44: 87.412042 | DG44: 87.075282 | DH44: 86.118815 | DI44: 86.17894 | DJ44: 86.890769 | DK44: 86.785893 | DL44: 86.526715 | DM44: 86.155542 | DN44: 87.190649 | DO44: 86.848094 | DP44: 86.495713 | DQ44: 86.256284 | DR44: 84.886662 | DS44: 83.982169 | DT44: 83.351993 | DU44: 83.903732 | DV44: 83.798087 | DW44: 83.429237 | DX44: 84.074711 | DY44: 84.970832 | DZ44: 85.222753 | EA44: 86.07706 | EB44: 86.027586 | EC44: 88.194713 | ED44: 89.16398 | EE44: 89.385707 | EF44: 87.755964 | EG44: 87.377241 | EH44: 88.017851 | EI44: 86.42027 | EJ44: 86.277049 | EK44: 85.826087 | EL44: 85.803219 | EM44: 85.582612 | EN44: 84.890476 | EO44: 85.315281 | EP44: 84.783805 | EQ44: 84.628823 | ER44: 84.66972 | ES44: 84.034213 | ET44: 83.896074 | EU44: 84.117753 | EV44: 84.147179 | EW44: 84.150498 | EX44: 83.750418 | EY44: 83.039849 | EZ44: 83.534905 | FA44: 83.556527 | FB44: 82.699122 | FC44: 82.006207 | FD44: 80.450566 | FE44: 81.187766 | FF44: 80.683117 | FG44: 80.756316 | FH44: 79.17447 | FI44: 79.654212 | FJ44: 79.739293 | FK44: 80.421372 | FL44: 78.685245 | FM44: 80.509587 | FN44: 80.708488 | FO44: 79.478054 | FP44: 79.441698 | FQ44: 79.834782 | FR44: 79.851142 | FS44: 80.086129 | FT44: 80.430102 | FU44: 79.928889 | FV44: 79.820223 | FW44: 80.415096 | FX44: 79.486806 | FY44: 79.951291 | FZ44: 79.315653 | GA44: 78.178554 | GB44: 77.894854 | GC44: 77.711896 | GD44: 77.164545 | GE44: 77.858101 | GF44: 78.805275 | GG44: 79.163839 | GH44: 79.881505 | GI44: 81.099347 | GJ44: 82.487489 | GK44: 84.381891 | GL44: 83.884524 | GM44: 83.852512 | GN44: 84.328312 | GO44: 85.152812 | GP44: 85.725187 | GQ44: 85.687406 | GR44: 85.31812 | GS44: 86.496835 | GT44: 86.909392 | GU44: 87.505689 | GV44: 88.094463 | GW44: 87.666153 | GX44: 87.127629 | GY44: 87.324652 | GZ44: 87.70665 | HA44: 87.187928 | HB44: 87.440154 | HC44: 87.72956 | HD44: 87.067953 | HE44: 86.835679 | HF44: 87.279879 | HG44: 87.727972 | HH44: 86.689863 | HI44: 87.250571 | HJ44: 86.56804 | HK44: 85.577888 | HL44: 86.404477 | HM44: 86.380614 | HN44: 86.470738 | HO44: 86.550454 | HP44: 86.573633 | HQ44: 87.34933 | HR44: 88.030938 | HS44: 88.795575 | HT44: 89.904418 | HU44: 91.726388 | HV44: 93.417417 | HW44: 93.403822 | HX44: 94.448383 | HY44: 94.903596 | HZ44: 95.251042 | IA44: 95.801892 | IB44: 96.218486 | IC44: 96.623766 | ID44: 97.662416 | IE44: 98.029314
A45: e.2 Dinero Electrónico (3) (9) | DB45: 0 | DC45: 0.01 | DD45: 0.075326 | DE45: 0.07839 | DF45: 0.075324 | DG45: 0.266955 | DH45: 0.436181 | DI45: 0.521665 | DJ45: 0.577299 | DK45: 0.610639 | DL45: 0.65264 | DM45: 0.752214 | DN45: 0.757164 | DO45: 0.762391 | DP45: 0.776882 | DQ45: 0.777388 | DR45: 0.79337 | DS45: 0.802315 | DT45: 0.799597 | DU45: 0.793618 | DV45: 0.917902 | DW45: 1.060064 | DX45: 1.543664 | DY45: 1.587384 | DZ45: 2.898244 | EA45: 3.047543 | EB45: 3.774137 | EC45: 4.126715 | ED45: 4.971321 | EE45: 6.143148 | EF45: 7.468235 | EG45: 8.632575 | EH45: 9.819016 | EI45: 10.029009 | EJ45: 10.324241 | EK45: 10.786659 | EL45: 8.552673 | EM45: 8.858624 | EN45: 10.205476 | EO45: 8.875507 | EP45: 11.315105 | EQ45: 11.169677 | ER45: 7.718132 | ES45: 0 | ET45: 0 | EU45: 0 | EV45: 0 | EW45: 0 | EX45: 0 | EY45: 0 | EZ45: 0 | FA45: 0 | FB45: 0 | FC45: 0 | FD45: 0 | FE45: 0 | FF45: 0 | FG45: 0 | FH45: 0 | FI45: 0 | FJ45: 0 | FK45: 0 | FL45: 0 | FM45: 0 | FN45: 0 | FO45: 0 | FP45: 0 | FQ45: 0 | FR45: 0 | FS45: 0 | FT45: 0 | FU45: 0 | FV45: 0 | FW45: 0 | FX45: 0 | FY45: 0 | FZ45: 0 | GA45: 0 | GB45: 0 | GC45: 0 | GD45: 0 | GE45: 0 | GF45: 0 | GG45: 0 | GH45: 0 | GI45: 0 | GJ45: 0 | GK45: 0 | GL45: 0 | GM45: 0 | GN45: 0 | GO45: 0 | GP45: 0 | GQ45: 0 | GR45: 0 | GS45: 0 | GT45: 0 | GU45: 0 | GV45: 0 | GW45: 0 | GX45: 0 | GY45: 0 | GZ45: 0 | HA45: 0 | HB45: 0 | HC45: 0 | HD45: 0 | HE45: 0 | HF45: 0 | HG45: 0 | HH45: 0 | HI45: 0 | HJ45: 0 | HK45: 0 | HL45: 0 | HM45: 0 | HN45: 0 | HO45: 0 | HP45: 0 | HQ45: 0 | HR45: 0 | HS45: 0 | HT45: 0 | HU45: 0 | HV45: 0 | HW45: 0 | HX45: 0 | HY45: 0 | HZ45: 0 | IA45: 0 | IB45: 0 | IC45: 0 | ID45: 0 | IE45: 0
A46: e.3 Reservas bancarias (10) | B46: 347.58 | C46: 432.70186 | D46: 423.23 | E46: 453.46 | F46: 370.25208 | G46: 491.49 | H46: 384.89 | I46: 452.21 | J46: 436.42357 | K46: 403.26 | L46: 436.31 | M46: 519.15 | N46: 435.69 | O46: 420.01 | P46: 493.78 | Q46: 417.75 | R46: 447.16 | S46: 482.06 | T46: 460.22 | U46: 529.64 | V46: 535.81 | W46: 474.78 | X46: 527.57 | Y46: 692.24 | Z46: 763.32705 | AA46: 710.31868 | AB46: 671.1497 | AC46: 701.0042 | AD46: 754.97764 | AE46: 724.40005 | AF46: 754.42946 | AG46: 744.39414 | AH46: 634.30399 | AI46: 815.14484 | AJ46: 991.49687 | AK46: 1239.0225 | AL46: 759.72817 | AM46: 851.87563 | AN46: 552.71174 | AO46: 640.83142 | AP46: 576.37327 | AQ46: 746.2887 | AR46: 861.08511 | AS46: 938.24114 | AT46: 806.45034 | AU46: 915.08638 | AV46: 1046.5453 | AW46: 1702.5668 | AX46: 1697.5338 | AY46: 1444.4747 | AZ46: 1632.2811 | BA46: 1720.1363 | BB46: 1850.0471 | BC46: 1546.4145 | BD46: 1584.7153 | BE46: 1474.7544 | BF46: 1494.3926 | BG46: 1795.1901 | BH46: 1625.1286 | BI46: 1606.7282 | BJ46: 1325.554 | BK46: 1490.3473 | BL46: 1779.9779 | BM46: 1907.02 | BN46: 1694.5173 | BO46: 1747.6103 | BP46: 1842.625 | BQ46: 1837.0135 | BR46: 1833.5796 | BS46: 1754.1108 | BT46: 1521.8084 | BU46: 1594.7785 | BV46: 1699.2723 | BW46: 1706.5279 | BX46: 1910.4775 | BY46: 1639.7876 | BZ46: 1654.3634 | CA46: 1830.3942 | CB46: 1720.1694 | CC46: 2416.6761 | CD46: 2307.4553 | CE46: 2211.5024 | CF46: 2127.5798 | CG46: 2360.2393 | CH46: 2155.9108 | CI46: 2462.1353 | CJ46: 2747.4456 | CK46: 2554.5081 | CL46: 2452.0248 | CM46: 2588.013 | CN46: 2387.9963 | CO46: 2636.1218 | CP46: 2680.4469 | CQ46: 2739.475 | CR46: 3271.8038 | CS46: 3898.1353 | CT46: 3406.8733 | CU46: 3238.8824 | CV46: 3386.2174 | CW46: 2819.8969 | CX46: 3053.4413 | CY46: 3289.3688 | CZ46: 3076.3495 | DA46: 3417.2733 | DB46: 3101.3821 | DC46: 3286.6041 | DD46: 3510.6101 | DE46: 3506.0468 | DF46: 2771.822 | DG46: 2620.975 | DH46: 2915.1399 | DI46: 2317.9476 | DJ46: 2910.5016 | DK46: 2939.9067 | DL46: 2845.476 | DM46: 2665.3452 | DN46: 2493.1739 | DO46: 2760.9818 | DP46: 2829.9323 | DQ46: 3053.443 | DR46: 3759.2975 | DS46: 3907.9702 | DT46: 3930.8527 | DU46: 3710.2874 | DV46: 3696.0563 | DW46: 4401.4766 | DX46: 4709.337 | DY46: 4771.8297 | DZ46: 4878.6648 | EA46: 5152.5447 | EB46: 5068.8145 | EC46: 6044.0528 | ED46: 5336.2845 | EE46: 5418.7928 | EF46: 5626.9883 | EG46: 5254.079 | EH46: 4480.7734 | EI46: 4921.8031 | EJ46: 4696.1995 | EK46: 4415.3891 | EL46: 4251.9861 | EM46: 4508.455 | EN46: 4655.7351 | EO46: 5244.4627 | EP46: 4295.0078 | EQ46: 4547.1819 | ER46: 5141.0352 | ES46: 4818.1463 | ET46: 4591.2108 | EU46: 4683.1491 | EV46: 4587.4556 | EW46: 4492.4617 | EX46: 4379.4328 | EY46: 4285.2681 | EZ46: 4238.6328 | FA46: 4859.4971 | FB46: 4380.1627 | FC46: 4816.3896 | FD46: 3525.417 | FE46: 4415.6518 | FF46: 4657.3656 | FG46: 4470.4991 | FH46: 4549.2769 | FI46: 4846.2351 | FJ46: 3892.5583 | FK46: 4227.42 | FL46: 4267.2427 | FM46: 4377.4445 | FN46: 4533.9289 | FO46: 4957.7582 | FP46: 4602.6558 | FQ46: 5377.5899 | FR46: 5634.3167 | FS46: 5531.5635 | FT46: 5767.4687 | FU46: 5965.3233 | FV46: 6096.3073 | FW46: 7484.3378 | FX46: 7220.0333 | FY46: 8620.4005 | FZ46: 7909.276 | GA46: 7360.0302 | GB46: 7219.8269 | GC46: 7045.5684 | GD46: 7472.4781 | GE46: 7471.9471 | GF46: 6726.0891 | GG46: 6454.9948 | GH46: 6866.9431 | GI46: 7888.9296 | GJ46: 7758.8818 | GK46: 8094.3826 | GL46: 7404.2546 | GM46: 7633.6585 | GN46: 7973.3122 | GO46: 7208.5749 | GP46: 6341.5018 | GQ46: 6164.2826 | GR46: 6766.4109 | GS46: 6503.6192 | GT46: 5989.3184 | GU46: 6452.8736 | GV46: 6058.4872 | GW46: 7230.4735 | GX46: 6811.309 | GY46: 6635.6779 | GZ46: 6706.9559 | HA46: 6269.0315 | HB46: 6090.1889 | HC46: 5776.7248 | HD46: 5509.0493 | HE46: 5475.8811 | HF46: 5601.6473 | HG46: 5539.8701 | HH46: 5179.332 | HI46: 5484.3993 | HJ46: 4907.6851 | HK46: 5059.1454 | HL46: 5248.5038 | HM46: 5530.4893 | HN46: 5801.9278 | HO46: 6024.155 | HP46: 6084.7087 | HQ46: 6726.3445 | HR46: 6797.8329 | HS46: 7011.6847 | HT46: 6501.6127 | HU46: 6254.8068 | HV46: 6253.1493 | HW46: 6529.79 | HX46: 6098.3422 | HY46: 6020.7075 | HZ46: 6056.7479 | IA46: 5631.0858 | IB46: 5577.2458 | IC46: 5934.6291 | ID46: 5846.3946 | IE46: 5606.2984
A47: e.3.1 Depósitos otras sociedades de depósito | B47: 333.17 | C47: 425.13133 | D47: 418.93 | E47: 448.18 | F47: 363.22918 | G47: 486.75 | H47: 373.75 | I47: 442.69 | J47: 431.65588 | K47: 397.87 | L47: 427.19 | M47: 514.23 | N47: 425.45 | O47: 411.07 | P47: 488.54 | Q47: 405.02 | R47: 433.48 | S47: 470.12 | T47: 445.01 | U47: 513.17 | V47: 521.06 | W47: 459.81 | X47: 512.1 | Y47: 670.32 | Z47: 666.92564 | AA47: 684.4885 | AB47: 646.11715 | AC47: 687.79917 | AD47: 733.0656 | AE47: 680.71192 | AF47: 727.54194 | AG47: 720.06011 | AH47: 608.22656 | AI47: 787.09494 | AJ47: 959.32915 | AK47: 1191.1299 | AL47: 719.778 | AM47: 819.76963 | AN47: 519.35233 | AO47: 590.71806 | AP47: 527.97299 | AQ47: 691.36966 | AR47: 803.60887 | AS47: 888.70756 | AT47: 757.45079 | AU47: 869.49451 | AV47: 801.648 | AW47: 1389.9757 | AX47: 1277.9404 | AY47: 1107.9798 | AZ47: 1270.5731 | BA47: 1397.6247 | BB47: 1600.4553 | BC47: 1350.6027 | BD47: 1388.8679 | BE47: 1225.3952 | BF47: 1258.4976 | BG47: 1176.6996 | BH47: 1202.6661 | BI47: 1260.808 | BJ47: 981.10481 | BK47: 1116.0763 | BL47: 1418.0442 | BM47: 1537.4714 | BN47: 1269.3435 | BO47: 1221.7241 | BP47: 1278.2287 | BQ47: 1390.8136 | BR47: 1473.8368 | BS47: 1221.3291 | BT47: 1111.8256 | BU47: 1362.9828 | BV47: 1365.5493 | BW47: 1428.0253 | BX47: 1645.7564 | BY47: 1368.9977 | BZ47: 1213.0296 | CA47: 1323.1874 | CB47: 1275.5934 | CC47: 1785.6738 | CD47: 1603.581 | CE47: 1559.3588 | CF47: 1648.8641 | CG47: 2031.6718 | CH47: 1813.6181 | CI47: 2075.2677 | CJ47: 2198.8002 | CK47: 2163.4445 | CL47: 2071.1624 | CM47: 1924.1292 | CN47: 1810.878 | CO47: 1760.898 | CP47: 1619.075 | CQ47: 2164.3171 | CR47: 2500.5224 | CS47: 3301.6157 | CT47: 2578.3219 | CU47: 2452.0672 | CV47: 2743.9194 | CW47: 1994.4743 | CX47: 2147.8999 | CY47: 2343.2103 | CZ47: 2388.162 | DA47: 2641.0529 | DB47: 2427.8048 | DC47: 2146.1292 | DD47: 2360.3905 | DE47: 2696.9743 | DF47: 1938.2066 | DG47: 1813.5418 | DH47: 2194.2594 | DI47: 1520.9282 | DJ47: 2081.4099 | DK47: 1985.3527 | DL47: 1959.6739 | DM47: 1832.3812 | DN47: 1424.2306 | DO47: 1740.6927 | DP47: 1688.9535 | DQ47: 1927.4418 | DR47: 2844.1065 | DS47: 2930.5761 | DT47: 2985.085 | DU47: 2747.1593 | DV47: 2820.9705 | DW47: 3050.4852 | DX47: 3092.5062 | DY47: 3797.3445 | DZ47: 3969.4799 | EA47: 3739.2554 | EB47: 3669.0348 | EC47: 4824.9867 | ED47: 4286.3098 | EE47: 4311.1599 | EF47: 4734.0512 | EG47: 3990.1405 | EH47: 3387.1611 | EI47: 3826.904 | EJ47: 3506.547 | EK47: 3217.1343 | EL47: 2681.312 | EM47: 3042.1216 | EN47: 3166.6712 | EO47: 3904.1637 | EP47: 3180.3256 | EQ47: 3363.2575 | ER47: 3788.9796 | ES47: 3163.0933 | ET47: 2517.9064 | EU47: 2952.1009 | EV47: 2957.74 | EW47: 2885.9104 | EX47: 2621.1322 | EY47: 2579.6758 | EZ47: 2830.321 | FA47: 3171.8113 | FB47: 2710.5644 | FC47: 3272.2352 | FD47: 2350.6508 | FE47: 3063.2212 | FF47: 2914.9876 | FG47: 2923.4717 | FH47: 2915.4421 | FI47: 3028.358 | FJ47: 2703.4127 | FK47: 2797.0457 | FL47: 2528.6282 | FM47: 3527.1709 | FN47: 3266.1226 | FO47: 3428.1306 | FP47: 3057.0738 | FQ47: 3490.0935 | FR47: 3596.4765 | FS47: 3601.1053 | FT47: 3895.6561 | FU47: 4025.2183 | FV47: 4303.2866 | FW47: 5306.8364 | FX47: 4998.7524 | FY47: 6556.1001 | FZ47: 5608.5019 | GA47: 5055.1151 | GB47: 5334.1428 | GC47: 5142.6226 | GD47: 5469.0083 | GE47: 5110.4884 | GF47: 4897.3909 | GG47: 4654.567 | GH47: 4896.5702 | GI47: 5244.218 | GJ47: 4992.1794 | GK47: 5903.9929 | GL47: 5016.4053 | GM47: 5102.1605 | GN47: 5487.6716 | GO47: 4815.608 | GP47: 4490.5943 | GQ47: 4204.269 | GR47: 4573.5574 | GS47: 4453.2195 | GT47: 4094.7784 | GU47: 4018.7644 | GV47: 4059.7747 | GW47: 5454.8814 | GX47: 5098.6875 | GY47: 4862.6632 | GZ47: 5471.6544 | HA47: 4781.6599 | HB47: 4568.6388 | HC47: 4387.9429 | HD47: 4199.157 | HE47: 4182.9095 | HF47: 4090.1184 | HG47: 3877.5448 | HH47: 3695.7523 | HI47: 3889.8335 | HJ47: 3629.0253 | HK47: 3734.8738 | HL47: 4139.3056 | HM47: 4293.6531 | HN47: 4465.4625 | HO47: 4787.6601 | HP47: 4945.4212 | HQ47: 5567.0424 | HR47: 5528.7974 | HS47: 5615.5685 | HT47: 5047.8555 | HU47: 5241.7394 | HV47: 5233.7841 | HW47: 5427.6849 | HX47: 4950.2618 | HY47: 4891.313 | HZ47: 5073.5214 | IA47: 4483.3977 | IB47: 4424.0182 | IC47: 4777.4261 | ID47: 4867.6845 | IE47: 4625.4551
A48: e.3.2 Depósitos otras sociedades financieras (10) | B48: 14.41 | C48: 7.570522 | D48: 4.3 | E48: 5.28 | F48: 7.022894 | G48: 4.74 | H48: 11.14 | I48: 9.52 | J48: 4.767685 | K48: 5.39 | L48: 9.12 | M48: 4.92 | N48: 10.24 | O48: 8.94 | P48: 5.24 | Q48: 12.73 | R48: 13.68 | S48: 11.94 | T48: 15.21 | U48: 16.47 | V48: 14.75 | W48: 14.97 | X48: 15.47 | Y48: 21.92 | Z48: 96.401406 | AA48: 25.830178 | AB48: 25.032555 | AC48: 13.20503 | AD48: 21.91204 | AE48: 43.688128 | AF48: 26.887526 | AG48: 24.334028 | AH48: 26.077437 | AI48: 28.049898 | AJ48: 32.16772 | AK48: 47.892531 | AL48: 39.950168 | AM48: 32.105992 | AN48: 33.359404 | AO48: 50.113362 | AP48: 48.400284 | AQ48: 54.919042 | AR48: 57.476236 | AS48: 49.533576 | AT48: 48.99955 | AU48: 45.591871 | AV48: 244.89732 | AW48: 312.59109 | AX48: 419.59344 | AY48: 336.49495 | AZ48: 361.70799 | BA48: 322.51154 | BB48: 249.5918 | BC48: 195.81174 | BD48: 195.84748 | BE48: 249.35921 | BF48: 235.89498 | BG48: 618.49043 | BH48: 422.46249 | BI48: 345.9202 | BJ48: 344.44921 | BK48: 374.27095 | BL48: 361.93372 | BM48: 369.54858 | BN48: 425.17374 | BO48: 525.88622 | BP48: 564.39628 | BQ48: 446.19986 | BR48: 359.74285 | BS48: 532.78172 | BT48: 409.98276 | BU48: 231.79573 | BV48: 333.723 | BW48: 278.50256 | BX48: 264.72107 | BY48: 270.78984 | BZ48: 441.33383 | CA48: 507.20679 | CB48: 444.57599 | CC48: 631.00221 | CD48: 703.8743 | CE48: 652.14365 | CF48: 478.71571 | CG48: 328.56746 | CH48: 342.29267 | CI48: 386.86765 | CJ48: 548.64547 | CK48: 391.06361 | CL48: 380.86238 | CM48: 663.88375 | CN48: 577.11825 | CO48: 875.22371 | CP48: 1061.3718 | CQ48: 575.15787 | CR48: 771.28132 | CS48: 596.51963 | CT48: 828.55144 | CU48: 786.81526 | CV48: 642.29805 | CW48: 825.42259 | CX48: 905.54144 | CY48: 946.15844 | CZ48: 688.1875 | DA48: 776.22032 | DB48: 673.57723 | DC48: 1140.475 | DD48: 1150.2196 | DE48: 809.07257 | DF48: 833.61538 | DG48: 807.43314 | DH48: 720.88052 | DI48: 797.01941 | DJ48: 829.09175 | DK48: 954.55395 | DL48: 885.80207 | DM48: 832.96396 | DN48: 1068.9433 | DO48: 1020.2891 | DP48: 1140.9788 | DQ48: 1126.0012 | DR48: 915.19105 | DS48: 977.39407 | DT48: 945.76773 | DU48: 963.12809 | DV48: 875.08581 | DW48: 1350.9914 | DX48: 1616.8308 | DY48: 974.4852 | DZ48: 909.18494 | EA48: 1413.2894 | EB48: 1399.7797 | EC48: 1219.0661 | ED48: 1049.9747 | EE48: 1107.6329 | EF48: 892.93714 | EG48: 1263.9385 | EH48: 1093.6123 | EI48: 1094.8991 | EJ48: 1189.6525 | EK48: 1198.2548 | EL48: 1570.6741 | EM48: 1466.3333 | EN48: 1489.0639 | EO48: 1340.299 | EP48: 1114.6822 | EQ48: 1183.9244 | ER48: 1352.0555 | ES48: 1655.053 | ET48: 2073.3045 | EU48: 1731.0482 | EV48: 1629.7156 | EW48: 1606.5513 | EX48: 1758.3006 | EY48: 1705.5923 | EZ48: 1408.3117 | FA48: 1687.6858 | FB48: 1669.5983 | FC48: 1544.1543 | FD48: 1174.7661 | FE48: 1352.4306 | FF48: 1742.378 | FG48: 1547.0273 | FH48: 1633.8348 | FI48: 1817.8771 | FJ48: 1189.1456 | FK48: 1430.3743 | FL48: 1738.6145 | FM48: 850.27358 | FN48: 1267.8063 | FO48: 1529.6276 | FP48: 1545.5819 | FQ48: 1887.4965 | FR48: 2037.8402 | FS48: 1930.4582 | FT48: 1871.8125 | FU48: 1940.1051 | FV48: 1793.0207 | FW48: 2177.5014 | FX48: 2221.2809 | FY48: 2064.3004 | FZ48: 2300.7741 | GA48: 2304.9151 | GB48: 1885.6841 | GC48: 1902.9458 | GD48: 2003.4697 | GE48: 2361.4588 | GF48: 1828.6982 | GG48: 1800.4277 | GH48: 1970.3729 | GI48: 2644.7116 | GJ48: 2766.7025 | GK48: 2190.3898 | GL48: 2387.8493 | GM48: 2531.498 | GN48: 2485.6406 | GO48: 2392.9668 | GP48: 1850.9075 | GQ48: 1960.0136 | GR48: 2192.8535 | GS48: 2050.3997 | GT48: 1894.5401 | GU48: 2434.1093 | GV48: 1998.7125 | GW48: 1775.5922 | GX48: 1712.6215 | GY48: 1773.0147 | GZ48: 1235.3015 | HA48: 1487.3716 | HB48: 1521.5501 | HC48: 1388.782 | HD48: 1309.8923 | HE48: 1292.9716 | HF48: 1511.5289 | HG48: 1662.3253 | HH48: 1483.5797 | HI48: 1594.5658 | HJ48: 1278.6598 | HK48: 1324.2716 | HL48: 1109.1982 | HM48: 1236.8362 | HN48: 1336.4653 | HO48: 1236.4948 | HP48: 1139.2875 | HQ48: 1159.3021 | HR48: 1269.0355 | HS48: 1396.1161 | HT48: 1453.7572 | HU48: 1013.0674 | HV48: 1019.3652 | HW48: 1102.1052 | HX48: 1148.0804 | HY48: 1129.3945 | HZ48: 983.22648 | IA48: 1147.6881 | IB48: 1153.2276 | IC48: 1157.2031 | ID48: 978.7101 | IE48: 980.84334
